Workbook
Name \A: #REF!
Name \A: #REF!
Name \A: #REF!
Name \A: #REF!
Name \g: #REF!
Name \g: #REF!
Name \g: #REF!
Name \g: #REF!
Name \S: #REF!
Name \S: #REF!
Name \S: #REF!
Name \S: #REF!
Name ACTIVATE: #REF!
Name ACTIVATE: #REF!
Name ACTIVATE: #REF!
Name ACTIVATE: #REF!
Name ASSUMPT: #REF!
Name ASSUMPT: #REF!
Name ASSUMPT: #REF!
Name ASSUMPT: #REF!
Name ASSUMPTIONS: #REF!
Name ASSUMPTIONS: #REF!
Name ASSUMPTIONS: #REF!
Name ASSUMPTIONS: #REF!
Name basicdata1: #REF!
Name basicdata1: #REF!
Name basicdata1: #REF!
Name basicdata1: #REF!
Name basicdata2: #REF!
Name basicdata2: #REF!
Name basicdata2: #REF!
Name basicdata2: #REF!
Name BCA_NGDP: [5]Q6!$E$10:$AH$10
Name BMG: [5]Q6!$E$27:$AH$27
Name BOP: #REF!
Name BOP: #REF!
Name BOP: #REF!
Name BOP: #REF!
Name BXG: [5]Q6!$E$19:$AH$19
Name CAPITAL: #REF!
Name CAPITAL: #REF!
Name CAPITAL: #REF!
Name CAPITAL: #REF!
Name CARGO_BY_TYPE: '[6]Table No.18-Exports goods+servi'!#REF!
Name CARGO_BY_TYPE: '[6]Table No.18-Exports goods+servi'!#REF!
Name CARGO_BY_TYPE: '[6]Table No.18-Exports goods+servi'!#REF!
Name CARGO_BY_TYPE: '[6]Table No.18-Exports goods+servi'!#REF!
Name CCode: [7]Codes!$A$2
Name CENTRALG: #REF!
Name CENTRALG: #REF!
Name CENTRALG: #REF!
Name CENTRALG: #REF!
Name CFLOW: #REF!
Name CFLOW: #REF!
Name CFLOW: #REF!
Name CFLOW: #REF!
Name chart1: #REF!
Name chart1: #REF!
Name chart1: #REF!
Name chart1: #REF!

Sheet BPA
G1: Balanza de pagos, serie fusionada, 1939-2001 con exportaciones e importaciones de 1885 a 2001. | X1: II. Presentación Nacional Financiera, 1939-1949, NAFINSA (1974, p. 365) | AP1: III. Presentación INEGI Estadísticas históricas, 1950-1981, de Banco de México, Indicadores Económicos. | BH1: IV. Presentación Banco de México, 1980-2001, SIE
A2: Comprobación suma componentes | F2: Año | G2: Cuenta corriente | H2: CC Ingresos | I2: Ingresos de bienes | J2: Ingresos Servicios | K2: Ingresos Renta | L2: Ingresos Transferencias | M2: CC Egresos | N2: Egresos de bienes | O2: Egresos Servicios | P2: Egresos Renta | Q2: Egresos Transferencias | R2: Cuenta financiera o Cuenta de capital | S2: Derechos especiales de giro | T2: Errores y omisiones | U2: Variación de la reserva internacional bruta | V2: Ajustes por valoración | X2: Años | Y2: Cuenta corriente | Z2: CC Ingresos | AA2: Ingresos de bienes | AB2: Ingresos Servicios | AC2: Ingresos Renta | AD2: Ingresos Transferencias | AE2: CC Egresos | AF2: Egresos de bienes | AG2: Egresos Servicios | AH2: Egresos Renta | AI2: Egresos Transferencias | AJ2: Cuenta financiera o Cuenta de capital | AK2: Derechos especiales de giro | AL2: Errores y omisiones | AM2: Variación de la reserva internacional bruta | AN2: Ajustes por valoración | AP2: Años | AQ2: Cuenta corriente | AR2: CC Ingresos | AS2: Ingresos de bienes | AT2: Ingresos Servicios | AU2: Ingresos Renta | AV2: Ingresos Transferencias | AW2: CC Egresos | AX2: Egresos de bienes | AY2: Egresos Servicios | AZ2: Egresos Renta | BA2: Egresos Transferencias | BB2: Cuenta financiera o Cuenta de capital | BC2: Derechos especiales de giro | BD2: Errores y omisiones | BE2: Variación de la reserva internacional bruta | BF2: Ajustes por valoración | BH2: Años | BI2: Cuenta corriente | BJ2: CC Ingresos | BK2: Ingresos de bienes | BL2: Ingresos Servicios | BM2: Ingresos Renta | BN2: Ingresos Transferencias | BO2: CC Egresos | BP2: Egresos de bienes | BQ2: Egresos Servicios | BR2: Egresos Renta | BS2: Egresos Transferencias | BT2: Cuenta financiera o Cuenta de capital | BU2: Derechos especiales de giro | BV2: Errores y omisiones | BW2: Variación de la reserva internacional bruta | BX2: Ajustes por valoración
A5: - | B5: - | C5: - | D5: - | E5: - | F5: 1885 | G5: - | H5: - | I5: =BCA!B5 -> 33.497314 | J5: - | K5: - | L5: - | M5: - | N5: =BCA!E5 -> 16.247889 | O5: - | P5: - | Q5: - | R5: - | S5: - | T5: - | U5: - | V5: - | X5: 1885 | Y5: - | Z5: - | AA5: - | AB5: - | AC5: - | AD5: - | AE5: - | AF5: - | AG5: - | AH5: - | AI5: - | AJ5: - | AK5: - | AL5: - | AM5: - | AN5: - | AP5: 1885 | AQ5: - | AR5: - | AS5: - | AT5: - | AU5: - | AV5: - | AW5: - | AX5: - | AY5: - | AZ5: - | BA5: - | BB5: - | BC5: - | BD5: - | BE5: - | BF5: - | BH5: 1885 | BI5: - | BJ5: - | BK5: - | BL5: - | BM5: - | BN5: - | BO5: - | BP5: - | BQ5: - | BR5: - | BS5: - | BT5: - | BU5: - | BV5: - | BW5: - | BX5: -
A6: - | B6: - | C6: - | D6: - | E6: - | F6: 1886 | G6: - | H6: - | I6: =BCA!B6 -> 37.752111 | J6: - | K6: - | L6: - | M6: - | N6: =BCA!E6 -> nd | O6: - | P6: - | Q6: - | R6: - | S6: - | T6: - | U6: - | V6: - | X6: 1886 | Y6: - | Z6: - | AA6: - | AB6: - | AC6: - | AD6: - | AE6: - | AF6: - | AG6: - | AH6: - | AI6: - | AJ6: - | AK6: - | AL6: - | AM6: - | AN6: - | AP6: 1886 | AQ6: - | AR6: - | AS6: - | AT6: - | AU6: - | AV6: - | AW6: - | AX6: - | AY6: - | AZ6: - | BA6: - | BB6: - | BC6: - | BD6: - | BE6: - | BF6: - | BH6: 1886 | BI6: - | BJ6: - | BK6: - | BL6: - | BM6: - | BN6: - | BO6: - | BP6: - | BQ6: - | BR6: - | BS6: - | BT6: - | BU6: - | BV6: - | BW6: - | BX6: -
A7: - | B7: - | C7: - | D7: - | E7: - | F7: 1887 | G7: - | H7: - | I7: =BCA!B7 -> 37.222081 | J7: - | K7: - | L7: - | M7: - | N7: =BCA!E7 -> 27.879014 | O7: - | P7: - | Q7: - | R7: - | S7: - | T7: - | U7: - | V7: - | X7: 1887 | Y7: - | Z7: - | AA7: - | AB7: - | AC7: - | AD7: - | AE7: - | AF7: - | AG7: - | AH7: - | AI7: - | AJ7: - | AK7: - | AL7: - | AM7: - | AN7: - | AP7: 1887 | AQ7: - | AR7: - | AS7: - | AT7: - | AU7: - | AV7: - | AW7: - | AX7: - | AY7: - | AZ7: - | BA7: - | BB7: - | BC7: - | BD7: - | BE7: - | BF7: - | BH7: 1887 | BI7: - | BJ7: - | BK7: - | BL7: - | BM7: - | BN7: - | BO7: - | BP7: - | BQ7: - | BR7: - | BS7: - | BT7: - | BU7: - | BV7: - | BW7: - | BX7: -
A8: - | B8: - | C8: - | D8: - | E8: - | F8: 1888 | G8: - | H8: - | I8: =BCA!B8 -> 44.866128 | J8: - | K8: - | L8: - | M8: - | N8: =BCA!E8 -> 29.832194 | O8: - | P8: - | Q8: - | R8: - | S8: - | T8: - | U8: - | V8: - | X8: 1888 | Y8: - | Z8: - | AA8: - | AB8: - | AC8: - | AD8: - | AE8: - | AF8: - | AG8: - | AH8: - | AI8: - | AJ8: - | AK8: - | AL8: - | AM8: - | AN8: - | AP8: 1888 | AQ8: - | AR8: - | AS8: - | AT8: - | AU8: - | AV8: - | AW8: - | AX8: - | AY8: - | AZ8: - | BA8: - | BB8: - | BC8: - | BD8: - | BE8: - | BF8: - | BH8: 1888 | BI8: - | BJ8: - | BK8: - | BL8: - | BM8: - | BN8: - | BO8: - | BP8: - | BQ8: - | BR8: - | BS8: - | BT8: - | BU8: - | BV8: - | BW8: - | BX8: -
A9: - | B9: - | C9: - | D9: - | E9: - | F9: 1889 | G9: - | H9: - | I9: =BCA!B9 -> 45.955147 | J9: - | K9: - | L9: - | M9: - | N9: =BCA!E9 -> 38.235294 | O9: - | P9: - | Q9: - | R9: - | S9: - | T9: - | U9: - | V9: - | X9: 1889 | Y9: - | Z9: - | AA9: - | AB9: - | AC9: - | AD9: - | AE9: - | AF9: - | AG9: - | AH9: - | AI9: - | AJ9: - | AK9: - | AL9: - | AM9: - | AN9: - | AP9: 1889 | AQ9: - | AR9: - | AS9: - | AT9: - | AU9: - | AV9: - | AW9: - | AX9: - | AY9: - | AZ9: - | BA9: - | BB9: - | BC9: - | BD9: - | BE9: - | BF9: - | BH9: 1889 | BI9: - | BJ9: - | BK9: - | BL9: - | BM9: - | BN9: - | BO9: - | BP9: - | BQ9: - | BR9: - | BS9: - | BT9: - | BU9: - | BV9: - | BW9: - | BX9: -
A10: - | B10: - | C10: - | D10: - | E10: - | F10: 1890 | G10: - | H10: - | I10: =BCA!B10 -> 51.166577 | J10: - | K10: - | L10: - | M10: - | N10: =BCA!E10 -> nd | O10: - | P10: - | Q10: - | R10: - | S10: - | T10: - | U10: - | V10: - | X10: 1890 | Y10: - | Z10: - | AA10: - | AB10: - | AC10: - | AD10: - | AE10: - | AF10: - | AG10: - | AH10: - | AI10: - | AJ10: - | AK10: - | AL10: - | AM10: - | AN10: - | AP10: 1890 | AQ10: - | AR10: - | AS10: - | AT10: - | AU10: - | AV10: - | AW10: - | AX10: - | AY10: - | AZ10: - | BA10: - | BB10: - | BC10: - | BD10: - | BE10: - | BF10: - | BH10: 1890 | BI10: - | BJ10: - | BK10: - | BL10: - | BM10: - | BN10: - | BO10: - | BP10: - | BQ10: - | BR10: - | BS10: - | BT10: - | BU10: - | BV10: - | BW10: - | BX10: -
A11: - | B11: - | C11: - | D11: - | E11: - | F11: 1891 | G11: - | H11: - | I11: =BCA!B11 -> 57.755357 | J11: - | K11: - | L11: - | M11: - | N11: =BCA!E11 -> nd | O11: - | P11: - | Q11: - | R11: - | S11: - | T11: - | U11: - | V11: - | X11: 1891 | Y11: - | Z11: - | AA11: - | AB11: - | AC11: - | AD11: - | AE11: - | AF11: - | AG11: - | AH11: - | AI11: - | AJ11: - | AK11: - | AL11: - | AM11: - | AN11: - | AP11: 1891 | AQ11: - | AR11: - | AS11: - | AT11: - | AU11: - | AV11: - | AW11: - | AX11: - | AY11: - | AZ11: - | BA11: - | BB11: - | BC11: - | BD11: - | BE11: - | BF11: - | BH11: 1891 | BI11: - | BJ11: - | BK11: - | BL11: - | BM11: - | BN11: - | BO11: - | BP11: - | BQ11: - | BR11: - | BS11: - | BT11: - | BU11: - | BV11: - | BW11: - | BX11: -
A12: - | B12: - | C12: - | D12: - | E12: - | F12: 1892 | G12: - | H12: - | I12: =BCA!B12 -> 59.689988 | J12: - | K12: - | L12: - | M12: - | N12: =BCA!E12 -> 29.423729 | O12: - | P12: - | Q12: - | R12: - | S12: - | T12: - | U12: - | V12: - | X12: 1892 | Y12: - | Z12: - | AA12: - | AB12: - | AC12: - | AD12: - | AE12: - | AF12: - | AG12: - | AH12: - | AI12: - | AJ12: - | AK12: - | AL12: - | AM12: - | AN12: - | AP12: 1892 | AQ12: - | AR12: - | AS12: - | AT12: - | AU12: - | AV12: - | AW12: - | AX12: - | AY12: - | AZ12: - | BA12: - | BB12: - | BC12: - | BD12: - | BE12: - | BF12: - | BH12: 1892 | BI12: - | BJ12: - | BK12: - | BL12: - | BM12: - | BN12: - | BO12: - | BP12: - | BQ12: - | BR12: - | BS12: - | BT12: - | BU12: - | BV12: - | BW12: - | BX12: -
A13: - | B13: - | C13: - | D13: - | E13: - | F13: 1893 | G13: - | H13: - | I13: =BCA!B13 -> 48.445131 | J13: - | K13: - | L13: - | M13: - | N13: =BCA!E13 -> 18.326613 | O13: - | P13: - | Q13: - | R13: - | S13: - | T13: - | U13: - | V13: - | X13: 1893 | Y13: - | Z13: - | AA13: - | AB13: - | AC13: - | AD13: - | AE13: - | AF13: - | AG13: - | AH13: - | AI13: - | AJ13: - | AK13: - | AL13: - | AM13: - | AN13: - | AP13: 1893 | AQ13: - | AR13: - | AS13: - | AT13: - | AU13: - | AV13: - | AW13: - | AX13: - | AY13: - | AZ13: - | BA13: - | BB13: - | BC13: - | BD13: - | BE13: - | BF13: - | BH13: 1893 | BI13: - | BJ13: - | BK13: - | BL13: - | BM13: - | BN13: - | BO13: - | BP13: - | BQ13: - | BR13: - | BS13: - | BT13: - | BU13: - | BV13: - | BW13: - | BX13: -
A14: - | B14: - | C14: - | D14: - | E14: - | F14: 1894 | G14: - | H14: - | I14: =BCA!B14 -> 48.561248 | J14: - | K14: - | L14: - | M14: - | N14: =BCA!E14 -> 17.376491 | O14: - | P14: - | Q14: - | R14: - | S14: - | T14: - | U14: - | V14: - | X14: 1894 | Y14: - | Z14: - | AA14: - | AB14: - | AC14: - | AD14: - | AE14: - | AF14: - | AG14: - | AH14: - | AI14: - | AJ14: - | AK14: - | AL14: - | AM14: - | AN14: - | AP14: 1894 | AQ14: - | AR14: - | AS14: - | AT14: - | AU14: - | AV14: - | AW14: - | AX14: - | AY14: - | AZ14: - | BA14: - | BB14: - | BC14: - | BD14: - | BE14: - | BF14: - | BH14: 1894 | BI14: - | BJ14: - | BK14: - | BL14: - | BM14: - | BN14: - | BO14: - | BP14: - | BQ14: - | BR14: - | BS14: - | BT14: - | BU14: - | BV14: - | BW14: - | BX14: -
A15: - | B15: - | C15: - | D15: - | E15: - | F15: 1895 | G15: - | H15: - | I15: =BCA!B15 -> 57.729329 | J15: - | K15: - | L15: - | M15: - | N15: =BCA!E15 -> 22.195015 | O15: - | P15: - | Q15: - | R15: - | S15: - | T15: - | U15: - | V15: - | X15: 1895 | Y15: - | Z15: - | AA15: - | AB15: - | AC15: - | AD15: - | AE15: - | AF15: - | AG15: - | AH15: - | AI15: - | AJ15: - | AK15: - | AL15: - | AM15: - | AN15: - | AP15: 1895 | AQ15: - | AR15: - | AS15: - | AT15: - | AU15: - | AV15: - | AW15: - | AX15: - | AY15: - | AZ15: - | BA15: - | BB15: - | BC15: - | BD15: - | BE15: - | BF15: - | BH15: 1895 | BI15: - | BJ15: - | BK15: - | BL15: - | BM15: - | BN15: - | BO15: - | BP15: - | BQ15: - | BR15: - | BS15: - | BT15: - | BU15: - | BV15: - | BW15: - | BX15: -
A16: - | B16: - | C16: - | D16: - | E16: - | F16: 1896 | G16: - | H16: - | I16: =BCA!B16 -> 61.82892 | J16: - | K16: - | L16: - | M16: - | N16: =BCA!E16 -> 22.152231 | O16: - | P16: - | Q16: - | R16: - | S16: - | T16: - | U16: - | V16: - | X16: 1896 | Y16: - | Z16: - | AA16: - | AB16: - | AC16: - | AD16: - | AE16: - | AF16: - | AG16: - | AH16: - | AI16: - | AJ16: - | AK16: - | AL16: - | AM16: - | AN16: - | AP16: 1896 | AQ16: - | AR16: - | AS16: - | AT16: - | AU16: - | AV16: - | AW16: - | AX16: - | AY16: - | AZ16: - | BA16: - | BB16: - | BC16: - | BD16: - | BE16: - | BF16: - | BH16: 1896 | BI16: - | BJ16: - | BK16: - | BL16: - | BM16: - | BN16: - | BO16: - | BP16: - | BQ16: - | BR16: - | BS16: - | BT16: - | BU16: - | BV16: - | BW16: - | BX16: -
... A39: - | B39: - | C39: - | D39: - | E39: - | F39: 1919 | G39: - | H39: - | I39: =BCA!B39 -> 203.42065 | J39: - | K39: - | L39: - | M39: - | N39: =BCA!E39 -> 119.41478 | O39: - | P39: - | Q39: - | R39: - | S39: - | T39: - | U39: - | V39: - | X39: 1919 | Y39: - | Z39: - | AA39: - | AB39: - | AC39: - | AD39: - | AE39: - | AF39: - | AG39: - | AH39: - | AI39: - | AJ39: - | AK39: - | AL39: - | AM39: - | AN39: - | AP39: 1919 | AQ39: - | AR39: - | AS39: - | AT39: - | AU39: - | AV39: - | AW39: - | AX39: - | AY39: - | AZ39: - | BA39: - | BB39: - | BC39: - | BD39: - | BE39: - | BF39: - | BH39: 1919 | BI39: - | BJ39: - | BK39: - | BL39: - | BM39: - | BN39: - | BO39: - | BP39: - | BQ39: - | BR39: - | BS39: - | BT39: - | BU39: - | BV39: - | BW39: - | BX39: -
A40: - | B40: - | C40: - | D40: - | E40: - | F40: 1920 | G40: - | H40: - | I40: =BCA!B40 -> 425.4 | J40: - | K40: - | L40: - | M40: - | N40: =BCA!E40 -> 197.5 | O40: - | P40: - | Q40: - | R40: - | S40: - | T40: - | U40: - | V40: - | X40: 1920 | Y40: - | Z40: - | AA40: - | AB40: - | AC40: - | AD40: - | AE40: - | AF40: - | AG40: - | AH40: - | AI40: - | AJ40: - | AK40: - | AL40: - | AM40: - | AN40: - | AP40: 1920 | AQ40: - | AR40: - | AS40: - | AT40: - | AU40: - | AV40: - | AW40: - | AX40: - | AY40: - | BA40: - | BB40: - | BC40: - | BD40: - | BE40: - | BF40: - | BH40: 1920 | BI40: - | BJ40: - | BK40: - | BL40: - | BM40: - | BN40: - | BO40: - | BP40: - | BQ40: - | BR40: - | BS40: - | BT40: - | BU40: - | BV40: - | BW40: - | BX40: -
A41: - | B41: - | C41: - | D41: - | E41: - | F41: 1921 | G41: - | H41: - | I41: =BCA!B41 -> 376 | J41: - | K41: - | L41: - | M41: - | N41: =BCA!E41 -> 241.7 | O41: - | P41: - | Q41: - | R41: - | S41: - | T41: - | U41: - | V41: - | X41: 1921 | Y41: - | Z41: - | AA41: - | AB41: - | AC41: - | AD41: - | AE41: - | AF41: - | AG41: - | AH41: - | AI41: - | AJ41: - | AK41: - | AL41: - | AM41: - | AN41: - | AP41: 1921 | AQ41: - | AR41: - | AS41: - | AT41: - | AU41: - | AV41: - | AW41: - | AX41: - | AY41: - | BA41: - | BB41: - | BC41: - | BD41: - | BE41: - | BF41: - | BH41: 1921 | BI41: - | BJ41: - | BK41: - | BL41: - | BM41: - | BN41: - | BO41: - | BP41: - | BQ41: - | BR41: - | BS41: - | BT41: - | BU41: - | BV41: - | BW41: - | BX41: -
A42: - | B42: - | C42: - | D42: - | E42: - | F42: 1922 | G42: - | H42: - | I42: =BCA!B42 -> 314.1 | J42: - | K42: - | L42: - | M42: - | N42: =BCA!E42 -> 150.7 | O42: - | P42: - | Q42: - | R42: - | S42: - | T42: - | U42: - | V42: - | X42: 1922 | Y42: - | Z42: - | AA42: - | AB42: - | AC42: - | AD42: - | AE42: - | AF42: - | AG42: - | AH42: - | AI42: - | AJ42: - | AK42: - | AL42: - | AM42: - | AN42: - | AP42: 1922 | AQ42: - | AR42: - | AS42: - | AT42: - | AU42: - | AV42: - | AW42: - | AX42: - | AY42: - | BA42: - | BB42: - | BC42: - | BD42: - | BE42: - | BF42: - | BH42: 1922 | BI42: - | BJ42: - | BK42: - | BL42: - | BM42: - | BN42: - | BO42: - | BP42: - | BQ42: - | BR42: - | BS42: - | BT42: - | BU42: - | BV42: - | BW42: - | BX42: -
A43: - | B43: - | C43: - | D43: - | E43: - | F43: 1923 | G43: - | H43: - | I43: =BCA!B43 -> 275.7 | J43: - | K43: - | L43: - | M43: - | N43: =BCA!E43 -> 152.9 | O43: - | P43: - | Q43: - | R43: - | S43: - | T43: - | U43: - | V43: - | X43: 1923 | Y43: - | Z43: - | AA43: - | AB43: - | AC43: - | AD43: - | AE43: - | AF43: - | AG43: - | AH43: - | AI43: - | AJ43: - | AK43: - | AL43: - | AM43: - | AN43: - | AP43: 1923 | AQ43: - | AR43: - | AS43: - | AT43: - | AU43: - | AV43: - | AW43: - | AX43: - | AY43: - | BA43: - | BB43: - | BC43: - | BD43: - | BE43: - | BF43: - | BH43: 1923 | BI43: - | BJ43: - | BK43: - | BL43: - | BM43: - | BN43: - | BO43: - | BP43: - | BQ43: - | BR43: - | BS43: - | BT43: - | BU43: - | BV43: - | BW43: - | BX43: -
A44: - | B44: - | C44: - | D44: - | E44: - | F44: 1924 | G44: - | H44: - | I44: =BCA!B44 -> 297.1 | J44: - | K44: - | L44: - | M44: - | N44: =BCA!E44 -> 155.1 | O44: - | P44: - | Q44: - | R44: - | S44: - | T44: - | U44: - | V44: - | X44: 1924 | Y44: - | Z44: - | AA44: - | AB44: - | AC44: - | AD44: - | AE44: - | AF44: - | AG44: - | AH44: - | AI44: - | AJ44: - | AK44: - | AL44: - | AM44: - | AN44: - | AP44: 1924 | AQ44: - | AR44: - | AS44: - | AT44: - | AU44: - | AV44: - | AW44: - | AX44: - | AY44: - | BA44: - | BB44: - | BC44: - | BD44: - | BE44: - | BF44: - | BH44: 1924 | BI44: - | BJ44: - | BK44: - | BL44: - | BM44: - | BN44: - | BO44: - | BP44: - | BQ44: - | BR44: - | BS44: - | BT44: - | BU44: - | BV44: - | BW44: - | BX44: -
A45: - | B45: - | C45: - | D45: - | E45: - | F45: 1925 | G45: - | H45: - | I45: =BCA!B45 -> 336 | J45: - | K45: - | L45: - | M45: - | N45: =BCA!E45 -> 192.6 | O45: - | P45: - | Q45: - | R45: - | S45: - | T45: - | U45: - | V45: - | X45: 1925 | Y45: - | Z45: - | AA45: - | AB45: - | AC45: - | AD45: - | AE45: - | AF45: - | AG45: - | AH45: - | AI45: - | AJ45: - | AK45: - | AL45: - | AM45: - | AN45: - | AP45: 1925 | AQ45: - | AR45: - | AS45: - | AT45: - | AU45: - | AV45: - | AW45: - | AX45: - | AY45: - | BA45: - | BB45: - | BC45: - | BD45: - | BE45: - | BF45: - | BH45: 1925 | BI45: - | BJ45: - | BK45: - | BL45: - | BM45: - | BN45: - | BO45: - | BP45: - | BQ45: - | BR45: - | BS45: - | BT45: - | BU45: - | BV45: - | BW45: - | BX45: -
A46: - | B46: - | C46: - | D46: - | E46: - | F46: 1926 | G46: - | H46: - | I46: =BCA!B46 -> 334.3 | J46: - | K46: - | L46: - | M46: - | N46: =BCA!E46 -> 184.1 | O46: - | P46: - | Q46: - | R46: - | S46: - | T46: - | U46: - | V46: - | X46: 1926 | Y46: - | Z46: - | AA46: - | AB46: - | AC46: - | AD46: - | AE46: - | AF46: - | AG46: - | AH46: - | AI46: - | AJ46: - | AK46: - | AL46: - | AM46: - | AN46: - | AP46: 1926 | AQ46: - | AR46: - | AS46: - | AT46: - | AU46: - | AV46: - | AW46: - | AX46: - | AY46: - | BA46: - | BB46: - | BC46: - | BD46: - | BE46: - | BF46: - | BH46: 1926 | BI46: - | BJ46: - | BK46: - | BL46: - | BM46: - | BN46: - | BO46: - | BP46: - | BQ46: - | BR46: - | BS46: - | BT46: - | BU46: - | BV46: - | BW46: - | BX46: -
A47: - | B47: - | C47: - | D47: - | E47: - | F47: 1927 | G47: - | H47: - | I47: =BCA!B47 -> 299.1 | J47: - | K47: - | L47: - | M47: - | N47: =BCA!E47 -> 163.2 | O47: - | P47: - | Q47: - | R47: - | S47: - | T47: - | U47: - | V47: - | X47: 1927 | Y47: - | Z47: - | AA47: - | AB47: - | AC47: - | AD47: - | AE47: - | AF47: - | AG47: - | AH47: - | AI47: - | AJ47: - | AK47: - | AL47: - | AM47: - | AN47: - | AP47: 1927 | AQ47: - | AR47: - | AS47: - | AT47: - | AU47: - | AV47: - | AW47: - | AX47: - | AY47: - | BA47: - | BB47: - | BC47: - | BD47: - | BE47: - | BF47: - | BH47: 1927 | BI47: - | BJ47: - | BK47: - | BL47: - | BM47: - | BN47: - | BO47: - | BP47: - | BQ47: - | BR47: - | BS47: - | BT47: - | BU47: - | BV47: - | BW47: - | BX47: -
A48: - | B48: - | C48: - | D48: - | E48: - | F48: 1928 | G48: - | H48: - | I48: =BCA!B48 -> 284.6 | J48: - | K48: - | L48: - | M48: - | N48: =BCA!E48 -> 172.1 | O48: - | P48: - | Q48: - | R48: - | S48: - | T48: - | U48: - | V48: - | X48: 1928 | Y48: - | Z48: - | AA48: - | AB48: - | AC48: - | AD48: - | AE48: - | AF48: - | AG48: - | AH48: - | AI48: - | AJ48: - | AK48: - | AL48: - | AM48: - | AN48: - | AP48: 1928 | AQ48: - | AR48: - | AS48: - | AT48: - | AU48: - | AV48: - | AW48: - | AX48: - | AY48: - | BA48: - | BB48: - | BC48: - | BD48: - | BE48: - | BF48: - | BH48: 1928 | BI48: - | BJ48: - | BK48: - | BL48: - | BM48: - | BN48: - | BO48: - | BP48: - | BQ48: - | BR48: - | BS48: - | BT48: - | BU48: - | BV48: - | BW48: - | BX48: -
A49: - | B49: - | C49: - | D49: - | E49: - | F49: 1929 | G49: - | H49: - | I49: =BCA!B49 -> 274.9 | J49: - | K49: - | L49: - | M49: - | N49: =BCA!E49 -> 177.7 | O49: - | P49: - | Q49: - | R49: - | S49: - | T49: - | U49: - | V49: - | X49: 1929 | Y49: - | Z49: - | AA49: - | AB49: - | AC49: - | AD49: - | AE49: - | AF49: - | AG49: - | AH49: - | AI49: - | AJ49: - | AK49: - | AL49: - | AM49: - | AN49: - | AP49: 1929 | AQ49: - | AR49: - | AS49: - | AT49: - | AU49: - | AV49: - | AW49: - | AX49: - | AY49: - | BA49: - | BB49: - | BC49: - | BD49: - | BE49: - | BF49: - | BH49: 1929 | BI49: - | BJ49: - | BK49: - | BL49: - | BM49: - | BN49: - | BO49: - | BP49: - | BQ49: - | BR49: - | BS49: - | BT49: - | BU49: - | BV49: - | BW49: - | BX49: -
A50: - | B50: - | C50: - | D50: - | E50: - | F50: 1930 | G50: - | H50: - | I50: =BCA!B50 -> 203.1 | J50: - | K50: - | L50: - | M50: - | N50: =BCA!E50 -> 154.9 | O50: - | P50: - | Q50: - | R50: - | S50: - | T50: - | U50: - | V50: - | X50: 1930 | Y50: - | Z50: - | AA50: - | AB50: - | AC50: - | AD50: - | AE50: - | AF50: - | AG50: - | AH50: - | AI50: - | AJ50: - | AK50: - | AL50: - | AM50: - | AN50: - | AP50: 1930 | AQ50: - | AR50: - | AS50: - | AT50: - | AU50: - | AV50: - | AW50: - | AX50: - | AY50: - | BA50: - | BB50: - | BC50: - | BD50: - | BE50: - | BF50: - | BH50: 1930 | BI50: - | BJ50: - | BK50: - | BL50: - | BM50: - | BN50: - | BO50: - | BP50: - | BQ50: - | BR50: - | BS50: - | BT50: - | BU50: - | BV50: - | BW50: - | BX50: -
A51: - | B51: - | C51: - | D51: - | E51: - | F51: 1931 | G51: - | H51: - | I51: =BCA!B51 -> 150.9 | J51: - | K51: - | L51: - | M51: - | N51: =BCA!E51 -> 81.9 | O51: - | P51: - | Q51: - | R51: - | S51: - | T51: - | U51: - | V51: - | X51: 1931 | Y51: - | Z51: - | AA51: - | AB51: - | AC51: - | AD51: - | AE51: - | AF51: - | AG51: - | AH51: - | AI51: - | AJ51: - | AK51: - | AL51: - | AM51: - | AN51: - | AP51: 1931 | AQ51: - | AR51: - | AS51: - | AT51: - | AU51: - | AV51: - | AW51: - | AX51: - | AY51: - | BA51: - | BB51: - | BC51: - | BD51: - | BE51: - | BF51: - | BH51: 1931 | BI51: - | BJ51: - | BK51: - | BL51: - | BM51: - | BN51: - | BO51: - | BP51: - | BQ51: - | BR51: - | BS51: - | BT51: - | BU51: - | BV51: - | BW51: - | BX51: -
... A58: - | B58: - | C58: - | D58: - | E58: - | F58: 1938 | G58: - | H58: - | I58: =BCA!B58 -> 185.4 | J58: - | K58: - | L58: - | M58: - | N58: =BCA!E58 -> 109.3 | O58: - | P58: - | Q58: - | R58: - | S58: - | T58: - | U58: - | V58: - | X58: 1938 | Y58: - | Z58: - | AA58: - | AB58: - | AC58: - | AD58: - | AE58: - | AF58: - | AG58: - | AH58: - | AI58: - | AJ58: - | AK58: - | AL58: - | AM58: - | AN58: - | AP58: 1938 | AQ58: - | AR58: - | AS58: - | AT58: - | AU58: - | AV58: - | AW58: - | AX58: - | AY58: - | BA58: - | BB58: - | BC58: - | BD58: - | BE58: - | BF58: - | BH58: 1938 | BI58: - | BJ58: - | BK58: - | BL58: - | BM58: - | BN58: - | BO58: - | BP58: - | BQ58: - | BR58: - | BS58: - | BT58: - | BU58: - | BV58: - | BW58: - | BX58: -
A59: =G59+R59+T59+ S59-U59-V59 -> 1.1546319e-14 | B59: =H59-M59-G59 -> 0 | C59: =H59-I59-J59-K59-L59 -> 1.4210855e-14 | D59: =N59+O59+P59+Q59-M59 -> 0 | E59: =U59-G59-(R59+T59)-S59+V59 -> -7.1054274e-15 | F59: 1939 | G59: =Y59 -> 39.4 | H59: =Z59 -> 216.1 | I59: =AA59 -> 163.4 | J59: =AB59 -> 48.7 | K59: =AC59 -> 4 | L59: =AD59 -> 0 | M59: =AE59 -> 176.7 | N59: =AF59 -> 128.2 | ... P59: =AH59 -> 21.5 | Q59: 0 | R59: =AJ59 -> 39.5 | S59: 0 | T59: =AL59 -> -83.6 | U59: =AM59 -> -4.7 | V59: 0 | X59: 1939 | Y59: 39.4 | Z59: 216.1 | AA59: 163.4 | AB59: 48.7 | AC59: 4 | AD59: 0 | AE59: 176.7 | AF59: 128.2 | AG59: 27 | AH59: =AE59-AF59-AG59 -> 21.5 | AI59: - | AJ59: 39.5 | AK59: - | AL59: -83.6 | AM59: -4.7 | AN59: - | AP59: 1939 | AQ59: - | AR59: - | AS59: - | AT59: - | AU59: - | AV59: - | AW59: - | AX59: - | AY59: - | BA59: - | BB59: - | BC59: - | BD59: - | BE59: - | BF59: - | BH59: 1939 | BI59: - | BJ59: - | BK59: - | BL59: - | BM59: - | BN59: - | BO59: - | BP59: - | BQ59: - | BR59: - | BS59: - | BT59: - | BU59: - | BV59: - | BW59: - | BX59: -
A60: =G60+R60+T60+ S60-U60-V60 -> 3.5527137e-15 | B60: =H60-M60-G60 -> 0 | C60: =H60-I60-J60-K60-L60 -> -2.6645353e-15 | D60: =N60+O60+P60+Q60-M60 -> 0 | E60: =U60-G60-(R60+T60)-S60+V60 -> -2.6645353e-15 | F60: 1940 | G60: =Y60 -> 22.6 | H60: =Z60 -> 213.9 | I60: =AA60 -> 159.8 | J60: =AB60 -> 50.3 | K60: =AC60 -> 3.8 | L60: =AD60 -> 0 | M60: =AE60 -> 191.3 | N60: =AF60 -> 132.4 | ... P60: =AH60 -> 30.9 | Q60: 0 | R60: =AJ60 -> 2.5 | S60: 0 | T60: =AL60 -> 0.8 | U60: =AM60 -> 25.9 | V60: 0 | X60: 1940 | Y60: 22.6 | Z60: 213.9 | AA60: 159.8 | AB60: 50.3 | AC60: 3.8 | AD60: 0 | AE60: 191.3 | AF60: 132.4 | AG60: 28 | AH60: =AE60-AF60-AG60 -> 30.9 | AI60: - | AJ60: 2.5 | AK60: - | AL60: 0.8 | AM60: 25.9 | AN60: - | AP60: 1940 | AQ60: - | AR60: - | AS60: - | AT60: - | AU60: - | AV60: - | AW60: - | AX60: - | AY60: - | BA60: - | BB60: - | BC60: - | BD60: - | BE60: - | BF60: - | BH60: 1940 | BI60: - | BJ60: - | BK60: - | BL60: - | BM60: - | BN60: - | BO60: - | BP60: - | BQ60: - | BR60: - | BS60: - | BT60: - | BU60: - | BV60: - | BW60: - | BX60: -
A61: =G61+R61+T61+ S61-U61-V61 -> 2.6645353e-15 | B61: =H61-M61-G61 -> -3.5527137e-14 | C61: =H61-I61-J61-K61-L61 -> -8.437695e-15 | D61: =N61+O61+P61+Q61-M61 -> 0 | E61: =U61-G61-(R61+T61)-S61+V61 -> 0 | F61: 1941 | G61: =Y61 -> -28.9 | H61: =Z61 -> 243.2 | I61: =AA61 -> 176.5 | J61: =AB61 -> 62.8 | K61: =AC61 -> 3.9 | L61: =AD61 -> 0 | M61: =AE61 -> 272.1 | N61: =AF61 -> 199.5 | ... P61: =AH61 -> 41.3 | Q61: 0 | R61: =AJ61 -> 11.6 | S61: 0 | T61: =AL61 -> 15.1 | U61: =AM61 -> -2.2 | V61: 0 | X61: 1941 | Y61: -28.9 | Z61: 243.2 | AA61: 176.5 | AB61: 62.8 | AC61: 3.9 | AD61: 0 | AE61: 272.1 | AF61: 199.5 | AG61: 31.3 | AH61: =AE61-AF61-AG61 -> 41.3 | AI61: - | AJ61: 11.6 | AK61: - | AL61: 15.1 | AM61: -2.2 | AN61: - | AP61: 1941 | AQ61: - | AR61: - | AS61: - | AT61: - | AU61: - | AV61: - | AW61: - | AX61: - | AY61: - | BA61: - | BB61: - | BC61: - | BD61: - | BE61: - | BF61: - | BH61: 1941 | BI61: - | BJ61: - | BK61: - | BL61: - | BM61: - | BN61: - | BO61: - | BP61: - | BQ61: - | BR61: - | BS61: - | BT61: - | BU61: - | BV61: - | BW61: - | BX61: -
A62: =G62+R62+T62+ S62-U62-V62 -> 0 | B62: =H62-M62-G62 -> 0 | C62: =H62-I62-J62-K62-L62 -> 4.4408921e-15 | D62: =N62+O62+P62+Q62-M62 -> 0 | E62: =U62-G62-(R62+T62)-S62+V62 -> -3.5527137e-15 | F62: 1942 | G62: =Y62 -> 12.3 | H62: =Z62 -> 272.5 | I62: =AA62 -> 207.5 | J62: =AB62 -> 59.2 | K62: =AC62 -> 5.8 | L62: =AD62 -> 0 | M62: =AE62 -> 260.2 | N62: =AF62 -> 172.2 | ... P62: =AH62 -> 52.2 | Q62: 0 | R62: =AJ62 -> 18.2 | S62: 0 | T62: =AL62 -> 9.3 | U62: =AM62 -> 39.8 | V62: 0 | X62: 1942 | Y62: 12.3 | Z62: 272.5 | AA62: 207.5 | AB62: 59.2 | AC62: 5.8 | AD62: 0 | AE62: 260.2 | AF62: 172.2 | AG62: 35.8 | AH62: =AE62-AF62-AG62 -> 52.2 | AI62: - | AJ62: 18.2 | AK62: - | AL62: 9.3 | AM62: 39.8 | AN62: - | AP62: 1942 | AQ62: - | AR62: - | AS62: - | AT62: - | AU62: - | AV62: - | AW62: - | AX62: - | AY62: - | BA62: - | BB62: - | BC62: - | BD62: - | BE62: - | BF62: - | BH62: 1942 | BI62: - | BJ62: - | BK62: - | BL62: - | BM62: - | BN62: - | BO62: - | BP62: - | BQ62: - | BR62: - | BS62: - | BT62: - | BU62: - | BV62: - | BW62: - | BX62: -
A63: =G63+R63+T63+ S63-U63-V63 -> 0 | B63: =H63-M63-G63 -> 0 | C63: =H63-I63-J63-K63-L63 -> 5.6843419e-14 | D63: =N63+O63+P63+Q63-M63 -> 0 | E63: =U63-G63-(R63+T63)-S63+V63 -> -1.0658141e-14 | F63: 1943 | G63: =Y63 -> 109.8 | H63: =Z63 -> 410.1 | I63: =AA63 -> 291.6 | J63: =AB63 -> 73 | K63: =AC63 -> 9.2 | L63: =AD63 -> 36.3 | M63: =AE63 -> 300.3 | N63: =AF63 -> 212.2 | ... P63: =AH63 -> 50.4 | Q63: 0 | R63: =AJ63 -> -4.7 | S63: 0 | T63: =AL63 -> 35.1 | U63: =AM63 -> 140.2 | V63: 0 | X63: 1943 | Y63: 109.8 | Z63: 410.1 | AA63: 291.6 | AB63: 73 | AC63: 9.2 | AD63: 36.3 | AE63: 300.3 | AF63: 212.2 | AG63: 37.7 | AH63: =AE63-AF63-AG63 -> 50.4 | AI63: - | AJ63: -4.7 | AK63: - | AL63: 35.1 | AM63: 140.2 | AN63: - | AP63: 1943 | AQ63: - | AR63: - | AS63: - | AT63: - | AU63: - | AV63: - | AW63: - | AX63: - | AY63: - | BA63: - | BB63: - | BC63: - | BD63: - | BE63: - | BF63: - | BH63: 1943 | BI63: - | BJ63: - | BK63: - | BL63: - | BM63: - | BN63: - | BO63: - | BP63: - | BQ63: - | BR63: - | BS63: - | BT63: - | BU63: - | BV63: - | BW63: - | BX63: -
A64: =G64+R64+T64+ S64-U64-V64 -> 0 | B64: =H64-M64-G64 -> 0 | C64: =H64-I64-J64-K64-L64 -> 0 | D64: =N64+O64+P64+Q64-M64 -> 0 | E64: =U64-G64-(R64+T64)-S64+V64 -> 0 | F64: 1944 | G64: =Y64 -> 32.7 | H64: =Z64 -> 432.2 | I64: =AA64 -> 283.7 | J64: =AB64 -> 86 | K64: =AC64 -> 12.1 | L64: =AD64 -> 50.4 | M64: =AE64 -> 399.5 | N64: =AF64 -> 311 | ... P64: =AH64 -> 45 | Q64: 0 | R64: =AJ64 -> 28.5 | S64: 0 | T64: =AL64 -> -23.5 | U64: =AM64 -> 37.7 | V64: 0 | X64: 1944 | Y64: 32.7 | Z64: 432.2 | AA64: 283.7 | AB64: 86 | AC64: 12.1 | AD64: 50.4 | AE64: 399.5 | AF64: 311 | AG64: 43.5 | AH64: =AE64-AF64-AG64 -> 45 | AI64: - | AJ64: 28.5 | AK64: - | AL64: -23.5 | AM64: 37.7 | AN64: - | AP64: 1944 | AQ64: - | AR64: - | AS64: - | AT64: - | AU64: - | AV64: - | AW64: - | AX64: - | AY64: - | BA64: - | BB64: - | BC64: - | BD64: - | BE64: - | BF64: - | BH64: 1944 | BI64: - | BJ64: - | BK64: - | BL64: - | BM64: - | BN64: - | BO64: - | BP64: - | BQ64: - | BR64: - | BS64: - | BT64: - | BU64: - | BV64: - | BW64: - | BX64: -
A65: =G65+R65+T65+ S65-U65-V65 -> 0 | B65: =H65-M65-G65 -> -3.5527137e-14 | C65: =H65-I65-J65-K65-L65 -> 0 | D65: =N65+O65+P65+Q65-M65 -> 0 | E65: =U65-G65-(R65+T65)-S65+V65 -> 1.4210855e-14 | F65: 1945 | G65: =Y65 -> 22.1 | H65: =Z65 -> 500.7 | I65: =AA65 -> 320.8 | J65: =AB65 -> 110.7 | K65: =AC65 -> 14.1 | L65: =AD65 -> 55.1 | M65: =AE65 -> 478.6 | N65: =AF65 -> 372.5 | ... P65: =AH65 -> 46.3 | Q65: 0 | R65: =AJ65 -> 7.6 | S65: 0 | T65: =AL65 -> 61.7 | U65: =AM65 -> 91.4 | V65: 0 | X65: 1945 | Y65: 22.1 | Z65: 500.7 | AA65: 320.8 | AB65: 110.7 | AC65: 14.1 | AD65: 55.1 | AE65: 478.6 | AF65: 372.5 | AG65: 59.8 | AH65: =AE65-AF65-AG65 -> 46.3 | AI65: - | AJ65: 7.6 | AK65: - | AL65: 61.7 | AM65: 91.4 | AN65: - | AP65: 1945 | AQ65: - | AR65: - | AS65: - | AT65: - | AU65: - | AV65: - | AW65: - | AX65: - | AY65: - | BA65: - | BB65: - | BC65: - | BD65: - | BE65: - | BF65: - | BH65: 1945 | BI65: - | BJ65: - | BK65: - | BL65: - | BM65: - | BN65: - | BO65: - | BP65: - | BQ65: - | BR65: - | BS65: - | BT65: - | BU65: - | BV65: - | BW65: - | BX65: -
A66: =G66+R66+T66+ S66-U66-V66 -> 1.4210855e-14 | B66: =H66-M66-G66 -> 0 | C66: =H66-I66-J66-K66-L66 -> 0 | D66: =N66+O66+P66+Q66-M66 -> 0 | E66: =U66-G66-(R66+T66)-S66+V66 -> 0 | F66: 1946 | G66: =Y66 -> -160 | H66: =Z66 -> 570.1 | I66: =AA66 -> 368.5 | J66: =AB66 -> 151.6 | K66: =AC66 -> 16.1 | L66: =AD66 -> 33.9 | M66: =AE66 -> 730.1 | N66: =AF66 -> 600.6 | ... P66: =AH66 -> 64.7 | Q66: 0 | R66: =AJ66 -> 35.9 | S66: 0 | T66: =AL66 -> 23.7 | U66: =AM66 -> -100.4 | V66: 0 | X66: 1946 | Y66: -160 | Z66: 570.1 | AA66: 368.5 | AB66: 151.6 | AC66: 16.1 | AD66: 33.9 | AE66: 730.1 | AF66: 600.6 | AG66: 64.8 | AH66: =AE66-AF66-AG66 -> 64.7 | AI66: - | AJ66: 35.9 | AK66: - | AL66: 23.7 | AM66: -100.4 | AN66: - | AP66: 1946 | AQ66: - | AR66: - | AS66: - | AT66: - | AU66: - | AV66: - | AW66: - | AX66: - | AY66: - | BA66: - | BB66: - | BC66: - | BD66: - | BE66: - | BF66: - | BH66: 1946 | BI66: - | BJ66: - | BK66: - | BL66: - | BM66: - | BN66: - | BO66: - | BP66: - | BQ66: - | BR66: - | BS66: - | BT66: - | BU66: - | BV66: - | BW66: - | BX66: -
A67: =G67+R67+T67+ S67-U67-V67 -> 0 | B67: =H67-M67-G67 -> 0 | C67: =H67-I67-J67-K67-L67 -> -3.1974423e-14 | D67: =N67+O67+P67+Q67-M67 -> 0 | E67: =U67-G67-(R67+T67)-S67+V67 -> 0 | F67: 1947 | G67: =Y67 -> -147 | H67: =Z67 -> 713.9 | I67: =AA67 -> 483 | J67: =AB67 -> 147.3 | K67: =AC67 -> 54.4 | L67: =AD67 -> 29.2 | M67: =AE67 -> 860.9 | N67: =AF67 -> 720.3 | ... P67: =AH67 -> 75.6 | Q67: 0 | R67: =AJ67 -> 51.6 | S67: 0 | T67: =AL67 -> -15.1 | U67: =AM67 -> -110.5 | V67: 0 | X67: 1947 | Y67: -147 | Z67: 713.9 | AA67: 483 | AB67: 147.3 | AC67: 54.4 | AD67: 29.2 | AE67: 860.9 | AF67: 720.3 | AG67: 65 | AH67: =AE67-AF67-AG67 -> 75.6 | AI67: - | AJ67: 51.6 | AK67: - | AL67: -15.1 | AM67: -110.5 | AN67: - | AP67: 1947 | AQ67: - | AR67: - | AS67: - | AT67: - | AU67: - | AV67: - | AW67: - | AX67: - | AY67: - | BA67: - | BB67: - | BC67: - | BD67: - | BE67: - | BF67: - | BH67: 1947 | BI67: - | BJ67: - | BK67: - | BL67: - | BM67: - | BN67: - | BO67: - | BP67: - | BQ67: - | BR67: - | BS67: - | BT67: - | BU67: - | BV67: - | BW67: - | BX67: -
A68: =G68+R68+T68+ S68-U68-V68 -> -7.1054274e-15 | B68: =H68-M68-G68 -> 0 | C68: =H68-I68-J68-K68-L68 -> 0 | D68: =N68+O68+P68+Q68-M68 -> 0 | E68: =U68-G68-(R68+T68)-S68+V68 -> 0 | F68: 1948 | G68: =Y68 -> -49.6 | H68: =Z68 -> 715.5 | I68: =AA68 -> 473.1 | J68: =AB68 -> 194.7 | K68: =AC68 -> 26.1 | L68: =AD68 -> 21.6 | M68: =AE68 -> 765.1 | N68: =AF68 -> 591.4 | ... P68: =AH68 -> 82.6 | Q68: 0 | R68: =AJ68 -> 17.2 | S68: 0 | T68: =AL68 -> -8.2 | U68: =AM68 -> -40.6 | V68: 0 | X68: 1948 | Y68: -49.6 | Z68: 715.5 | AA68: 473.1 | AB68: 194.7 | AC68: 26.1 | AD68: 21.6 | AE68: 765.1 | AF68: 591.4 | AG68: 91.1 | AH68: =AE68-AF68-AG68 -> 82.6 | AI68: - | AJ68: 17.2 | AK68: - | AL68: -8.2 | AM68: -40.6 | AN68: - | AP68: 1948 | AQ68: - | AR68: - | AS68: - | AT68: - | AU68: - | AV68: - | AW68: - | AX68: - | AY68: - | BA68: - | BB68: - | BC68: - | BD68: - | BE68: - | BF68: - | BH68: 1948 | BI68: - | BJ68: - | BK68: - | BL68: - | BM68: - | BN68: - | BO68: - | BP68: - | BQ68: - | BR68: - | BS68: - | BT68: - | BU68: - | BV68: - | BW68: - | BX68: -
A69: =G69+R69+T69+ S69-U69-V69 -> -7.1054274e-15 | B69: =H69-M69-G69 -> 0 | C69: =H69-I69-J69-K69-L69 -> 3.5527137e-14 | D69: =N69+O69+P69+Q69-M69 -> 0 | E69: =U69-G69-(R69+T69)-S69+V69 -> 0 | F69: 1949 | G69: =Y69 -> 72.5 | H69: =Z69 -> 701.1 | I69: =AA69 -> 455.9 | J69: =AB69 -> 186.4 | K69: =AC69 -> 41.2 | L69: =AD69 -> 17.6 | M69: =AE69 -> 628.6 | N69: =AF69 -> 514.4 | ... P69: =AH69 -> 59.6 | Q69: 0 | R69: =AJ69 -> 17.6 | S69: 0 | T69: =AL69 -> -45.6 | U69: =AM69 -> 44.5 | V69: 0 | X69: 1949 | Y69: 72.5 | Z69: 701.1 | AA69: 455.9 | AB69: 186.4 | AC69: 41.2 | AD69: 17.6 | AE69: 628.6 | AF69: 514.4 | AG69: 54.6 | AH69: =AE69-AF69-AG69 -> 59.6 | AI69: - | AJ69: 17.6 | AK69: - | AL69: -45.6 | AM69: 44.5 | AN69: - | AP69: 1949 | AQ69: - | AR69: - | AS69: - | AT69: - | AU69: - | AV69: - | AW69: - | AX69: - | AY69: - | BA69: - | BB69: - | BC69: - | BD69: - | BE69: - | BF69: - | BH69: 1949 | BI69: - | BJ69: - | BK69: - | BL69: - | BM69: - | BN69: - | BO69: - | BP69: - | BQ69: - | BR69: - | BS69: - | BT69: - | BU69: - | BV69: - | BW69: - | BX69: -
A70: =G70+R70+T70+ S70-U70-V70 -> -2.8421709e-14 | B70: =H70-M70-G70 -> 0 | C70: =H70-I70-J70-K70-L70 -> 0 | D70: =N70+O70+P70+Q70-M70 -> 0 | E70: =U70-G70-(R70+T70)-S70+V70 -> 1.4210855e-14 | F70: 1950 | G70: =AQ70 -> 163.1 | H70: =AR70 -> 994.1 | I70: =AS70 -> 699.4 | J70: =AT70 -> 232.8 | K70: =AU70 -> 23.4 | L70: =AV70 -> 38.5 | M70: =AW70 -> 831 | N70: =AX70 -> 556.4 | ... U70: =BE70 -> 171.9 | V70: 0 | X70: 1950 | Y70: - | Z70: - | AA70: - | AB70: - | AC70: - | AD70: - | AE70: - | AF70: - | AG70: - | AH70: - | AI70: - | AJ70: - | AK70: - | AL70: - | AM70: - | AN70: - | AP70: 1950 | AQ70: 163.1 | AR70: 994.1 | AS70: 699.4 | AT70: 232.8 | AU70: 23.4 | AV70: 38.5 | AW70: 831 | AX70: 556.4 | AY70: 196.7 | AZ70: 72.4 | BA70: 5.5 | BB70: 53 | BC70: 0 | BD70: -44.2 | BE70: 171.9 | BF70: - | BH70: 1950 | BI70: - | BJ70: - | BK70: - | BL70: - | BM70: - | BN70: - | BO70: - | BP70: - | BQ70: - | BR70: - | BS70: - | BT70: - | BU70: - | BV70: - | BW70: - | BX70: -
A71: =G71+R71+T71+ S71-U71-V71 -> 0.1 | B71: =H71-M71-G71 -> 0.1 | C71: =H71-I71-J71-K71-L71 -> 0.1 | D71: =N71+O71+P71+Q71-M71 -> 0.1 | E71: =U71-G71-(R71+T71)-S71+V71 -> -0.1 | F71: 1951 | G71: =AQ71 -> -203.3 | H71: =AR71 -> 1042.6 | I71: =AS71 -> 720.1 | J71: =AT71 -> 259.2 | K71: =AU71 -> 22.3 | L71: =AV71 -> 40.9 | M71: =AW71 -> 1245.8 | N71: =AX71 -> 936 | ... U71: =BE71 -> -7.6 | V71: 0 | X71: 1951 | Y71: - | Z71: - | AA71: - | AB71: - | AC71: - | AD71: - | AE71: - | AF71: - | AG71: - | AH71: - | AI71: - | AJ71: - | AK71: - | AL71: - | AM71: - | AN71: - | AP71: 1951 | AQ71: -203.3 | AR71: 1042.6 | AS71: 720.1 | AT71: 259.2 | AU71: 22.3 | AV71: 40.9 | AW71: 1245.8 | AX71: 936 | AY71: 223.4 | AZ71: 80.8 | BA71: 5.7 | BB71: 55.2 | BC71: 0 | BD71: 140.6 | BE71: -7.6 | BF71: - | BH71: 1951 | BI71: - | BJ71: - | BK71: - | BL71: - | BM71: - | BN71: - | BO71: - | BP71: - | BQ71: - | BR71: - | BS71: - | BT71: - | BU71: - | BV71: - | BW71: - | BX71: -
A72: =G72+R72+T72+ S72-U72-V72 -> 0.1 | B72: =H72-M72-G72 -> -0.1 | C72: =H72-I72-J72-K72-L72 -> -0.1 | D72: =N72+O72+P72+Q72-M72 -> -0.1 | E72: =U72-G72-(R72+T72)-S72+V72 -> -0.1 | F72: 1952 | G72: =AQ72 -> -213.1 | H72: =AR72 -> 1070.8 | I72: =AS72 -> 729.4 | J72: =AT72 -> 278 | K72: =AU72 -> 27.1 | L72: =AV72 -> 36.4 | M72: =AW72 -> 1284 | N72: =AX72 -> 945.7 | ... U72: =BE72 -> -20.6 | V72: 0 | X72: 1952 | Y72: - | Z72: - | AA72: - | AB72: - | AC72: - | AD72: - | AE72: - | AF72: - | AG72: - | AH72: - | AI72: - | AJ72: - | AK72: - | AL72: - | AM72: - | AN72: - | AP72: 1952 | AQ72: -213.1 | AR72: 1070.8 | AS72: 729.4 | AT72: 278 | AU72: 27.1 | AV72: 36.4 | AW72: 1284 | AX72: 945.7 | AY72: 233.2 | AZ72: 99.2 | BA72: 5.8 | BB72: 35.4 | BC72: 0 | BD72: 157.2 | BE72: -20.6 | BF72: - | BH72: 1952 | BI72: - | BJ72: - | BK72: - | BL72: - | BM72: - | BN72: - | BO72: - | BP72: - | BQ72: - | BR72: - | BS72: - | BT72: - | BU72: - | BV72: - | BW72: - | BX72: -
A73: =G73+R73+T73+ S73-U73-V73 -> 0.1 | B73: =H73-M73-G73 -> -0.1 | C73: =H73-I73-J73-K73-L73 -> -0.1 | D73: =N73+O73+P73+Q73-M73 -> -0.1 | E73: =U73-G73-(R73+T73)-S73+V73 -> -0.1 | F73: 1953 | G73: =AQ73 -> -204.4 | H73: =AR73 -> 1016.1 | I73: =AS73 -> 638.1 | J73: =AT73 -> 310.6 | K73: =AU73 -> 25.5 | L73: =AV73 -> 42 | M73: =AW73 -> 1220.6 | N73: =AX73 -> 835.8 | ... U73: =BE73 -> -41.8 | V73: 0 | X73: 1953 | Y73: - | Z73: - | AA73: - | AB73: - | AC73: - | AD73: - | AE73: - | AF73: - | AG73: - | AH73: - | AI73: - | AJ73: - | AK73: - | AL73: - | AM73: - | AN73: - | AP73: 1953 | AQ73: -204.4 | AR73: 1016.1 | AS73: 638.1 | AT73: 310.6 | AU73: 25.5 | AV73: 42 | AW73: 1220.6 | AX73: 835.8 | AY73: 265 | AZ73: 112.7 | BA73: 7 | BB73: 35.2 | BC73: 0 | BD73: 127.5 | BE73: -41.8 | BF73: - | BH73: 1953 | BI73: - | BJ73: - | BK73: - | BL73: - | BM73: - | BN73: - | BO73: - | BP73: - | BQ73: - | BR73: - | BS73: - | BT73: - | BU73: - | BV73: - | BW73: - | BX73: -
A74: =G74+R74+T74+ S74-U74-V74 -> -0.1 | B74: =H74-M74-G74 -> 0 | C74: =H74-I74-J74-K74-L74 -> 1.1368684e-13 | D74: =N74+O74+P74+Q74-M74 -> 0 | E74: =U74-G74-(R74+T74)-S74+V74 -> 0.1 | F74: 1954 | G74: =AQ74 -> -227.5 | H74: =AR74 -> 1092 | I74: =AS74 -> 674.1 | J74: =AT74 -> 332.4 | K74: =AU74 -> 48 | L74: =AV74 -> 37.5 | M74: =AW74 -> 1319.5 | N74: =AX74 -> 894.3 | ... U74: =BE74 -> -26 | V74: 0 | X74: 1954 | Y74: - | Z74: - | AA74: - | AB74: - | AC74: - | AD74: - | AE74: - | AF74: - | AG74: - | AH74: - | AI74: - | AJ74: - | AK74: - | AL74: - | AM74: - | AN74: - | AP74: 1954 | AQ74: -227.5 | AR74: 1092 | AS74: 674.1 | AT74: 332.4 | AU74: 48 | AV74: 37.5 | AW74: 1319.5 | AX74: 894.3 | AY74: 295.7 | AZ74: 116.9 | BA74: 12.6 | BB74: 28.9 | BC74: 0 | BD74: 172.5 | BE74: -26 | BF74: - | BH74: 1954 | BI74: - | BJ74: - | BK74: - | BL74: - | BM74: - | BN74: - | BO74: - | BP74: - | BQ74: - | BR74: - | BS74: - | BT74: - | BU74: - | BV74: - | BW74: - | BX74: -
A75: =G75+R75+T75+ S75-U75-V75 -> 0.1 | B75: =H75-M75-G75 -> 4.5519144e-14 | C75: =H75-I75-J75-K75-L75 -> -0.1 | D75: =N75+O75+P75+Q75-M75 -> 0.1 | E75: =U75-G75-(R75+T75)-S75+V75 -> -0.1 | F75: 1955 | G75: =AQ75 -> 1.7 | H75: =AR75 -> 1329 | I75: =AS75 -> 859.5 | J75: =AT75 -> 379.8 | K75: =AU75 -> 57.7 | L75: =AV75 -> 32.1 | M75: =AW75 -> 1327.3 | N75: =AX75 -> 883.9 | ... U75: =BE75 -> 201.5 | V75: 0 | X75: 1955 | Y75: - | Z75: - | AA75: - | AB75: - | AC75: - | AD75: - | AE75: - | AF75: - | AG75: - | AH75: - | AI75: - | AJ75: - | AK75: - | AL75: - | AM75: - | AN75: - | AP75: 1955 | AQ75: 1.7 | AR75: 1329 | AS75: 859.5 | AT75: 379.8 | AU75: 57.7 | AV75: 32.1 | AW75: 1327.3 | AX75: 883.9 | AY75: 291.2 | AZ75: 143.5 | BA75: 8.8 | BB75: 163.2 | BC75: 0 | BD75: 36.7 | BE75: 201.5 | BF75: - | BH75: 1955 | BI75: - | BJ75: - | BK75: - | BL75: - | BM75: - | BN75: - | BO75: - | BP75: - | BQ75: - | BR75: - | BS75: - | BT75: - | BU75: - | BV75: - | BW75: - | BX75: -
A76: =G76+R76+T76+ S76-U76-V76 -> 0.1 | B76: =H76-M76-G76 -> 0 | C76: =H76-I76-J76-K76-L76 -> -0.1 | D76: =N76+O76+P76+Q76-M76 -> -0.1 | E76: =U76-G76-(R76+T76)-S76+V76 -> -0.1 | F76: 1956 | G76: =AQ76 -> -183.1 | H76: =AR76 -> 1395.2 | I76: =AS76 -> 874.6 | J76: =AT76 -> 411.5 | K76: =AU76 -> 63.4 | L76: =AV76 -> 45.8 | M76: =AW76 -> 1578.3 | N76: =AX76 -> 1071.6 | ... U76: =BE76 -> 61.2 | V76: 0 | X76: 1956 | Y76: - | Z76: - | AA76: - | AB76: - | AC76: - | AD76: - | AE76: - | AF76: - | AG76: - | AH76: - | AI76: - | AJ76: - | AK76: - | AL76: - | AM76: - | AN76: - | AP76: 1956 | AQ76: -183.1 | AR76: 1395.2 | AS76: 874.6 | AT76: 411.5 | AU76: 63.4 | AV76: 45.8 | AW76: 1578.3 | AX76: 1071.6 | AY76: 328 | AZ76: 169.7 | BA76: 8.9 | BB76: 82.6 | BC76: 0 | BD76: 161.8 | BE76: 61.2 | BF76: - | BH76: 1956 | BI76: - | BJ76: - | BK76: - | BL76: - | BM76: - | BN76: - | BO76: - | BP76: - | BQ76: - | BR76: - | BS76: - | BT76: - | BU76: - | BV76: - | BW76: - | BX76: -
A77: =G77+R77+T77+ S77-U77-V77 -> -0.1 | B77: =H77-M77-G77 -> 0.1 | C77: =H77-I77-J77-K77-L77 -> 0.1 | D77: =N77+O77+P77+Q77-M77 -> 0 | E77: =U77-G77-(R77+T77)-S77+V77 -> 0.1 | F77: 1957 | G77: =AQ77 -> -359.9 | H77: =AR77 -> 1326.9 | I77: =AS77 -> 777.4 | J77: =AT77 -> 442.1 | K77: =AU77 -> 66.1 | L77: =AV77 -> 41.2 | M77: =AW77 -> 1686.7 | N77: =AX77 -> 1161.5 | ... U77: =BE77 -> -13.5 | V77: 0 | X77: 1957 | Y77: - | Z77: - | AA77: - | AB77: - | AC77: - | AD77: - | AE77: - | AF77: - | AG77: - | AH77: - | AI77: - | AJ77: - | AK77: - | AL77: - | AM77: - | AN77: - | AP77: 1957 | AQ77: -359.9 | AR77: 1326.9 | AS77: 777.4 | AT77: 442.1 | AU77: 66.1 | AV77: 41.2 | AW77: 1686.7 | AX77: 1161.5 | AY77: 353.5 | AZ77: 166.9 | BA77: 4.8 | BB77: 163.7 | BC77: 0 | BD77: 182.6 | BE77: -13.5 | BF77: - | BH77: 1957 | BI77: - | BJ77: - | BK77: - | BL77: - | BM77: - | BN77: - | BO77: - | BP77: - | BQ77: - | BR77: - | BS77: - | BT77: - | BU77: - | BV77: - | BW77: - | BX77: -
A78: =G78+R78+T78+ S78-U78-V78 -> -0.1 | B78: =H78-M78-G78 -> 0 | C78: =H78-I78-J78-K78-L78 -> -7.8159701e-14 | D78: =N78+O78+P78+Q78-M78 -> 0.1 | E78: =U78-G78-(R78+T78)-S78+V78 -> 0.1 | F78: 1958 | G78: =AQ78 -> -385.5 | H78: =AR78 -> 1320.8 | I78: =AS78 -> 758.2 | J78: =AT78 -> 449.7 | K78: =AU78 -> 68.5 | L78: =AV78 -> 44.4 | M78: =AW78 -> 1706.3 | N78: =AX78 -> 1164.9 | ... U78: =BE78 -> -77.2 | V78: 0 | X78: 1958 | Y78: - | Z78: - | AA78: - | AB78: - | AC78: - | AD78: - | AE78: - | AF78: - | AG78: - | AH78: - | AI78: - | AJ78: - | AK78: - | AL78: - | AM78: - | AN78: - | AP78: 1958 | AQ78: -385.5 | AR78: 1320.8 | AS78: 758.2 | AT78: 449.7 | AU78: 68.5 | AV78: 44.4 | AW78: 1706.3 | AX78: 1164.9 | AY78: 352.3 | AZ78: 182.9 | BA78: 6.3 | BB78: 98.7 | BC78: 0 | BD78: 209.5 | BE78: -77.2 | BF78: - | BH78: 1958 | BI78: - | BJ78: - | BK78: - | BL78: - | BM78: - | BN78: - | BO78: - | BP78: - | BQ78: - | BR78: - | BS78: - | BT78: - | BU78: - | BV78: - | BW78: - | BX78: -
A79: =G79+R79+T79+ S79-U79-V79 -> 1.4210855e-14 | B79: =H79-M79-G79 -> 0 | C79: =H79-I79-J79-K79-L79 -> 0 | D79: =N79+O79+P79+Q79-M79 -> -0.1 | E79: =U79-G79-(R79+T79)-S79+V79 -> 0 | F79: 1959 | G79: =AQ79 -> -232.1 | H79: =AR79 -> 1402.7 | I79: =AS79 -> 780.7 | J79: =AT79 -> 499.1 | K79: =AU79 -> 75.8 | L79: =AV79 -> 47.1 | M79: =AW79 -> 1634.8 | N79: =AX79 -> 1035.3 | ... U79: =BE79 -> 56 | V79: 0 | X79: 1959 | Y79: - | Z79: - | AA79: - | AB79: - | AC79: - | AD79: - | AE79: - | AF79: - | AG79: - | AH79: - | AI79: - | AJ79: - | AK79: - | AL79: - | AM79: - | AN79: - | AP79: 1959 | AQ79: -232.1 | AR79: 1402.7 | AS79: 780.7 | AT79: 499.1 | AU79: 75.8 | AV79: 47.1 | AW79: 1634.8 | AX79: 1035.3 | AY79: 380.7 | AZ79: 210.1 | BA79: 8.6 | BB79: 114.8 | BC79: 0 | BD79: 173.3 | BE79: 56 | BF79: - | BH79: 1959 | BI79: - | BJ79: - | BK79: - | BL79: - | BM79: - | BN79: - | BO79: - | BP79: - | BQ79: - | BR79: - | BS79: - | BT79: - | BU79: - | BV79: - | BW79: - | BX79: -
A80: =G80+R80+T80+ S80-U80-V80 -> 3.375078e-14 | B80: =H80-M80-G80 -> 0 | C80: =H80-I80-J80-K80-L80 -> -0.1 | D80: =N80+O80+P80+Q80-M80 -> 0 | E80: =U80-G80-(R80+T80)-S80+V80 -> -5.6843419e-14 | F80: 1960 | G80: =AQ80 -> -419.7 | H80: =AR80 -> 1444 | I80: =AS80 -> 805.7 | J80: =AT80 -> 518.2 | K80: =AU80 -> 71.3 | L80: =AV80 -> 48.9 | M80: =AW80 -> 1863.7 | N80: =AX80 -> 1211.3 | ... U80: =BE80 -> -8.6 | V80: 0 | X80: 1960 | Y80: - | Z80: - | AA80: - | AB80: - | AC80: - | AD80: - | AE80: - | AF80: - | AG80: - | AH80: - | AI80: - | AJ80: - | AK80: - | AL80: - | AM80: - | AN80: - | AP80: 1960 | AQ80: -419.7 | AR80: 1444 | AS80: 805.7 | AT80: 518.2 | AU80: 71.3 | AV80: 48.9 | AW80: 1863.7 | AX80: 1211.3 | AY80: 398.9 | AZ80: 237.6 | BA80: 15.9 | BB80: 275.6 | BC80: 0 | BD80: 135.5 | BE80: -8.6 | BF80: - | BH80: 1960 | BI80: - | BJ80: - | BK80: - | BL80: - | BM80: - | BN80: - | BO80: - | BP80: - | BQ80: - | BR80: - | BS80: - | BT80: - | BU80: - | BV80: - | BW80: - | BX80: -
A81: =G81+R81+T81+ S81-U81-V81 -> 1.4210855e-14 | B81: =H81-M81-G81 -> 0 | C81: =H81-I81-J81-K81-L81 -> -0.1 | D81: =N81+O81+P81+Q81-M81 -> -0.1 | E81: =U81-G81-(R81+T81)-S81+V81 -> 0 | F81: 1961 | G81: =AQ81 -> -343.7 | H81: =AR81 -> 1508.5 | I81: =AS81 -> 842.8 | J81: =AT81 -> 545.4 | K81: =AU81 -> 75.1 | L81: =AV81 -> 45.3 | M81: =AW81 -> 1852.2 | N81: =AX81 -> 1165.2 | ... U81: =BE81 -> -21.5 | V81: 0 | X81: 1961 | Y81: - | Z81: - | AA81: - | AB81: - | AC81: - | AD81: - | AE81: - | AF81: - | AG81: - | AH81: - | AI81: - | AJ81: - | AK81: - | AL81: - | AM81: - | AN81: - | AP81: 1961 | AQ81: -343.7 | AR81: 1508.5 | AS81: 842.8 | AT81: 545.4 | AU81: 75.1 | AV81: 45.3 | AW81: 1852.2 | AX81: 1165.2 | AY81: 424.9 | AZ81: 238 | BA81: 24 | BB81: 217.4 | BC81: 0 | BD81: 104.8 | BE81: -21.5 | BF81: - | BH81: 1961 | BI81: - | BJ81: - | BK81: - | BL81: - | BM81: - | BN81: - | BO81: - | BP81: - | BQ81: - | BR81: - | BS81: - | BT81: - | BU81: - | BV81: - | BW81: - | BX81: -
... A99: =G99+R99+T99+ S99-U99-V99 -> -1 | B99: =H99-M99-G99 -> 0 | C99: =H99-I99-J99-K99-L99 -> 7 | D99: =N99+O99+P99+Q99-M99 -> 0 | E99: =U99-G99-(R99+T99)-S99+V99 -> 1 | F99: 1979 | G99: =AQ99 -> -4870.5 | H99: =AR99 -> 16263.5 | I99: =AS99 -> 9943.3 | J99: =AT99 -> 4675.2 | K99: =AU99 -> 1381.6 | L99: =AV99 -> 256.4 | M99: =AW99 -> 21134 | N99: =AX99 -> 12131.5 | ... U99: =BE99 -> 419 | V99: 1 | X99: 1979 | Y99: - | Z99: - | AA99: - | AB99: - | AC99: - | AD99: - | AE99: - | AF99: - | AG99: - | AH99: - | AI99: - | AJ99: - | AK99: - | AL99: - | AM99: - | AN99: - | AP99: 1979 | AQ99: -4870.5 | AR99: 16263.5 | AS99: 9943.3 | AT99: 4675.2 | AU99: 1381.6 | AV99: 256.4 | AW99: 21134 | AX99: 12131.5 | AY99: 4051.1 | AZ99: 4918.9 | BA99: 32.5 | BB99: 4533.3 | BC99: 70 | BD99: 686.2 | BE99: 419 | BF99: - | BH99: 1979 | BI99: - | BJ99: - | BK99: - | BL99: - | BM99: - | BN99: - | BO99: - | BP99: - | BQ99: - | BR99: - | BS99: - | BT99: - | BU99: - | BV99: - | BW99: - | BX99: -
A100: =G100+R100+T100+ S100-U100-V100 -> -1.4495072e-12 | B100: =H100-M100-G100 -> 0 | C100: =H100-I100-J100-K100-L100 -> -2.1600499e-12 | D100: =N100+O100+P100+Q100-M100 -> 0 | E100: =U100-G100-(R100+T100)-S100+V100 -> 1.9042545e-12 | F100: 1980 | G100: =BI100 -> -10434.145 | H100: =BJ100 -> 24860.672 | I100: =BK100 -> 18031.04 | J100: =BL100 -> 4587.491 | K100: =BM100 -> 1376.581 | L100: =BN100 -> 865.56 | M100: =BO100 -> 35294.817 | N100: =BP100 -> 21089.36 | ... V100: =BX100 -> -217.929 | X100: 1980 | Y100: - | Z100: - | AA100: - | AB100: - | AC100: - | AD100: - | AE100: - | AF100: - | AG100: - | AH100: - | AI100: - | AJ100: - | AK100: - | AL100: - | AM100: - | AN100: - | AP100: 1980 | AQ100: -7223.3 | AR100: 24947.3 | AS100: 16840.1 | AT100: 5838.8 | AU100: 1949.7 | AV100: 318.7 | AW100: 32170.6 | AX100: 18897.5 | AY100: 6105.3 | AZ100: 7123.6 | BA100: 44.1 | BB100: 11948.3 | BC100: 73.5 | BD100: -3647.6 | BE100: 916.2 | BF100: -217.9 | BH100: 1980 | BI100: =SUM(BPT!B5:B8) -> -10434.145 | BJ100: =SUM(BPT!C5:C8) -> 24860.672 | BK100: =SUM(BPT!D5:D8) -> 18031.04 | BL100: =SUM(BPT!E5:E8) -> 4587.491 | BM100: =SUM(BPT!F5:F8) -> 1376.581 | BN100: =SUM(BPT!G5:G8) -> 865.56 | BO100: =SUM(BPT!H5:H8) -> 35294.817 | BP100: =SUM(BPT!I5:I8) -> 21089.36 | ... BT100: =SUM(BPT!M5:M8) -> 11274.51 | BV100: =SUM(BPT!N5:N8) -> -142.185 | BW100: =SUM(BPT!O5:O8) -> 916.109 | BX100: =SUM(BPT!P5:P8) -> -217.929
A101: =G101+R101+T101+ S101-U101-V101 -> -3.5527137e-13 | B101: =H101-M101-G101 -> 0 | C101: =H101-I101-J101-K101-L101 -> -2.2737368e-12 | D101: =N101+O101+P101+Q101-M101 -> 0 | E101: =U101-G101-(R101+T101)-S101+V101 -> 1.2789769e-13 | F101: 1981 | G101: =BI101 -> -16240.581 | H101: =BJ101 -> 31111.491 | I101: =BK101 -> 23307.34 | J101: =BL101 -> 4970.876 | K101: =BM101 -> 1768.32 | L101: =BN101 -> 1064.955 | M101: =BO101 -> 47352.072 | N101: =BP101 -> 27184.229 | ... V101: =BX101 -> 123.303 | X101: 1981 | Y101: - | Z101: - | AA101: - | AB101: - | AC101: - | AD101: - | AE101: - | AF101: - | AG101: - | AH101: - | AI101: - | AJ101: - | AK101: - | AL101: - | AM101: - | AN101: - | AP101: 1981 | AQ101: -12544.2 | AR101: 30809.8 | AS101: 20926.6 | AT101: 7005.8 | AU101: 2532.2 | AV101: 345.2 | AW101: 43354.1 | AX101: 24037 | AY101: 8544.5 | AZ101: 10716 | BA101: 56.6 | BB101: 21859.6 | BC101: 69.6 | BD101: 8372.7 | BE101: 1031.4 | BF101: 123.4 | BH101: 1981 | BI101: =SUM(BPT!B9:B12) -> -16240.581 | BJ101: =SUM(BPT!C9:C12) -> 31111.491 | BK101: =SUM(BPT!D9:D12) -> 23307.34 | BL101: =SUM(BPT!E9:E12) -> 4970.876 | BM101: =SUM(BPT!F9:F12) -> 1768.32 | BN101: =SUM(BPT!G9:G12) -> 1064.955 | BO101: =SUM(BPT!H9:H12) -> 47352.072 | BP101: =SUM(BPT!I9:I12) -> 27184.229 | ... BT101: =SUM(BPT!M9:M12) -> 26616.329 | BV101: =SUM(BPT!N9:N12) -> -9221.071 | BW101: =SUM(BPT!O9:O12) -> 1031.374 | BX101: =SUM(BPT!P9:P12) -> 123.303
A102: =G102+R102+T102+ S102-U102-V102 -> -2.7000624e-13 | B102: =H102-M102-G102 -> 8.1854523e-12 | C102: =H102-I102-J102-K102-L102 -> 3.4106051e-12 | D102: =N102+O102+P102+Q102-M102 -> 0 | E102: =U102-G102-(R102+T102)-S102+V102 -> 2.7000624e-13 | F102: 1982 | G102: =BI102 -> -5890.121 | H102: =BJ102 -> 30972.052 | I102: =BK102 -> 24055.214 | J102: =BL102 -> 4130.152 | K102: =BM102 -> 1722.462 | L102: =BN102 -> 1064.224 | M102: =BO102 -> 36862.173 | N102: =BP102 -> 17010.634 | ... V102: =BX102 -> -115.421 | X102: 1982 | Y102: - | Z102: - | AA102: - | AB102: - | AC102: - | AD102: - | AE102: - | AF102: - | AG102: - | AH102: - | AI102: - | AJ102: - | AK102: - | AL102: - | AM102: - | AN102: - | AP102: 1982 | AQ102: - | AR102: - | AS102: - | AT102: - | AU102: - | AV102: - | AW102: - | AX102: - | AY102: - | AZ102: - | BA102: - | BB102: - | BC102: - | BD102: - | BE102: - | BF102: - | BH102: 1982 | BI102: =SUM(BPT!B13:B16) -> -5890.121 | BJ102: =SUM(BPT!C13:C16) -> 30972.052 | BK102: =SUM(BPT!D13:D16) -> 24055.214 | BL102: =SUM(BPT!E13:E16) -> 4130.152 | BM102: =SUM(BPT!F13:F16) -> 1722.462 | BN102: =SUM(BPT!G13:G16) -> 1064.224 | BO102: =SUM(BPT!H13:H16) -> 36862.173 | BP102: =SUM(BPT!I13:I16) -> 17010.634 | ... BT102: =SUM(BPT!M13:M16) -> 9977.6 | BV102: =SUM(BPT!N13:N16) -> -7405.702 | BW102: =SUM(BPT!O13:O16) -> -3202.802 | BX102: =SUM(BPT!P13:P16) -> -115.421
A103: =G103+R103+T103+ S103-U103-V103 -> 2.2737368e-13 | B103: =H103-M103-G103 -> 0 | C103: =H103-I103-J103-K103-L103 -> 0 | D103: =N103+O103+P103+Q103-M103 -> 0 | E103: =U103-G103-(R103+T103)-S103+V103 -> -6.8212103e-13 | F103: 1983 | G103: =BI103 -> 5859.63 | H103: =BJ103 -> 32928.642 | I103: =BK103 -> 25953.137 | J103: =BL103 -> 4085.466 | K103: =BM103 -> 1692.907 | L103: =BN103 -> 1197.132 | M103: =BO103 -> 27069.012 | N103: =BP103 -> 11848.281 | ... V103: =BX103 -> 17.144 | X103: 1983 | Y103: - | Z103: - | AA103: - | AB103: - | AC103: - | AD103: - | AE103: - | AF103: - | AG103: - | AH103: - | AI103: - | AJ103: - | AK103: - | AL103: - | AM103: - | AN103: - | AP103: 1983 | AQ103: - | AR103: - | AS103: - | AT103: - | AU103: - | AV103: - | AW103: - | AX103: - | AY103: - | AZ103: - | BA103: - | BB103: - | BC103: - | BD103: - | BE103: - | BF103: - | BH103: 1983 | BI103: =SUM(BPT!B17:B20) -> 5859.63 | BJ103: =SUM(BPT!C17:C20) -> 32928.642 | BK103: =SUM(BPT!D17:D20) -> 25953.137 | BL103: =SUM(BPT!E17:E20) -> 4085.466 | BM103: =SUM(BPT!F17:F20) -> 1692.907 | BN103: =SUM(BPT!G17:G20) -> 1197.132 | BO103: =SUM(BPT!H17:H20) -> 27069.012 | BP103: =SUM(BPT!I17:I20) -> 11848.281 | ... BT103: =SUM(BPT!M17:M20) -> 339.262 | BV103: =SUM(BPT!N17:N20) -> -3080.891 | BW103: =SUM(BPT!O17:O20) -> 3100.857 | BX103: =SUM(BPT!P17:P20) -> 17.144
A104: =G104+R104+T104+ S104-U104-V104 -> 5.6843419e-13 | B104: =H104-M104-G104 -> 0 | C104: =H104-I104-J104-K104-L104 -> 2.5011104e-12 | D104: =N104+O104+P104+Q104-M104 -> 0 | E104: =U104-G104-(R104+T104)-S104+V104 -> 0 | F104: 1984 | G104: =BI104 -> 4183.28 | H104: =BJ104 -> 37830.508 | I104: =BK104 -> 29100.352 | J104: =BL104 -> 4837.389 | K104: =BM104 -> 2516.639 | L104: =BN104 -> 1376.128 | M104: =BO104 -> 33647.228 | N104: =BP104 -> 15916.198 | ... V104: =BX104 -> 152.197 | X104: 1984 | Y104: - | Z104: - | AA104: - | AB104: - | AC104: - | AD104: - | AE104: - | AF104: - | AG104: - | AH104: - | AI104: - | AJ104: - | AK104: - | AL104: - | AM104: - | AN104: - | AP104: 1984 | AQ104: - | AR104: - | AS104: - | AT104: - | AU104: - | AV104: - | AW104: - | AX104: - | AY104: - | AZ104: - | BA104: - | BB104: - | BC104: - | BD104: - | BE104: - | BF104: - | BH104: 1984 | BI104: =SUM(BPT!B21:B24) -> 4183.28 | BJ104: =SUM(BPT!C21:C24) -> 37830.508 | BK104: =SUM(BPT!D21:D24) -> 29100.352 | BL104: =SUM(BPT!E21:E24) -> 4837.389 | BM104: =SUM(BPT!F21:F24) -> 2516.639 | BN104: =SUM(BPT!G21:G24) -> 1376.128 | BO104: =SUM(BPT!H21:H24) -> 33647.228 | BP104: =SUM(BPT!I21:I24) -> 15916.198 | ... BT104: =SUM(BPT!M21:M24) -> 1305.819 | BV104: =SUM(BPT!N21:N24) -> -2136.017 | BW104: =SUM(BPT!O21:O24) -> 3200.885 | BX104: =SUM(BPT!P21:P24) -> 152.197
A105: =G105+R105+T105+ S105-U105-V105 -> 6.1106675e-13 | B105: =H105-M105-G105 -> -2.3874236e-12 | C105: =H105-I105-J105-K105-L105 -> 0 | D105: =N105+O105+P105+Q105-M105 -> 0 | E105: =U105-G105-(R105+T105)-S105+V105 -> -1.563194e-13 | F105: 1985 | G105: =BI105 -> 799.524 | H105: =BJ105 -> 35858.901 | I105: =BK105 -> 26757.294 | J105: =BL105 -> 4810.056 | K105: =BM105 -> 2287.588 | L105: =BN105 -> 2003.963 | M105: =BO105 -> 35059.377 | N105: =BP105 -> 18359.097 | ... V105: =BX105 -> -95.093 | X105: 1985 | Y105: - | Z105: - | AA105: - | AB105: - | AC105: - | AD105: - | AE105: - | AF105: - | AG105: - | AH105: - | AI105: - | AJ105: - | AK105: - | AL105: - | AM105: - | AN105: - | AP105: 1985 | AQ105: - | AR105: - | AS105: - | AT105: - | AU105: - | AV105: - | AW105: - | AX105: - | AY105: - | AZ105: - | BA105: - | BB105: - | BC105: - | BD105: - | BE105: - | BF105: - | BH105: 1985 | BI105: =SUM(BPT!B25:B28) -> 799.524 | BJ105: =SUM(BPT!C25:C28) -> 35858.901 | BK105: =SUM(BPT!D25:D28) -> 26757.294 | BL105: =SUM(BPT!E25:E28) -> 4810.056 | BM105: =SUM(BPT!F25:F28) -> 2287.588 | BN105: =SUM(BPT!G25:G28) -> 2003.963 | BO105: =SUM(BPT!H25:H28) -> 35059.377 | BP105: =SUM(BPT!I25:I28) -> 18359.097 | ... BT105: =SUM(BPT!M25:M28) -> -316.418 | BV105: =SUM(BPT!N25:N28) -> -2906.599 | BW105: =SUM(BPT!O25:O28) -> -2328.4 | BX105: =SUM(BPT!P25:P28) -> -95.093
A106: =G106+R106+T106+ S106-U106-V106 -> 0 | B106: =H106-M106-G106 -> 0 | C106: =H106-I106-J106-K106-L106 -> 0 | D106: =N106+O106+P106+Q106-M106 -> 0 | E106: =U106-G106-(R106+T106)-S106+V106 -> 0 | F106: 1986 | G106: =BI106 -> -1373.489 | H106: =BJ106 -> 29927.86 | I106: =BK106 -> 21803.598 | J106: =BL106 -> 4599.883 | K106: =BM106 -> 1949.869 | L106: =BN106 -> 1574.51 | M106: =BO106 -> 31301.349 | N106: =BP106 -> 16783.893 | ... V106: =BX106 -> -382.206 | X106: 1986 | Y106: - | Z106: - | AA106: - | AB106: - | AC106: - | AD106: - | AE106: - | AF106: - | AG106: - | AH106: - | AI106: - | AJ106: - | AK106: - | AL106: - | AM106: - | AN106: - | AP106: 1986 | AQ106: - | AR106: - | AS106: - | AT106: - | AU106: - | AV106: - | AW106: - | AX106: - | AY106: - | AZ106: - | BA106: - | BB106: - | BC106: - | BD106: - | BE106: - | BF106: - | BH106: 1986 | BI106: =SUM(BPT!B29:B32) -> -1373.489 | BJ106: =SUM(BPT!C29:C32) -> 29927.86 | BK106: =SUM(BPT!D29:D32) -> 21803.598 | BL106: =SUM(BPT!E29:E32) -> 4599.883 | BM106: =SUM(BPT!F29:F32) -> 1949.869 | BN106: =SUM(BPT!G29:G32) -> 1574.51 | BO106: =SUM(BPT!H29:H32) -> 31301.349 | BP106: =SUM(BPT!I29:I32) -> 16783.893 | ... BT106: =SUM(BPT!M29:M32) -> 2715.533 | BV106: =SUM(BPT!N29:N32) -> -739.25 | BW106: =SUM(BPT!O29:O32) -> 985 | BX106: =SUM(BPT!P29:P32) -> -382.206
A107: =G107+R107+T107+ S107-U107-V107 -> 0 | B107: =H107-M107-G107 -> -7.2759576e-12 | C107: =H107-I107-J107-K107-L107 -> -2.5011104e-12 | D107: =N107+O107+P107+Q107-M107 -> 0 | E107: =U107-G107-(R107+T107)-S107+V107 -> 0 | F107: 1987 | G107: =BI107 -> 4239.07 | H107: =BJ107 -> 37368.435 | I107: =BK107 -> 27599.517 | J107: =BL107 -> 5450.83 | K107: =BM107 -> 2400.993 | L107: =BN107 -> 1917.095 | M107: =BO107 -> 33129.365 | N107: =BP107 -> 18812.426 | ... V107: =BX107 -> -824 | X107: 1987 | Y107: - | Z107: - | AA107: - | AB107: - | AC107: - | AD107: - | AE107: - | AF107: - | AG107: - | AH107: - | AI107: - | AJ107: - | AK107: - | AL107: - | AM107: - | AN107: - | AP107: 1987 | AQ107: - | AR107: - | AS107: - | AT107: - | AU107: - | AV107: - | AW107: - | AX107: - | AY107: - | AZ107: - | BA107: - | BB107: - | BC107: - | BD107: - | BE107: - | BF107: - | BH107: 1987 | BI107: =SUM(BPT!B33:B36) -> 4239.07 | BJ107: =SUM(BPT!C33:C36) -> 37368.435 | BK107: =SUM(BPT!D33:D36) -> 27599.517 | BL107: =SUM(BPT!E33:E36) -> 5450.83 | BM107: =SUM(BPT!F33:F36) -> 2400.993 | BN107: =SUM(BPT!G33:G36) -> 1917.095 | BO107: =SUM(BPT!H33:H36) -> 33129.365 | BP107: =SUM(BPT!I33:I36) -> 18812.426 | ... BT107: =SUM(BPT!M33:M36) -> -1241.929 | BV107: =SUM(BPT!N33:N36) -> 3103.259 | BW107: =SUM(BPT!O33:O36) -> 6924.4 | BX107: =SUM(BPT!P33:P36) -> -824
A108: =G108+R108+T108+ S108-U108-V108 -> 0 | B108: =H108-M108-G108 -> 0 | C108: =H108-I108-J108-K108-L108 -> 0 | D108: =N108+O108+P108+Q108-M108 -> 0 | E108: =U108-G108-(R108+T108)-S108+V108 -> 0 | F108: 1988 | G108: =BI108 -> -2375.684 | H108: =BJ108 -> 42095.796 | I108: =BK108 -> 30691.501 | J108: =BL108 -> 6108.577 | K108: =BM108 -> 3055.132 | L108: =BN108 -> 2240.586 | M108: =BO108 -> 44471.48 | N108: =BP108 -> 28081.969 | ... V108: =BX108 -> 393.5 | X108: 1988 | Y108: - | Z108: - | AA108: - | AB108: - | AC108: - | AD108: - | AE108: - | AF108: - | AG108: - | AH108: - | AI108: - | AJ108: - | AK108: - | AL108: - | AM108: - | AN108: - | AP108: 1988 | AQ108: - | AR108: - | AS108: - | AT108: - | AU108: - | AV108: - | AW108: - | AX108: - | AY108: - | AZ108: - | BA108: - | BB108: - | BC108: - | BD108: - | BE108: - | BF108: - | BH108: 1988 | BI108: =SUM(BPT!B37:B40) -> -2375.684 | BJ108: =SUM(BPT!C37:C40) -> 42095.796 | BK108: =SUM(BPT!D37:D40) -> 30691.501 | BL108: =SUM(BPT!E37:E40) -> 6108.577 | BM108: =SUM(BPT!F37:F40) -> 3055.132 | BN108: =SUM(BPT!G37:G40) -> 2240.586 | BO108: =SUM(BPT!H37:H40) -> 44471.48 | BP108: =SUM(BPT!I37:I40) -> 28081.969 | ... BT108: =SUM(BPT!M37:M40) -> -443.858 | BV108: =SUM(BPT!N37:N40) -> -3913.958 | BW108: =SUM(BPT!O37:O40) -> -7127 | BX108: =SUM(BPT!P37:P40) -> 393.5
A109: =G109+R109+T109+ S109-U109-V109 -> -5.1159077e-13 | B109: =H109-M109-G109 -> 8.1854523e-12 | C109: =H109-I109-J109-K109-L109 -> 0 | D109: =N109+O109+P109+Q109-M109 -> 0 | E109: =U109-G109-(R109+T109)-S109+V109 -> 5.1159077e-13 | F109: 1989 | G109: =BI109 -> -5821.212 | H109: =BJ109 -> 48103.378 | I109: =BK109 -> 35171.048 | J109: =BL109 -> 7226.302 | K109: =BM109 -> 3165.187 | L109: =BN109 -> 2540.841 | M109: =BO109 -> 53924.59 | N109: =BP109 -> 34765.997 | ... V109: =BX109 -> 124.1 | X109: 1989 | Y109: - | Z109: - | AA109: - | AB109: - | AC109: - | AD109: - | AE109: - | AF109: - | AG109: - | AH109: - | AI109: - | AJ109: - | AK109: - | AL109: - | AM109: - | AN109: - | AP109: 1989 | AQ109: - | AR109: - | AS109: - | AT109: - | AU109: - | AV109: - | AW109: - | AX109: - | AY109: - | AZ109: - | BA109: - | BB109: - | BC109: - | BD109: - | BE109: - | BF109: - | BH109: 1989 | BI109: =SUM(BPT!B41:B44) -> -5821.212 | BJ109: =SUM(BPT!C41:C44) -> 48103.378 | BK109: =SUM(BPT!D41:D44) -> 35171.048 | BL109: =SUM(BPT!E41:E44) -> 7226.302 | BM109: =SUM(BPT!F41:F44) -> 3165.187 | BN109: =SUM(BPT!G41:G44) -> 2540.841 | BO109: =SUM(BPT!H41:H44) -> 53924.59 | BP109: =SUM(BPT!I41:I44) -> 34765.997 | ... BT109: =SUM(BPT!M41:M44) -> 2074.721 | BV109: =SUM(BPT!N41:N44) -> 4142.091 | BW109: =SUM(BPT!O41:O44) -> 271.5 | BX109: =SUM(BPT!P41:P44) -> 124.1
A110: =G110+R110+T110+ S110-U110-V110 -> -5.4001248e-13 | B110: =H110-M110-G110 -> 0 | C110: =H110-I110-J110-K110-L110 -> 0 | D110: =N110+O110+P110+Q110-M110 -> 0 | E110: =U110-G110-(R110+T110)-S110+V110 -> -3.6948222e-13 | F110: 1990 | G110: =BI110 -> -7451.049 | H110: =BJ110 -> 56070.903 | I110: =BK110 -> 40710.941 | J110: =BL110 -> 8104.957 | K110: =BM110 -> 3279.54 | L110: =BN110 -> 3975.465 | M110: =BO110 -> 63521.952 | N110: =BP110 -> 41593.266 | ... V110: =BX110 -> -181.4 | X110: 1990 | Y110: - | Z110: - | AA110: - | AB110: - | AC110: - | AD110: - | AE110: - | AF110: - | AG110: - | AH110: - | AI110: - | AJ110: - | AK110: - | AL110: - | AM110: - | AN110: - | AP110: 1990 | AQ110: - | AR110: - | AS110: - | AT110: - | AU110: - | AV110: - | AW110: - | AX110: - | AY110: - | AZ110: - | BA110: - | BB110: - | BC110: - | BD110: - | BE110: - | BF110: - | BH110: 1990 | BI110: =SUM(BPT!B45:B48) -> -7451.049 | BJ110: =SUM(BPT!C45:C48) -> 56070.903 | BK110: =SUM(BPT!D45:D48) -> 40710.941 | BL110: =SUM(BPT!E45:E48) -> 8104.957 | BM110: =SUM(BPT!F45:F48) -> 3279.54 | BN110: =SUM(BPT!G45:G48) -> 3975.465 | BO110: =SUM(BPT!H45:H48) -> 63521.952 | BP110: =SUM(BPT!I45:I48) -> 41593.266 | ... BT110: =SUM(BPT!M45:M48) -> 7980.987 | BV110: =SUM(BPT!N45:N48) -> 2702.962 | BW110: =SUM(BPT!O45:O48) -> 3414.3 | BX110: =SUM(BPT!P45:P48) -> -181.4
A111: =G111+R111+T111+ S111-U111-V111 -> -2.0463631e-12 | B111: =H111-M111-G111 -> 0 | C111: =H111-I111-J111-K111-L111 -> 4.5474735e-12 | D111: =N111+O111+P111+Q111-M111 -> 0 | E111: =U111-G111-(R111+T111)-S111+V111 -> 2.9558578e-12 | F111: 1991 | G111: =BI111 -> -14646.716 | H111: =BJ111 -> 58087.332 | I111: =BK111 -> 42687.528 | J111: =BL111 -> 8885.24 | K111: =BM111 -> 3528.063 | L111: =BN111 -> 2986.501 | M111: =BO111 -> 72734.048 | N111: =BP111 -> 49966.56 | ... V111: =BX111 -> 315.7 | X111: 1991 | Y111: - | Z111: - | AA111: - | AB111: - | AC111: - | AD111: - | AE111: - | AF111: - | AG111: - | AH111: - | AI111: - | AJ111: - | AK111: - | AL111: - | AM111: - | AN111: - | AP111: 1991 | AQ111: - | AR111: - | AS111: - | AT111: - | AU111: - | AV111: - | AW111: - | AX111: - | AY111: - | AZ111: - | BA111: - | BB111: - | BC111: - | BD111: - | BE111: - | BF111: - | BH111: 1991 | BI111: =SUM(BPT!B49:B52) -> -14646.716 | BJ111: =SUM(BPT!C49:C52) -> 58087.332 | BK111: =SUM(BPT!D49:D52) -> 42687.528 | BL111: =SUM(BPT!E49:E52) -> 8885.24 | BM111: =SUM(BPT!F49:F52) -> 3528.063 | BN111: =SUM(BPT!G49:G52) -> 2986.501 | BO111: =SUM(BPT!H49:H52) -> 72734.048 | BP111: =SUM(BPT!I49:I52) -> 49966.56 | ... BT111: =SUM(BPT!M49:M52) -> 25229.07 | BV111: =SUM(BPT!N49:N52) -> -2445.154 | BW111: =SUM(BPT!O49:O52) -> 7821.5 | BX111: =SUM(BPT!P49:P52) -> 315.7
A112: =G112+R112+T112+ S112-U112-V112 -> 7.7626794e-13 | B112: =H112-M112-G112 -> 0 | C112: =H112-I112-J112-K112-L112 -> 0 | D112: =N112+O112+P112+Q112-M112 -> 0 | E112: =U112-G112-(R112+T112)-S112+V112 -> -3.2152059e-13 | F112: 1992 | G112: =BI112 -> -24438.479 | H112: =BJ112 -> 61668.926 | I112: =BK112 -> 46195.622 | J112: =BL112 -> 9295.783 | K112: =BM112 -> 2797.53 | L112: =BN112 -> 3379.991 | M112: =BO112 -> 86107.405 | N112: =BP112 -> 62129.35 | ... V112: =BX112 -> 11.948 | X112: 1992 | Y112: - | Z112: - | AA112: - | AB112: - | AC112: - | AD112: - | AE112: - | AF112: - | AG112: - | AH112: - | AI112: - | AJ112: - | AK112: - | AL112: - | AM112: - | AN112: - | AP112: 1992 | AQ112: - | AR112: - | AS112: - | AT112: - | AU112: - | AV112: - | AW112: - | AX112: - | AY112: - | AZ112: - | BA112: - | BB112: - | BC112: - | BD112: - | BE112: - | BF112: - | BH112: 1992 | BI112: =SUM(BPT!B53:B56) -> -24438.479 | BJ112: =SUM(BPT!C53:C56) -> 61668.926 | BK112: =SUM(BPT!D53:D56) -> 46195.622 | BL112: =SUM(BPT!E53:E56) -> 9295.783 | BM112: =SUM(BPT!F53:F56) -> 2797.53 | BN112: =SUM(BPT!G53:G56) -> 3379.991 | BO112: =SUM(BPT!H53:H56) -> 86107.405 | BP112: =SUM(BPT!I53:I56) -> 62129.35 | ... BT112: =SUM(BPT!M53:M56) -> 26639.608 | BV112: =SUM(BPT!N53:N56) -> -1027.781 | BW112: =SUM(BPT!O53:O56) -> 1161.4 | BX112: =SUM(BPT!P53:P56) -> 11.948
A113: =G113+R113+T113+ S113-U113-V113 -> 2.3021585e-12 | B113: =H113-M113-G113 -> 0 | C113: =H113-I113-J113-K113-L113 -> 0 | D113: =N113+O113+P113+Q113-M113 -> 0 | E113: =U113-G113-(R113+T113)-S113+V113 -> -2.3021585e-12 | F113: 1993 | G113: =BI113 -> -23399.304 | H113: =BJ113 -> 67752.072 | I113: =BK113 -> 51885.969 | J113: =BL113 -> 9533.098 | K113: =BM113 -> 2702.806 | L113: =BN113 -> 3630.199 | M113: =BO113 -> 91151.376 | N113: =BP113 -> 65366.542 | ... V113: =BX113 -> -42.578 | X113: 1993 | Y113: - | Z113: - | AA113: - | AB113: - | AC113: - | AD113: - | AE113: - | AF113: - | AG113: - | AH113: - | AI113: - | AJ113: - | AK113: - | AL113: - | AM113: - | AN113: - | AP113: 1993 | AQ113: - | AR113: - | AS113: - | AT113: - | AU113: - | AV113: - | AW113: - | AX113: - | AY113: - | AZ113: - | BA113: - | BB113: - | BC113: - | BD113: - | BE113: - | BF113: - | BH113: 1993 | BI113: =SUM(BPT!B57:B60) -> -23399.304 | BJ113: =SUM(BPT!C57:C60) -> 67752.072 | BK113: =SUM(BPT!D57:D60) -> 51885.969 | BL113: =SUM(BPT!E57:E60) -> 9533.098 | BM113: =SUM(BPT!F57:F60) -> 2702.806 | BN113: =SUM(BPT!G57:G60) -> 3630.199 | BO113: =SUM(BPT!H57:H60) -> 91151.376 | BP113: =SUM(BPT!I57:I60) -> 65366.542 | ... BT113: =SUM(BPT!M57:M60) -> 32441.206 | BV113: =SUM(BPT!N57:N60) -> -3001.28 | BW113: =SUM(BPT!O57:O60) -> 6083.2 | BX113: =SUM(BPT!P57:P60) -> -42.578
A114: =G114+R114+T114+ S114-U114-V114 -> 7.860379e-13 | B114: =H114-M114-G114 -> 0 | C114: =H114-I114-J114-K114-L114 -> 1.4097168e-11 | D114: =N114+O114+P114+Q114-M114 -> 0 | E114: =U114-G114-(R114+T114)-S114+V114 -> -7.860379e-13 | F114: 1994 | G114: =BI114 -> -29662 | H114: =BJ114 -> 78371.737 | I114: =BK114 -> 60882.199 | J114: =BL114 -> 10341.066 | K114: =BM114 -> 3355.488 | L114: =BN114 -> 3792.984 | M114: =BO114 -> 108033.74 | N114: =BP114 -> 79345.901 | ... V114: =BX114 -> -2.014 | X114: 1994 | Y114: - | Z114: - | AA114: - | AB114: - | AC114: - | AD114: - | AE114: - | AF114: - | AG114: - | AH114: - | AI114: - | AJ114: - | AK114: - | AL114: - | AM114: - | AN114: - | AP114: 1994 | AQ114: - | AR114: - | AS114: - | AT114: - | AU114: - | AV114: - | AW114: - | AX114: - | AY114: - | AZ114: - | BA114: - | BB114: - | BC114: - | BD114: - | BE114: - | BF114: - | BH114: 1994 | BI114: =SUM(BPT!B61:B64) -> -29662 | BJ114: =SUM(BPT!C61:C64) -> 78371.737 | BK114: =SUM(BPT!D61:D64) -> 60882.199 | BL114: =SUM(BPT!E61:E64) -> 10341.066 | BM114: =SUM(BPT!F61:F64) -> 3355.488 | BN114: =SUM(BPT!G61:G64) -> 3792.984 | BO114: =SUM(BPT!H61:H64) -> 108033.74 | BP114: =SUM(BPT!I61:I64) -> 79345.901 | ... BT114: =SUM(BPT!M61:M64) -> 14480.547 | BV114: =SUM(BPT!N61:N64) -> -3704.961 | BW114: =SUM(BPT!O61:O64) -> -18884.4 | BX114: =SUM(BPT!P61:P64) -> -2.014
A115: =G115+R115+T115+ S115-U115-V115 -> 2.0228264e-12 | B115: =H115-M115-G115 -> -3.4106051e-12 | C115: =H115-I115-J115-K115-L115 -> -1.4551915e-11 | D115: =N115+O115+P115+Q115-M115 -> 0 | E115: =U115-G115-(R115+T115)-S115+V115 -> -2.0228264e-12 | F115: 1995 | G115: =BI115 -> -1576.6108 | H115: =BJ115 -> 97029.291 | I115: =BK115 -> 79637.617 | J115: =BL115 -> 9692.7037 | K115: =BM115 -> 3723.8 | L115: =BN115 -> 3975.1702 | M115: =BO115 -> 98605.902 | N115: =BP115 -> 72631.267 | ... V115: =BX115 -> -2.124 | X115: 1995 | Y115: - | Z115: - | AA115: - | AB115: - | AC115: - | AD115: - | AE115: - | AF115: - | AG115: - | AH115: - | AI115: - | AJ115: - | AK115: - | AL115: - | AM115: - | AN115: - | AP115: 1995 | AQ115: - | AR115: - | AS115: - | AT115: - | AU115: - | AV115: - | AW115: - | AX115: - | AY115: - | AZ115: - | BA115: - | BB115: - | BC115: - | BD115: - | BE115: - | BF115: - | BH115: 1995 | BI115: =SUM(BPT!B65:B68) -> -1576.6108 | BJ115: =SUM(BPT!C65:C68) -> 97029.291 | BK115: =SUM(BPT!D65:D68) -> 79637.617 | BL115: =SUM(BPT!E65:E68) -> 9692.7037 | BM115: =SUM(BPT!F65:F68) -> 3723.8 | BN115: =SUM(BPT!G65:G68) -> 3975.1702 | BO115: =SUM(BPT!H65:H68) -> 98605.902 | BP115: =SUM(BPT!I65:I68) -> 72631.267 | ... BT115: =SUM(BPT!M65:M68) -> 16338.713 | BV115: =SUM(BPT!N65:N68) -> -4164.3262 | BW115: =SUM(BPT!O65:O68) -> 10599.9 | BX115: =SUM(BPT!P65:P68) -> -2.124
A116: =G116+R116+T116+ S116-U116-V116 -> -4.7961635e-14 | B116: =H116-M116-G116 -> 1.2278178e-11 | C116: =H116-I116-J116-K116-L116 -> -1.0913936e-11 | D116: =N116+O116+P116+Q116-M116 -> 0 | E116: =U116-G116-(R116+T116)-S116+V116 -> -4.0678572e-13 | F116: 1996 | G116: =BI116 -> -2507.5559 | H116: =BJ116 -> 115316.13 | I116: =BK116 -> 96150.494 | J116: =BL116 -> 10581.444 | K116: =BM116 -> 4043.196 | L116: =BN116 -> 4541.0009 | M116: =BO116 -> 117823.69 | N116: =BP116 -> 89652.296 | ... V116: =BX116 -> 5.377 | X116: 1996 | Y116: - | Z116: - | AA116: - | AB116: - | AC116: - | AD116: - | AE116: - | AF116: - | AG116: - | AH116: - | AI116: - | AJ116: - | AK116: - | AL116: - | AM116: - | AN116: - | AP116: 1996 | AQ116: - | AR116: - | AS116: - | AT116: - | AU116: - | AV116: - | AW116: - | AX116: - | AY116: - | AZ116: - | BA116: - | BB116: - | BC116: - | BD116: - | BE116: - | BF116: - | BH116: 1996 | BI116: =SUM(BPT!B69:B72) -> -2507.5559 | BJ116: =SUM(BPT!C69:C72) -> 115316.13 | BK116: =SUM(BPT!D69:D72) -> 96150.494 | BL116: =SUM(BPT!E69:E72) -> 10581.444 | BM116: =SUM(BPT!F69:F72) -> 4043.196 | BN116: =SUM(BPT!G69:G72) -> 4541.0009 | BO116: =SUM(BPT!H69:H72) -> 117823.69 | BP116: =SUM(BPT!I69:I72) -> 89652.296 | ... BT116: =SUM(BPT!M69:M72) -> 4827.7793 | BV116: =SUM(BPT!N69:N72) -> 163.35357 | BW116: =SUM(BPT!O69:O72) -> 2478.2 | BX116: =SUM(BPT!P69:P72) -> 5.377
A117: =G117+R117+T117+ S117-U117-V117 -> 1.5418777e-12 | B117: =H117-M117-G117 -> -1.4551915e-11 | C117: =H117-I117-J117-K117-L117 -> -1.1823431e-11 | D117: =N117+O117+P117+Q117-M117 -> 0 | E117: =U117-G117-(R117+T117)-S117+V117 -> -1.5418777e-12 | F117: 1997 | G117: =BI117 -> -7665.2945 | H117: =BJ117 -> 131318.28 | I117: =BK117 -> 110581.77 | J117: =BL117 -> 11049.869 | K117: =BM117 -> 4442.556 | L117: =BN117 -> 5244.0805 | M117: =BO117 -> 138983.57 | N117: =BP117 -> 110009.03 | ... V117: =BX117 -> 17.829 | X117: 1997 | Y117: - | Z117: - | AA117: - | AB117: - | AC117: - | AD117: - | AE117: - | AF117: - | AG117: - | AH117: - | AI117: - | AJ117: - | AK117: - | AL117: - | AM117: - | AN117: - | AP117: 1997 | AQ117: - | AR117: - | AS117: - | AT117: - | AU117: - | AV117: - | AW117: - | AX117: - | AY117: - | AZ117: - | BA117: - | BB117: - | BC117: - | BD117: - | BE117: - | BF117: - | BH117: 1997 | BI117: =SUM(BPT!B73:B76) -> -7665.2945 | BJ117: =SUM(BPT!C73:C76) -> 131318.28 | BK117: =SUM(BPT!D73:D76) -> 110581.77 | BL117: =SUM(BPT!E73:E76) -> 11049.869 | BM117: =SUM(BPT!F73:F76) -> 4442.556 | BN117: =SUM(BPT!G73:G76) -> 5244.0805 | BO117: =SUM(BPT!H73:H76) -> 138983.57 | BP117: =SUM(BPT!I73:I76) -> 110009.03 | ... BT117: =SUM(BPT!M73:M76) -> 15476.812 | BV117: =SUM(BPT!N73:N76) -> 1529.8111 | BW117: =SUM(BPT!O73:O76) -> 9323.5 | BX117: =SUM(BPT!P73:P76) -> 17.829
A118: =G118+R118+T118+ S118-U118-V118 -> -2.2954971e-12 | B118: =H118-M118-G118 -> -1.4551915e-11 | C118: =H118-I118-J118-K118-L118 -> -1.4551915e-11 | D118: =N118+O118+P118+Q118-M118 -> 0 | E118: =U118-G118-(R118+T118)-S118+V118 -> 9.3125507e-13 | F118: 1998 | G118: =BI118 -> -15992.694 | H118: =BJ118 -> 140148.49 | I118: =BK118 -> 117737.7 | J118: =BL118 -> 11480.893 | K118: =BM118 -> 4921.575 | L118: =BN118 -> 6008.3188 | M118: =BO118 -> 156141.18 | N118: =BP118 -> 125538.31 | ... V118: =BX118 -> 1.549 | X118: 1998 | Y118: - | Z118: - | AA118: - | AB118: - | AC118: - | AD118: - | AE118: - | AF118: - | AG118: - | AH118: - | AI118: - | AJ118: - | AK118: - | AL118: - | AM118: - | AN118: - | AP118: 1998 | AQ118: - | AR118: - | AS118: - | AT118: - | AU118: - | AV118: - | AW118: - | AX118: - | AY118: - | AZ118: - | BA118: - | BB118: - | BC118: - | BD118: - | BE118: - | BF118: - | BH118: 1998 | BI118: =SUM(BPT!B77:B80) -> -15992.694 | BJ118: =SUM(BPT!C77:C80) -> 140148.49 | BK118: =SUM(BPT!D77:D80) -> 117737.7 | BL118: =SUM(BPT!E77:E80) -> 11480.893 | BM118: =SUM(BPT!F77:F80) -> 4921.575 | BN118: =SUM(BPT!G77:G80) -> 6008.3188 | BO118: =SUM(BPT!H77:H80) -> 156141.18 | BP118: =SUM(BPT!I77:I80) -> 125538.31 | ... BT118: =SUM(BPT!M77:M80) -> 22161.612 | BV118: =SUM(BPT!N77:N80) -> -3156.2689 | BW118: =SUM(BPT!O77:O80) -> 3011.1 | BX118: =SUM(BPT!P77:P80) -> 1.549
A119: =G119+R119+T119+ S119-U119-V119 -> -1.6084911e-12 | B119: =H119-M119-G119 -> 1.8189894e-11 | C119: =H119-I119-J119-K119-L119 -> -2.1827873e-11 | D119: =N119+O119+P119+Q119-M119 -> 0 | E119: =U119-G119-(R119+T119)-S119+V119 -> 6.9899642e-13 | F119: 1999 | G119: =BI119 -> -14013.767 | H119: =BJ119 -> 158910.49 | I119: =BK119 -> 136560.13 | J119: =BL119 -> 11558.742 | K119: =BM119 -> 4487.168 | L119: =BN119 -> 6304.4537 | M119: =BO119 -> 172924.26 | N119: =BP119 -> 142151.2 | ... V119: =BX119 -> -1.432 | X119: 1999 | Y119: - | Z119: - | AA119: - | AB119: - | AC119: - | AD119: - | AE119: - | AF119: - | AG119: - | AH119: - | AI119: - | AJ119: - | AK119: - | AL119: - | AM119: - | AN119: - | AP119: 1999 | AQ119: - | AR119: - | AS119: - | AT119: - | AU119: - | AV119: - | AW119: - | AX119: - | AY119: - | AZ119: - | BA119: - | BB119: - | BC119: - | BD119: - | BE119: - | BF119: - | BH119: 1999 | BI119: =SUM(BPT!B81:B84) -> -14013.767 | BJ119: =SUM(BPT!C81:C84) -> 158910.49 | BK119: =SUM(BPT!D81:D84) -> 136560.13 | BL119: =SUM(BPT!E81:E84) -> 11558.742 | BM119: =SUM(BPT!F81:F84) -> 4487.168 | BN119: =SUM(BPT!G81:G84) -> 6304.4537 | BO119: =SUM(BPT!H81:H84) -> 172924.26 | BP119: =SUM(BPT!I81:I84) -> 142151.2 | ... BT119: =SUM(BPT!M81:M84) -> 13163.251 | BV119: =SUM(BPT!N81:N84) -> 812.08419 | BW119: =SUM(BPT!O81:O84) -> -37 | BX119: =SUM(BPT!P81:P84) -> -1.432
A120: =G120+R120+T120+ S120-U120-V120 -> -2.4868996e-14 | B120: =H120-M120-G120 -> 4.3655746e-11 | C120: =H120-I120-J120-K120-L120 -> 8.1854523e-12 | D120: =N120+O120+P120+Q120-M120 -> 0 | E120: =U120-G120-(R120+T120)-S120+V120 -> 2.2986058e-12 | F120: 2000 | G120: =BI120 -> -18750.158 | H120: =BJ120 -> 192875.97 | I120: =BK120 -> 166395.94 | J120: =BL120 -> 13507.618 | K120: =BM120 -> 5989.884 | L120: =BN120 -> 6982.525 | M120: =BO120 -> 211626.13 | N120: =BP120 -> 174761.23 | ... V120: =BX120 -> 2.703 | X120: 2000 | Y120: - | Z120: - | AA120: - | AB120: - | AC120: - | AD120: - | AE120: - | AF120: - | AG120: - | AH120: - | AI120: - | AJ120: - | AK120: - | AL120: - | AM120: - | AN120: - | AP120: 2000 | AQ120: - | AR120: - | AS120: - | AT120: - | AU120: - | AV120: - | AW120: - | AX120: - | AY120: - | AZ120: - | BA120: - | BB120: - | BC120: - | BD120: - | BE120: - | BF120: - | BH120: 2000 | BI120: =SUM(BPT!B85:B88) -> -18750.158 | BJ120: =SUM(BPT!C85:C88) -> 192875.97 | BK120: =SUM(BPT!D85:D88) -> 166395.94 | BL120: =SUM(BPT!E85:E88) -> 13507.618 | BM120: =SUM(BPT!F85:F88) -> 5989.884 | BN120: =SUM(BPT!G85:G88) -> 6982.525 | BO120: =SUM(BPT!H85:H88) -> 211626.13 | BP120: =SUM(BPT!I85:I88) -> 174761.23 | ... BT120: =SUM(BPT!M85:M88) -> 20559.024 | BV120: =SUM(BPT!N85:N88) -> 1947.7379 | BW120: =SUM(BPT!O85:O88) -> 3753.9 | BX120: =SUM(BPT!P85:P88) -> 2.703
A121: =G121+R121+T121+ S121-U121-V121 -> -1.8633983e-12 | B121: =H121-M121-G121 -> 0 | C121: =H121-I121-J121-K121-L121 -> 0 | D121: =N121+O121+P121+Q121-M121 -> 0 | E121: =U121-G121-(R121+T121)-S121+V121 -> -1.7745805e-12 | F121: 2001 | G121: =BI121 -> -17482.517 | H121: =BJ121 -> 186427.68 | I121: =BK121 -> 159035.09 | J121: =BL121 -> 12476.852 | K121: =BM121 -> 5602.977 | L121: =BN121 -> 9312.7621 | M121: =BO121 -> 203910.2 | N121: =BP121 -> 168661.01 | ... V121: =BX121 -> 13.148389 | X121: 2001 | Y121: - | Z121: - | AA121: - | AB121: - | AC121: - | AD121: - | AE121: - | AF121: - | AG121: - | AH121: - | AI121: - | AJ121: - | AK121: - | AL121: - | AM121: - | AN121: - | AP121: 2001 | AQ121: - | AR121: - | AS121: - | AT121: - | AU121: - | AV121: - | AW121: - | AX121: - | AY121: - | AZ121: - | BA121: - | BB121: - | BC121: - | BD121: - | BE121: - | BF121: - | BH121: 2001 | BI121: =SUM(BPT!B89:B92) -> -17482.517 | BJ121: =SUM(BPT!C89:C92) -> 186427.68 | BK121: =SUM(BPT!D89:D92) -> 159035.09 | BL121: =SUM(BPT!E89:E92) -> 12476.852 | BM121: =SUM(BPT!F89:F92) -> 5602.977 | BN121: =SUM(BPT!G89:G92) -> 9312.7621 | BO121: =SUM(BPT!H89:H92) -> 203910.2 | BP121: =SUM(BPT!I89:I92) -> 168661.01 | ... BT121: =SUM(BPT!M89:M92) -> 30320.42 | BV121: =SUM(BPT!N89:N92) -> -3596.3548 | BW121: =SUM(BPT!O89:O92) -> 9228.4 | BX121: =SUM(BPT!P89:P92) -> 13.148389

Sheet BCA
A1: Serie de la balanza comercial combinada, 1885-2010 | L1: Variables auxiliares | O1: Fuente: INEGI, EH | S1: Fuente: INEGI, EH
A2: Años | B2: Exp de bienes | C2: Exp de bienes en % del PIB | D2: Exp de bienes en t/c | E2: Imp de bienes | F2: Imp de bienes en % del PIB | G2: Imp de bienes en t/c | H2: Balanza de bienes | I2: Balanza de bienes en % del PIB | J2: Fuentes por periodo | L2: PIB en millones de dólares | M2: Tipo de cambio promedio | O2: Exp de bienes en millones de pesos | P2: IMp de bienes en millones de pesos | Q2: Balanza de bienes | S2: Exp de bienes en millones de dólares | T2: Imp de bienes en millones de dólares | U2: Balanza de bienes
J4: Fuentes
A5: 1885 | B5: =S5 -> 33.497314 | C5: - | D5: - | E5: =T5 -> 16.247889 | F5: - | G5: - | H5: =U5 -> 17.249424 | I5: - | J5: Boletín de estadística fiscal. México. Varios años. | M5: 1.303 | O5: 43.647 | P5: 21.171 | Q5: =O5-P5 -> 22.476 | S5: =O5/$M5 -> 33.497314 | T5: =P5/$M5 -> 16.247889 | U5: =Q5/$M5 -> 17.249424
A6: 1886 | B6: =S6 -> 37.752111 | C6: - | D6: =((B6/B5)-1)*100 -> 12.701904 | E6: =T6 -> nd | F6: - | G6: - | H6: =U6 -> nd | I6: - | L6: - | M6: 1.303 | O6: 49.191 | P6: nd | Q6: nd | S6: =O6/$M6 -> 37.752111 | T6: nd | U6: nd
A7: 1887 | B7: =S7 -> 37.222081 | C7: - | D7: =((B7/B6)-1)*100 -> -1.4039726 | E7: =T7 -> 27.879014 | F7: - | G7: - | H7: =U7 -> 9.3430668 | I7: - | L7: - | M7: 1.3133333 | O7: 48.885 | P7: 36.614439 | Q7: =O7-P7 -> 12.270561 | S7: =O7/$M7 -> 37.222081 | T7: =P7/$M7 -> 27.879014 | U7: =Q7/$M7 -> 9.3430668
A8: 1888 | B8: =S8 -> 44.866128 | C8: - | D8: =((B8/B7)-1)*100 -> 20.536323 | E8: =T8 -> 29.832194 | F8: - | G8: =((E8/E7)-1)*100 -> 7.0059128 | H8: =U8 -> 15.033934 | I8: - | L8: - | M8: 1.3408333 | O8: 60.158 | P8: 40 | Q8: =O8-P8 -> 20.158 | S8: =O8/$M8 -> 44.866128 | T8: =P8/$M8 -> 29.832194 | U8: =Q8/$M8 -> 15.033934
A9: 1889 | B9: =S9 -> 45.955147 | C9: - | D9: =((B9/B8)-1)*100 -> 2.4272632 | E9: =T9 -> 38.235294 | F9: - | G9: =((E9/E8)-1)*100 -> 28.167892 | H9: =U9 -> 7.7198529 | I9: - | L9: - | M9: 1.36 | O9: 62.499 | P9: 52 | Q9: =O9-P9 -> 10.499 | S9: =O9/$M9 -> 45.955147 | T9: =P9/$M9 -> 38.235294 | U9: =Q9/$M9 -> 7.7198529
A10: 1890 | B10: =S10 -> 51.166577 | C10: - | D10: =((B10/B9)-1)*100 -> 11.340253 | E10: =T10 -> nd | F10: - | G10: - | H10: =U10 -> nd | I10: - | L10: - | M10: 1.2366667 | O10: 63.276 | P10: nd | Q10: nd | S10: =O10/$M10 -> 51.166577 | T10: nd | U10: nd
A11: 1891 | B11: =S11 -> 57.755357 | C11: - | D11: =((B11/B10)-1)*100 -> 12.877118 | E11: =T11 -> nd | F11: - | G11: - | H11: =U11 -> nd | I11: - | L11: - | M11: 1.3066667 | O11: 75.467 | P11: nd | Q11: nd | S11: =O11/$M11 -> 57.755357 | T11: nd | U11: nd
A12: 1892 | B12: =S12 -> 59.689988 | C12: - | D12: =((B12/B11)-1)*100 -> 3.3497002 | E12: =T12 -> 29.423729 | F12: - | G12: - | H12: =U12 -> 30.26626 | I12: - | L12: - | M12: 1.475 | O12: 88.042733 | P12: 43.4 | Q12: =O12-P12 -> 44.642733 | S12: =O12/$M12 -> 59.689988 | T12: =P12/$M12 -> 29.423729 | U12: =Q12/$M12 -> 30.26626
A13: 1893 | B13: =S13 -> 48.445131 | C13: - | D13: =((B13/B12)-1)*100 -> -18.838766 | E13: =T13 -> 18.326613 | F13: - | G13: =((E13/E12)-1)*100 -> -37.714852 | H13: =U13 -> 30.118518 | I13: - | L13: - | M13: 1.6533333 | O13: 80.09595 | P13: 30.3 | Q13: =O13-P13 -> 49.79595 | S13: =O13/$M13 -> 48.445131 | T13: =P13/$M13 -> 18.326613 | U13: =Q13/$M13 -> 30.118518
A14: 1894 | B14: =S14 -> 48.561248 | C14: - | D14: =((B14/B13)-1)*100 -> 0.23968835 | E14: =T14 -> 17.376491 | F14: - | G14: =((E14/E13)-1)*100 -> -5.1843856 | H14: =U14 -> 31.184758 | I14: - | L14: - | M14: 1.9566667 | O14: 95.018176 | P14: 34 | Q14: =O14-P14 -> 61.018176 | S14: =O14/$M14 -> 48.561248 | T14: =P14/$M14 -> 17.376491 | U14: =Q14/$M14 -> 31.184758
A15: 1895 | B15: =S15 -> 57.729329 | C15: =(B15/L15)*100 -> 12.913437 | D15: =((B15/B14)-1)*100 -> 18.879418 | E15: =T15 -> 22.195015 | F15: =(E15/L15)*100 -> 4.9647887 | G15: =((E15/E14)-1)*100 -> 27.730137 | H15: =U15 -> 35.534314 | I15: =(H15/L15)*100 -> 7.9486479 | L15: 447.04854 | M15: 1.9058333 | O15: 110.02248 | P15: 42.3 | Q15: =O15-P15 -> 67.72248 | S15: =O15/$M15 -> 57.729329 | T15: =P15/$M15 -> 22.195015 | U15: =Q15/$M15 -> 35.534314
A16: 1896 | B16: =S16 -> 61.82892 | C16: =(B16/L16)*100 -> 13.399783 | D16: =((B16/B15)-1)*100 -> 7.1013997 | E16: =T16 -> 22.152231 | F16: =(E16/L16)*100 -> 4.8009101 | G16: =((E16/E15)-1)*100 -> -0.1927655 | H16: =U16 -> 39.676689 | I16: =(H16/L16)*100 -> 8.5988728 | L16: 461.41732 | M16: 1.905 | O16: 117.78409 | P16: 42.2 | Q16: =O16-P16 -> 75.584092 | S16: =O16/$M16 -> 61.82892 | T16: =P16/$M16 -> 22.152231 | U16: =Q16/$M16 -> 39.676689
A17: 1897 | B17: =S17 -> 64.871654 | C17: =(B17/L17)*100 -> 11.720586 | D17: =((B17/B16)-1)*100 -> 4.9212157 | E17: =T17 -> 20.485513 | F17: =(E17/L17)*100 -> 3.7011885 | G17: =((E17/E16)-1)*100 -> -7.5239286 | H17: =U17 -> 44.386141 | I17: =(H17/L17)*100 -> 8.0193976 | L17: 553.48473 | M17: 2.1283333 | O17: 138.0685 | P17: 43.6 | Q17: =O17-P17 -> 94.468504 | S17: =O17/$M17 -> 64.871654 | T17: =P17/$M17 -> 20.485513 | U17: =Q17/$M17 -> 44.386141
A18: 1898 | B18: =S18 -> 68.150192 | C18: =(B18/L18)*100 -> 12.699216 | D18: =((B18/B17)-1)*100 -> 5.0538828 | E18: =T18 -> 23.366488 | F18: =(E18/L18)*100 -> 4.3541488 | G18: =((E18/E17)-1)*100 -> 14.063476 | H18: =U18 -> 44.783703 | I18: =(H18/L18)*100 -> 8.3450671 | L18: 536.64881 | M18: 2.1783333 | O18: 148.45383 | P18: 50.9 | Q18: =O18-P18 -> 97.553834 | S18: =O18/$M18 -> 68.150192 | T18: =P18/$M18 -> 23.366488 | U18: =Q18/$M18 -> 44.783703
A19: 1899 | B19: =S19 -> 75.386074 | C19: =(B19/L19)*100 -> 13.354256 | D19: =((B19/B18)-1)*100 -> 10.617552 | E19: =T19 -> 29.202064 | F19: =(E19/L19)*100 -> 5.1729958 | G19: =((E19/E18)-1)*100 -> 24.974126 | H19: =U19 -> 46.184009 | I19: =(H19/L19)*100 -> 8.1812602 | L19: 564.50973 | M19: 2.0991667 | O19: 158.24793 | P19: 61.3 | Q19: =O19-P19 -> 96.947933 | S19: =O19/$M19 -> 75.386074 | T19: =P19/$M19 -> 29.202064 | U19: =Q19/$M19 -> 46.184009
A20: 1900 | B20: =S20 -> 76.672618 | C20: =(B20/L20)*100 -> 11.997683 | D20: =((B20/B19)-1)*100 -> 1.7066075 | E20: =T20 -> 31.589163 | F20: =(E20/L20)*100 -> 4.9430524 | G20: =((E20/E19)-1)*100 -> 8.1744175 | H20: =U20 -> 45.083455 | I20: =(H20/L20)*100 -> 7.0546308 | L20: 639.06187 | M20: 2.0608333 | O20: 158.00949 | P20: 65.1 | Q20: =O20-P20 -> 92.909487 | S20: =O20/$M20 -> 76.672618 | T20: =P20/$M20 -> 31.589163 | U20: =Q20/$M20 -> 45.083455
A21: 1901 | B21: =S21 -> 80.363251 | C21: =(B21/L21)*100 -> 9.6830017 | D21: =((B21/B20)-1)*100 -> 4.813496 | E21: =T21 -> 30.97076 | F21: =(E21/L21)*100 -> 3.7316798 | G21: =((E21/E20)-1)*100 -> -1.957642 | H21: =U21 -> 49.392491 | I21: =(H21/L21)*100 -> 5.9513219 | L21: 829.94152 | M21: 2.1375 | O21: 171.77645 | P21: 66.2 | Q21: =O21-P21 -> 105.57645 | S21: =O21/$M21 -> 80.363251 | T21: =P21/$M21 -> 30.97076 | U21: =Q21/$M21 -> 49.392491
A22: 1902 | B22: =S22 -> 85.841101 | C22: =(B22/L22)*100 -> 12.402978 | D22: =((B22/B21)-1)*100 -> 6.8163612 | E22: =T22 -> 31.4198 | F22: =(E22/L22)*100 -> 4.5397727 | G22: =((E22/E21)-1)*100 -> 1.4498827 | H22: =U22 -> 54.421301 | I22: =(H22/L22)*100 -> 7.8632053 | L22: 692.10072 | M22: 2.4158333 | O22: 207.37779 | P22: 75.905 | Q22: =O22-P22 -> 131.47279 | S22: =O22/$M22 -> 85.841101 | T22: =P22/$M22 -> 31.4198 | U22: =Q22/$M22 -> 54.421301
A23: 1903 | B23: =S23 -> 88.614764 | C23: =(B23/L23)*100 -> 11.313199 | D23: =((B23/B22)-1)*100 -> 3.2311601 | E23: =T23 -> 33.017179 | F23: =(E23/L23)*100 -> 4.2152109 | G23: =((E23/E22)-1)*100 -> 5.083988 | H23: =U23 -> 55.597586 | I23: =(H23/L23)*100 -> 7.0979883 | L23: 783.28652 | M23: 2.3733333 | O23: 210.31237 | P23: 78.360771 | Q23: =O23-P23 -> 131.9516 | S23: =O23/$M23 -> 88.614764 | T23: =P23/$M23 -> 33.017179 | U23: =Q23/$M23 -> 55.597586
A24: 1904 | B24: =S24 -> 96.500016 | C24: =(B24/L24)*100 -> 11.357323 | D24: =((B24/B23)-1)*100 -> 8.8983496 | E24: =T24 -> 39.856055 | F24: =(E24/L24)*100 -> 4.6907567 | G24: =((E24/E23)-1)*100 -> 20.713086 | H24: =U24 -> 56.643961 | I24: =(H24/L24)*100 -> 6.6665663 | L24: 849.67219 | M24: 2.1608333 | O24: 208.52045 | P24: 86.122293 | Q24: =O24-P24 -> 122.39816 | S24: =O24/$M24 -> 96.500016 | T24: =P24/$M24 -> 39.856055 | U24: =Q24/$M24 -> 56.643961
A25: 1905 | B25: =S25 -> 114.89889 | C25: =(B25/L25)*100 -> 10.206775 | D25: =((B25/B24)-1)*100 -> 19.066183 | E25: =T25 -> 108.95584 | F25: =(E25/L25)*100 -> 9.6788385 | G25: =((E25/E24)-1)*100 -> 173.37337 | H25: =U25 -> 5.9430458 | I25: =(H25/L25)*100 -> 0.52793665 | L25: 1125.7119 | M25: 2.0191667 | O25: 232 | P25: 220 | Q25: =O25-P25 -> 12 | S25: =O25/$M25 -> 114.89889 | T25: =P25/$M25 -> 108.95584 | U25: =Q25/$M25 -> 5.9430458
A26: 1906 | B26: =S26 -> 118.18944 | C26: =(B26/L26)*100 -> 10.59991 | D26: =((B26/B25)-1)*100 -> 2.8638683 | E26: =T26 -> 116.78122 | F26: =(E26/L26)*100 -> 10.473613 | G26: =((E26/E25)-1)*100 -> 7.1821611 | H26: =U26 -> 1.4082146 | I26: =(H26/L26)*100 -> 0.1262968 | L26: 1115.0042 | M26: 1.9883333 | O26: 235 | P26: 232.2 | Q26: =O26-P26 -> 2.8 | S26: =O26/$M26 -> 118.18944 | T26: =P26/$M26 -> 116.78122 | U26: =Q26/$M26 -> 1.4082146
... A39: 1919 | B39: =S39 -> 203.42065 | C39: =(B39/L39)*100 -> 6.7053447 | D39: =((B39/B38)-1)*100 -> -1.9190868 | E39: =T39 -> 119.41478 | F39: =(E39/L39)*100 -> 3.9362635 | G39: =((E39/E38)-1)*100 -> -21.713758 | H39: =U39 -> 84.005871 | I39: =(H39/L39)*100 -> 2.7690812 | L39: 3033.7091 | M39: 1.985 | O39: 403.79 | P39: 237.03835 | Q39: =O39-P39 -> 166.75165 | S39: =O39/$M39 -> 203.42065 | T39: =P39/$M39 -> 119.41478 | U39: =Q39/$M39 -> 84.005871
A40: 1920 | B40: 425.4 | C40: =(B40/L40)*100 -> 12.469734 | D40: =((B40/B39)-1)*100 -> 109.12331 | E40: 197.5 | F40: =(E40/L40)*100 -> 5.7893098 | G40: =((E40/E39)-1)*100 -> 65.389906 | H40: =B40-E40 -> 227.9 | I40: =(H40/L40)*100 -> 6.6804238 | J40: NAFINSA (1974, p. 373) | L40: 3411.4602 | M40: 2.01 | O40: 855.09404 | P40: 396.68176 | Q40: =O40-P40 -> 458.41228 | S40: =O40/$M40 -> 425.41992 | T40: =P40/$M40 -> 197.35411 | U40: =Q40/$M40 -> 228.06581
A41: 1921 | B41: 376 | C41: =(B41/L41)*100 -> 14.055484 | D41: =((B41/B40)-1)*100 -> -11.6126 | E41: 241.7 | F41: =(E41/L41)*100 -> 9.0351344 | G41: =((E41/E40)-1)*100 -> 22.379747 | H41: =B41-E41 -> 134.3 | I41: =(H41/L41)*100 -> 5.0203498 | L41: 2675.1124 | M41: 2.0391667 | O41: 449.71256 | P41: 493.16174 | Q41: =O41-P41 -> -43.449179 | S41: =O41/$M41 -> 220.53742 | T41: =P41/$M41 -> 241.84474 | U41: =Q41/$M41 -> -21.307321
A42: 1922 | B42: 314.1 | C42: =(B42/L42)*100 -> 14.045539 | D42: =((B42/B41)-1)*100 -> -16.462766 | E42: 150.7 | F42: =(E42/L42)*100 -> 6.7388181 | G42: =((E42/E41)-1)*100 -> -37.649979 | H42: =B42-E42 -> 163.4 | I42: =(H42/L42)*100 -> 7.3067211 | L42: 2236.2972 | M42: 2.0525 | O42: 498.94786 | P42: 308.49961 | Q42: =O42-P42 -> 190.44825 | S42: =O42/$M42 -> 243.09274 | T42: =P42/$M42 -> 150.30432 | U42: =Q42/$M42 -> 92.788427
A43: 1923 | B43: 275.7 | C43: =(B43/L43)*100 -> 11.299631 | D43: =((B43/B42)-1)*100 -> -12.225406 | E43: 152.9 | F43: =(E43/L43)*100 -> 6.2666434 | G43: =((E43/E42)-1)*100 -> 1.459854 | H43: =B43-E43 -> 122.8 | I43: =(H43/L43)*100 -> 5.0329876 | L43: 2439.9027 | M43: 2.055 | O43: 489.71615 | P43: 315.10853 | Q43: =O43-P43 -> 174.60763 | S43: =O43/$M43 -> 238.3047 | T43: =P43/$M43 -> 153.33748 | U43: =Q43/$M43 -> 84.967215
A44: 1924 | B44: 297.1 | C44: =(B44/L44)*100 -> 13.252896 | D44: =((B44/B43)-1)*100 -> 7.7620602 | E44: 155.1 | F44: =(E44/L44)*100 -> 6.9186272 | G44: =((E44/E43)-1)*100 -> 1.4388489 | H44: =B44-E44 -> 142 | I44: =(H44/L44)*100 -> 6.3342687 | L44: 2241.7742 | M44: 2.0666667 | O44: 614.71252 | P44: 321.3716 | Q44: =O44-P44 -> 293.34091 | S44: =O44/$M44 -> 297.44154 | T44: =P44/$M44 -> 155.50239 | U44: =Q44/$M44 -> 141.93915
A45: 1925 | B45: 336 | C45: =(B45/L45)*100 -> 12.960489 | D45: =((B45/B44)-1)*100 -> 13.093235 | E45: 192.6 | F45: =(E45/L45)*100 -> 7.4291372 | G45: =((E45/E44)-1)*100 -> 24.17795 | H45: =B45-E45 -> 143.4 | I45: =(H45/L45)*100 -> 5.5313514 | L45: 2592.4948 | M45: 2.0208333 | O45: 682.48483 | P45: 390.99617 | Q45: =O45-P45 -> 291.48866 | S45: =O45/$M45 -> 337.72445 | T45: =P45/$M45 -> 193.48264 | U45: =Q45/$M45 -> 144.24181
A46: 1926 | B46: 334.3 | C46: =(B46/L46)*100 -> 12.617497 | D46: =((B46/B45)-1)*100 -> -0.50595238 | E46: 184.1 | F46: =(E46/L46)*100 -> 6.948493 | G46: =((E46/E45)-1)*100 -> -4.4132918 | H46: =B46-E46 -> 150.2 | I46: =(H46/L46)*100 -> 5.6690041 | L46: 2649.4954 | M46: 2.0641667 | O46: 691.75393 | P46: 381.26304 | Q46: =O46-P46 -> 310.49089 | S46: =O46/$M46 -> 335.12504 | T46: =P46/$M46 -> 184.70555 | U46: =Q46/$M46 -> 150.41949
A47: 1927 | B47: 299.1 | C47: =(B47/L47)*100 -> 12.674915 | D47: =((B47/B46)-1)*100 -> -10.529465 | E47: 163.2 | F47: =(E47/L47)*100 -> 6.9159013 | G47: =((E47/E46)-1)*100 -> -11.352526 | H47: =B47-E47 -> 135.9 | I47: =(H47/L47)*100 -> 5.7590134 | L47: 2359.7792 | M47: 2.1133333 | O47: 633.65885 | P47: 346.38727 | Q47: =O47-P47 -> 287.27158 | S47: =O47/$M47 -> 299.83857 | T47: =P47/$M47 -> 163.90565 | U47: =Q47/$M47 -> 135.93292
A48: 1928 | B48: 284.6 | C48: =(B48/L48)*100 -> 11.777986 | D48: =((B48/B47)-1)*100 -> -4.847877 | E48: 172.1 | F48: =(E48/L48)*100 -> 7.1222466 | G48: =((E48/E47)-1)*100 -> 5.4534314 | H48: =B48-E48 -> 112.5 | I48: =(H48/L48)*100 -> 4.6557393 | L48: 2416.3724 | M48: 2.0766667 | O48: 592.44405 | P48: 357.76236 | Q48: =O48-P48 -> 234.68169 | S48: =O48/$M48 -> 285.28606 | T48: =P48/$M48 -> 172.27722 | U48: =Q48/$M48 -> 113.00884
A49: 1929 | B49: 274.9 | C49: =(B49/L49)*100 -> 11.701481 | D49: =((B49/B48)-1)*100 -> -3.4082923 | E49: 177.7 | F49: =(E49/L49)*100 -> 7.5640345 | G49: =((E49/E48)-1)*100 -> 3.2539221 | H49: =B49-E49 -> 97.2 | I49: =(H49/L49)*100 -> 4.137446 | L49: 2349.2754 | M49: 2.07 | O49: 590.6586 | P49: 382.24764 | Q49: =O49-P49 -> 208.41097 | S49: =O49/$M49 -> 285.34232 | T49: =P49/$M49 -> 184.66069 | U49: =Q49/$M49 -> 100.68163
A50: 1930 | B50: 203.1 | C50: =(B50/L50)*100 -> 9.8149047 | D50: =((B50/B49)-1)*100 -> -26.118589 | E50: 154.9 | F50: =(E50/L50)*100 -> 7.4856166 | G50: =((E50/E49)-1)*100 -> -12.830613 | H50: =B50-E50 -> 48.2 | I50: =(H50/L50)*100 -> 2.3292881 | L50: 2069.3018 | M50: 2.2558333 | O50: 458.67449 | P50: 350.17842 | Q50: =O50-P50 -> 108.49607 | S50: =O50/$M50 -> 203.32818 | T50: =P50/$M50 -> 155.2324 | U50: =Q50/$M50 -> 48.095784
A51: 1931 | B51: 150.9 | C51: =(B51/L51)*100 -> 9.5937293 | D51: =((B51/B50)-1)*100 -> -25.701625 | E51: 81.9 | F51: =(E51/L51)*100 -> 5.2069346 | G51: =((E51/E50)-1)*100 -> -47.127179 | H51: =B51-E51 -> 69 | I51: =(H51/L51)*100 -> 4.3867947 | L51: 1572.9024 | M51: 2.6816667 | O51: 399.71131 | P51: 216.58542 | Q51: =O51-P51 -> 183.1259 | S51: =O51/$M51 -> 149.05332 | T51: =P51/$M51 -> 80.765227 | U51: =Q51/$M51 -> 68.288091
A52: 1932 | B52: 96.5 | C52: =(B52/L52)*100 -> 9.5190658 | D52: =((B52/B51)-1)*100 -> -36.050364 | E52: 57.3 | F52: =(E52/L52)*100 -> 5.6522536 | G52: =((E52/E51)-1)*100 -> -30.03663 | H52: =B52-E52 -> 39.2 | I52: =(H52/L52)*100 -> 3.8668122 | L52: 1013.7549 | M52: 3.1625 | O52: 304.69718 | P52: 180.91221 | Q52: =O52-P52 -> 123.78497 | S52: =O52/$M52 -> 96.346933 | T52: =P52/$M52 -> 57.205442 | U52: =Q52/$M52 -> 39.141491
... A58: 1938 | B58: 185.4 | C58: =(B58/L58)*100 -> 11.503152 | D58: =((B58/B57)-1)*100 -> -25.211779 | E58: 109.3 | F58: =(E58/L58)*100 -> 6.7815238 | G58: =((E58/E57)-1)*100 -> -35.932005 | H58: =B58-E58 -> 76.1 | I58: =(H58/L58)*100 -> 4.7216282 | L58: 1611.7322 | M58: 4.5175 | O58: 838.12796 | P58: 494.11813 | Q58: =O58-P58 -> 344.00983 | S58: =O58/$M58 -> 185.52915 | T58: =P58/$M58 -> 109.37867 | U58: =Q58/$M58 -> 76.150489
A59: 1939 | B59: 163.4 | C59: =(B59/L59)*100 -> 11.342849 | D59: =((B59/B58)-1)*100 -> -11.866235 | E59: 128.2 | F59: =(E59/L59)*100 -> 8.899347 | G59: =((E59/E58)-1)*100 -> 17.291857 | H59: =B59-E59 -> 35.2 | I59: =(H59/L59)*100 -> 2.4435025 | J59: NAFINSA (1974, pp. 365-372) | L59: 1440.5551 | M59: 5.4041667 | O59: 914.38988 | P59: 629.70822 | Q59: =O59-P59 -> 284.68166 | S59: =O59/$M59 -> 169.2009 | T59: =P59/$M59 -> 116.52272 | U59: =Q59/$M59 -> 52.678179
A60: 1940 | B60: 159.8 | C60: =(B60/L60)*100 -> 9.4099709 | D60: =((B60/B59)-1)*100 -> -2.2031824 | E60: 132.4 | F60: =(E60/L60)*100 -> 7.7964965 | G60: =((E60/E59)-1)*100 -> 3.276131 | H60: =B60-E60 -> 27.4 | I60: =(H60/L60)*100 -> 1.6134744 | L60: 1698.1987 | M60: 4.8575 | O60: 960.041 | P60: 699.016 | Q60: =O60-P60 -> 261.025 | S60: =O60/$M60 -> 197.64097 | T60: =P60/$M60 -> 143.90448 | U60: =Q60/$M60 -> 53.73649
A61: 1941 | B61: 176.5 | C61: =(B61/L61)*100 -> 9.2755542 | D61: =((B61/B60)-1)*100 -> 10.450563 | E61: 199.5 | F61: =(E61/L61)*100 -> 10.484267 | G61: =((E61/E60)-1)*100 -> 50.679758 | H61: =B61-E61 -> -23 | I61: =(H61/L61)*100 -> -1.2087124 | L61: 1902.8513 | M61: 4.8516667 | O61: 729.516 | P61: 915.11 | Q61: =O61-P61 -> -185.594 | S61: =O61/$M61 -> 150.364 | T61: =P61/$M61 -> 188.61766 | U61: =Q61/$M61 -> -38.253659
A62: 1942 | B62: 207.5 | C62: =(B62/L62)*100 -> 9.4221047 | D62: =((B62/B61)-1)*100 -> 17.563739 | E62: 172.2 | F62: =(E62/L62)*100 -> 7.8192117 | G62: =((E62/E61)-1)*100 -> -13.684211 | H62: =B62-E62 -> 35.3 | I62: =(H62/L62)*100 -> 1.602893 | L62: 2202.268 | M62: 4.85 | O62: 989.725 | P62: 753.039 | Q62: =O62-P62 -> 236.686 | S62: =O62/$M62 -> 204.06701 | T62: =P62/$M62 -> 155.26577 | U62: =Q62/$M62 -> 48.801237
A63: 1943 | B63: 291.6 | C63: =(B63/L63)*100 -> 10.860898 | D63: =((B63/B62)-1)*100 -> 40.53012 | E63: 212.2 | F63: =(E63/L63)*100 -> 7.903575 | G63: =((E63/E62)-1)*100 -> 23.228804 | H63: =B63-E63 -> 79.4 | I63: =(H63/L63)*100 -> 2.9573226 | L63: 2684.861 | M63: 4.855 | O63: 1130.229 | P63: 909.583 | Q63: =O63-P63 -> 220.646 | S63: =O63/$M63 -> 232.79691 | T63: =P63/$M63 -> 187.34974 | U63: =Q63/$M63 -> 45.447168
A64: 1944 | B64: 283.7 | C64: =(B64/L64)*100 -> 7.323497 | D64: =((B64/B63)-1)*100 -> -2.7091907 | E64: 311 | F64: =(E64/L64)*100 -> 8.0282254 | G64: =((E64/E63)-1)*100 -> 46.559849 | H64: =B64-E64 -> -27.3 | I64: =(H64/L64)*100 -> -0.70472847 | L64: 3873.8324 | M64: 4.8533333 | O64: 1046.985 | P64: 1895.198 | Q64: =O64-P64 -> -848.213 | S64: =O64/$M64 -> 215.72493 | T64: =P64/$M64 -> 390.49409 | U64: =Q64/$M64 -> -174.76916
A65: 1945 | B65: 320.8 | C65: =(B65/L65)*100 -> 7.5718014 | D65: =((B65/B64)-1)*100 -> 13.077194 | E65: 372.5 | F65: =(E65/L65)*100 -> 8.7920698 | G65: =((E65/E64)-1)*100 -> 19.77492 | H65: =B65-E65 -> -51.7 | I65: =(H65/L65)*100 -> -1.2202685 | L65: 4236.7725 | M65: 4.8541667 | O65: 1271.878 | P65: 1604.404 | Q65: =O65-P65 -> -332.526 | S65: =O65/$M65 -> 262.01779 | T65: =P65/$M65 -> 330.521 | U65: =Q65/$M65 -> -68.50321
A66: 1946 | B66: 368.5 | C66: =(B66/L66)*100 -> 6.4099385 | D66: =((B66/B65)-1)*100 -> 14.869077 | E66: 600.6 | F66: =(E66/L66)*100 -> 10.447243 | G66: =((E66/E65)-1)*100 -> 61.234899 | H66: =B66-E66 -> -232.1 | I66: =(H66/L66)*100 -> -4.0373046 | L66: 5748.8851 | M66: 4.8583333 | O66: 1915.261 | P66: 2636.787 | Q66: =O66-P66 -> -721.526 | S66: =O66/$M66 -> 394.22182 | T66: =P66/$M66 -> 542.73489 | U66: =Q66/$M66 -> -148.51307
A67: 1947 | B67: 483 | C67: =(B67/L67)*100 -> 7.5665796 | D67: =((B67/B66)-1)*100 -> 31.071913 | E67: 720.3 | F67: =(E67/L67)*100 -> 11.284073 | G67: =((E67/E66)-1)*100 -> 19.93007 | H67: =B67-E67 -> -237.3 | I67: =(H67/L67)*100 -> -3.7174935 | L67: 6383.3333 | M67: 4.86 | O67: 2161.848 | P67: 3230.294 | Q67: =O67-P67 -> -1068.446 | S67: =O67/$M67 -> 444.82469 | T67: =P67/$M67 -> 664.66955 | U67: =Q67/$M67 -> -219.84486
A68: 1948 | B68: 473.1 | C68: =(B68/L68)*100 -> 8.0955779 | D68: =((B68/B67)-1)*100 -> -2.0496894 | E68: 591.4 | F68: =(E68/L68)*100 -> 10.1199 | G68: =((E68/E67)-1)*100 -> -17.895321 | H68: =B68-E68 -> -118.3 | I68: =(H68/L68)*100 -> -2.0243223 | L68: 5843.9311 | M68: 5.6641667 | O68: 2662.12 | P68: 2951.495 | Q68: =O68-P68 -> -289.375 | S68: =O68/$M68 -> 469.99323 | T68: =P68/$M68 -> 521.08195 | U68: =Q68/$M68 -> -51.088716
A69: 1949 | B69: 455.9 | C69: =(B69/L69)*100 -> 10.006253 | D69: =((B69/B68)-1)*100 -> -3.635595 | E69: 514.4 | F69: =(E69/L69)*100 -> 11.290231 | G69: =((E69/E68)-1)*100 -> -13.019953 | H69: =B69-E69 -> -58.5 | I69: =(H69/L69)*100 -> -1.2839785 | L69: 4556.1511 | M69: 7.9918333 | O69: 452.3 | P69: 440.3 | Q69: =O69-P69 -> 12 | S69: - | T69: - | U69: -
A70: 1950 | B70: 699.4 | C70: =(B70/L70)*100 -> 14.3348 | D70: =((B70/B69)-1)*100 -> 53.410836 | E70: 556.4 | F70: =(E70/L70)*100 -> 11.403893 | G70: =((E70/E69)-1)*100 -> 8.1648523 | H70: =B70-E70 -> 143 | I70: =(H70/L70)*100 -> 2.930907 | J70: Banxico, Balanza de pagos histórica | L70: 4879.0357 | M70: 8.6416667 | O70: 493.4 | P70: 596.7 | Q70: =O70-P70 -> -103.3 | S70: - | T70: - | U70: -
A71: 1951 | B71: 720.1 | C71: =(B71/L71)*100 -> 11.423804 | D71: =((B71/B70)-1)*100 -> 2.9596797 | E71: 936 | F71: =(E71/L71)*100 -> 14.848883 | G71: =((E71/E70)-1)*100 -> 68.224299 | H71: =B71-E71 -> -215.9 | I71: =(H71/L71)*100 -> -3.4250788 | L71: 6303.5045 | M71: 8.6261538 | O71: 591.5 | P71: 888.7 | Q71: =O71-P71 -> -297.2 | S71: - | T71: - | U71: -
A72: 1952 | B72: 729.4 | C72: =(B72/L72)*100 -> 10.29449 | D72: =((B72/B71)-1)*100 -> 1.2914873 | E72: 945.7 | F72: =(E72/L72)*100 -> 13.347271 | G72: =((E72/E71)-1)*100 -> 1.0363248 | H72: =B72-E72 -> -216.3 | I72: =(H72/L72)*100 -> -3.0527806 | L72: 7085.3437 | M72: 8.6083333 | O72: 625.3 | P72: 828.8 | Q72: =O72-P72 -> -203.5 | S72: - | T72: - | U72: -
A73: 1953 | B73: 638.1 | C73: =(B73/L73)*100 -> 9.0547565 | D73: =((B73/B72)-1)*100 -> -12.517137 | E73: 835.8 | F73: =(E73/L73)*100 -> 11.860156 | G73: =((E73/E72)-1)*100 -> -11.621021 | H73: =B73-E73 -> -197.7 | I73: =(H73/L73)*100 -> -2.8053994 | L73: 7047.1249 | M73: 8.6083333 | O73: 559.1 | P73: 807.5 | Q73: =O73-P73 -> -248.4 | S73: - | T73: - | U73: -
A74: 1954 | B74: 674.1 | C74: =(B74/L74)*100 -> 10.359583 | D74: =((B74/B73)-1)*100 -> 5.6417489 | E74: 894.3 | F74: =(E74/L74)*100 -> 13.743621 | G74: =((E74/E73)-1)*100 -> 6.9992821 | H74: =B74-E74 -> -220.2 | I74: =(H74/L74)*100 -> -3.3840382 | L74: 6507.0187 | M74: 11.3625 | O74: 615.8 | P74: 788.7 | Q74: =O74-P74 -> -172.9 | S74: - | T74: - | U74: -
A75: 1955 | B75: 859.5 | C75: =(B75/L75)*100 -> 11.92093 | D75: =((B75/B74)-1)*100 -> 27.503338 | E75: 883.9 | F75: =(E75/L75)*100 -> 12.259348 | G75: =((E75/E74)-1)*100 -> -1.1629207 | H75: =B75-E75 -> -24.4 | I75: =(H75/L75)*100 -> -0.33841849 | L75: 7210.008 | M75: 12.49 | O75: 738.6 | P75: 883.7 | Q75: =O75-P75 -> -145.1 | S75: - | T75: - | U75: -
A76: 1956 | B76: 874.6 | C76: =(B76/L76)*100 -> 10.61383 | D76: =((B76/B75)-1)*100 -> 1.7568354 | E76: 1071.6 | F76: =(E76/L76)*100 -> 13.004551 | G76: =((E76/E75)-1)*100 -> 21.235434 | H76: =B76-E76 -> -197 | I76: =(H76/L76)*100 -> -2.3907209 | L76: 8240.1922 | M76: 12.49 | O76: 807.2 | P76: 1071.6 | Q76: =O76-P76 -> -264.4 | S76: - | T76: - | U76: -
A77: 1957 | B77: 777.4 | C77: =(B77/L77)*100 -> 8.2142412 | D77: =((B77/B76)-1)*100 -> -11.113652 | E77: 1161.5 | F77: =(E77/L77)*100 -> 12.272757 | G77: =((E77/E76)-1)*100 -> 8.3893244 | H77: =B77-E77 -> -384.1 | I77: =(H77/L77)*100 -> -4.0585156 | L77: 9464.0512 | M77: 12.49 | O77: 706.1 | P77: 1155.2 | Q77: =O77-P77 -> -449.1 | S77: - | T77: - | U77: -
A78: 1958 | B78: 758.2 | C78: =(B78/L78)*100 -> 7.2082008 | D78: =((B78/B77)-1)*100 -> -2.469771 | E78: 1164.9 | F78: =(E78/L78)*100 -> 11.074694 | G78: =((E78/E77)-1)*100 -> 0.29272492 | H78: =B78-E78 -> -406.7 | I78: =(H78/L78)*100 -> -3.8664934 | L78: 10518.575 | M78: 12.49 | O78: 709.1 | P78: 1128.6 | Q78: =O78-P78 -> -419.5 | S78: - | T78: - | U78: -
A79: 1959 | B79: 780.7 | C79: =(B79/L79)*100 -> 6.9267631 | D79: =((B79/B78)-1)*100 -> 2.9675547 | E79: 1035.3 | F79: =(E79/L79)*100 -> 9.1857024 | G79: =((E79/E78)-1)*100 -> -11.125418 | H79: =B79-E79 -> -254.6 | I79: =(H79/L79)*100 -> -2.2589393 | L79: 11270.777 | M79: 12.49 | O79: 723 | P79: 1006.6 | Q79: =O79-P79 -> -283.6 | S79: - | T79: - | U79: -
A80: 1960 | B80: 805.7 | C80: =(B80/L80)*100 -> 6.3011922 | D80: =((B80/B79)-1)*100 -> 3.2022544 | E80: 1211.3 | F80: =(E80/L80)*100 -> 9.4732954 | G80: =((E80/E79)-1)*100 -> 16.999903 | H80: =B80-E80 -> -405.6 | I80: =(H80/L80)*100 -> -3.1721032 | L80: 12786.469 | M80: 12.49 | O80: 738.7 | P80: 1186.4 | Q80: =O80-P80 -> -447.7 | S80: - | T80: - | U80: -
A81: 1961 | B81: 842.8 | C81: =(B81/L81)*100 -> 6.0764345 | D81: =((B81/B80)-1)*100 -> 4.6046916 | E81: 1165.2 | F81: =(E81/L81)*100 -> 8.4008797 | G81: =((E81/E80)-1)*100 -> -3.8058284 | H81: =B81-E81 -> -322.4 | I81: =(H81/L81)*100 -> -2.3244453 | L81: 13869.976 | M81: 12.49 | O81: 803.5 | P81: 1138.6 | Q81: =O81-P81 -> -335.1 | S81: - | T81: - | U81: -
A82: 1962 | B82: 934.3 | C82: =(B82/L82)*100 -> 6.2476414 | D82: =((B82/B81)-1)*100 -> 10.856668 | E82: 1160.8 | F82: =(E82/L82)*100 -> 7.7622413 | G82: =((E82/E81)-1)*100 -> -0.37761758 | H82: =B82-E82 -> -226.5 | I82: =(H82/L82)*100 -> -1.5146 | L82: 14954.444 | M82: 12.49 | O82: 899.5 | P82: 1143 | Q82: =O82-P82 -> -243.5 | S82: - | T82: - | U82: -
... A99: 1979 | B99: 9943.3 | C99: =(B99/L99)*100 -> 7.3797515 | D99: =((B99/B98)-1)*100 -> 46.996733 | E99: 12131.5 | F99: =(E99/L99)*100 -> 9.0037971 | G99: =((E99/E98)-1)*100 -> 51.805043 | H99: =B99-E99 -> -2188.2 | I99: =(H99/L99)*100 -> -1.6240456 | L99: 134737.6 | M99: 22.766667 | O99: 8817.6 | P99: 12678.6 | Q99: =O99-P99 -> -3861 | S99: - | T99: - | U99: -
A100: 1980 | B100: 18031.039 | C100: =(B100/L100)*100 -> 9.2813008 | D100: =((B100/B99)-1)*100 -> 81.33858 | E100: 21089.36 | F100: =(E100/L100)*100 -> 10.855542 | G100: =((E100/E99)-1)*100 -> 73.839674 | H100: =B100-E100 -> -3058.321 | I100: =(H100/L100)*100 -> -1.5742408 | L100: 194272.76 | M100: 22.941667 | O100: 18031 | P100: 21089.4 | Q100: -3058.3 | S100: - | T100: - | U100: -
A101: 1981 | B101: 23307.339 | C101: =(B101/L101)*100 -> 9.1989493 | D101: =((B101/B100)-1)*100 -> 29.262318 | E101: 27184.229 | F101: =(E101/L101)*100 -> 10.729082 | G101: =((E101/E100)-1)*100 -> 28.900208 | H101: =B101-E101 -> -3876.89 | I101: =(H101/L101)*100 -> -1.5301324 | L101: 253369.58 | M101: 24.483333 | O101: 23307.3 | P101: 27184.2 | Q101: -3876.9 | S101: - | T101: - | U101: -
A102: 1982 | B102: 24055.21 | C102: =(B102/L102)*100 -> 13.003803 | D102: =((B102/B101)-1)*100 -> 3.2087361 | E102: 17010.631 | F102: =(E102/L102)*100 -> 9.1956335 | G102: =((E102/E101)-1)*100 -> -37.424633 | H102: =B102-E102 -> 7044.579 | I102: =(H102/L102)*100 -> 3.8081695 | L102: 184985.96 | M102: 54.316667 | O102: 24055.21 | P102: 17010.631 | Q102: 7044.579 | S102: - | T102: - | U102: -
A103: 1983 | B103: 25953.138 | C103: =(B103/L103)*100 -> 16.634648 | D103: =((B103/B102)-1)*100 -> 7.8898833 | E103: 11848.281 | F103: =(E103/L103)*100 -> 7.5941487 | G103: =((E103/E102)-1)*100 -> -30.347787 | H103: =B103-E103 -> 14104.857 | I103: =(H103/L103)*100 -> 9.0404998 | L103: 156018.55 | M103: 120.00833 | O103: 25953.138 | P103: 11848.281 | Q103: 14104.857 | S103: - | T103: - | U103: -
A104: 1984 | B104: 29100.351 | C104: =(B104/L104)*100 -> 15.616546 | D104: =((B104/B103)-1)*100 -> 12.126522 | E104: 15916.198 | F104: =(E104/L104)*100 -> 8.5413415 | G104: =((E104/E103)-1)*100 -> 34.333394 | H104: =B104-E104 -> 13184.153 | I104: =(H104/L104)*100 -> 7.0752043 | L104: 186343.07 | M104: 167.76667 | O104: 29100.351 | P104: 15916.198 | Q104: 13184.153 | S104: - | T104: - | U104: -
A105: 1985 | B105: 26757.3 | C105: =(B105/L105)*100 -> 13.444329 | D105: =((B105/B104)-1)*100 -> -8.0516245 | E105: 18359.097 | F105: =(E105/L105)*100 -> 9.2246132 | G105: =((E105/E104)-1)*100 -> 15.348508 | H105: =B105-E105 -> 8398.203 | I105: =(H105/L105)*100 -> 4.219716 | L105: 199022.95 | M105: 256.44167 | O105: 26757.293 | P105: 18359.097 | Q105: 8398.196 | S105: - | T105: - | U105: -
A106: 1986 | B106: 21803.596 | C106: =(B106/L106)*100 -> 15.336366 | D106: =((B106/B105)-1)*100 -> -18.513467 | E106: 16783.892 | F106: =(E106/L106)*100 -> 11.805571 | G106: =((E106/E105)-1)*100 -> -8.5799699 | H106: =B106-E106 -> 5019.704 | I106: =(H106/L106)*100 -> 3.5307945 | L106: 142169.25 | M106: 607.93333 | O106: 21803.596 | P106: 16783.893 | Q106: 5019.703 | S106: - | T106: - | U106: -
A107: 1987 | B107: 27599.515 | C107: =(B107/L107)*100 -> 17.478615 | D107: =((B107/B106)-1)*100 -> 26.5824 | E107: 18812.426 | F107: =(E107/L107)*100 -> 11.913802 | G107: =((E107/E106)-1)*100 -> 12.086196 | H107: =B107-E107 -> 8787.089 | I107: =(H107/L107)*100 -> 5.5648133 | L107: 157904.47 | M107: 1369.3833 | O107: 27599.515 | P107: 18812.426 | Q107: 8787.089 | S107: - | T107: - | U107: -
A108: 1988 | B108: 30691.498 | C108: =(B108/L108)*100 -> 15.405711 | D108: =((B108/B107)-1)*100 -> 11.203034 | E108: 28081.969 | F108: =(E108/L108)*100 -> 14.095848 | G108: =((E108/E107)-1)*100 -> 49.273512 | H108: =B108-E108 -> 2609.529 | I108: =(H108/L108)*100 -> 1.3098627 | L108: 199221.57 | M108: 2272.5167 | O108: 30691.498 | P108: 28081.969 | Q108: 2609.529 | S108: - | T108: - | U108: -
A109: 1989 | B109: 35171.046 | C109: =(B109/L109)*100 -> 14.341855 | D109: =((B109/B108)-1)*100 -> 14.595404 | E109: 34765.996 | F109: =(E109/L109)*100 -> 14.176686 | G109: =((E109/E108)-1)*100 -> 23.801846 | H109: =B109-E109 -> 405.05 | I109: =(H109/L109)*100 -> 0.16516906 | L109: 245233.59 | M109: 2461.7333 | O109: 35171.046 | P109: 34765.992 | Q109: 405.054 | S109: - | T109: - | U109: -
A110: 1990 | B110: 40710.936 | C110: =(B110/L110)*100 -> 13.920864 | D110: =((B110/B109)-1)*100 -> 15.75128 | E110: 41593.252 | F110: =(E110/L110)*100 -> 14.222567 | G110: =((E110/E109)-1)*100 -> 19.63774 | H110: =B110-E110 -> -882.316 | I110: =(H110/L110)*100 -> -0.30170275 | L110: 292445.46 | M110: 2812.6 | O110: 40710.936 | P110: 41593.26 | Q110: -882.324 | S110: - | T110: - | U110: -
A111: 1991 | B111: 42687.5 | C111: =(B111/L111)*100 -> 12.045861 | D111: =((B111/B110)-1)*100 -> 4.855118 | E111: 49966.56 | F111: =(E111/L111)*100 -> 14.099917 | G111: =((E111/E110)-1)*100 -> 20.13141 | H111: =B111-E111 -> -7279.06 | I111: =(H111/L111)*100 -> -2.0540566 | J111: INEGI, presentación actual | L111: 354374.84 | M111: 3017.8917 | O111: 42687.5 | P111: 49966.56 | Q111: -7279 | S111: - | T111: - | U111: -
A112: 1992 | B112: 46195.6 | C112: =(B112/L112)*100 -> 11.154761 | D112: =((B112/B111)-1)*100 -> 8.2180966 | E112: 62129.4 | F112: =(E112/L112)*100 -> 15.002264 | G112: =((E112/E111)-1)*100 -> 24.34196 | H112: =B112-E112 -> -15933.8 | I112: =(H112/L112)*100 -> -3.8475034 | L112: 414133.49 | M112: 3094.4583 | O112: 46195.6 | P112: 62129.4 | Q112: -15933.7 | S112: - | T112: - | U112: -
A113: 1993 | B113: 51885.966 | C113: =(B113/L113)*100 -> 11.160462 | D113: =((B113/B112)-1)*100 -> 12.317983 | E113: 65366.542 | F113: =(E113/L113)*100 -> 14.060079 | G113: =((E113/E112)-1)*100 -> 5.2103223 | H113: =B113-E113 -> -13480.576 | I113: =(H113/L113)*100 -> -2.8996174 | L113: 464908.78 | M113: 3115.2333 | O113: 51885.966 | P113: 65366.542 | Q113: -13480.6 | S113: - | T113: - | U113: -
A114: 1994 | B114: 60882.218 | C114: =(B114/L114)*100 -> 12.443375 | D114: =((B114/B113)-1)*100 -> 17.338507 | E114: 79345.901 | F114: =(E114/L114)*100 -> 16.217064 | G114: =((E114/E113)-1)*100 -> 21.386108 | H114: =B114-E114 -> -18463.683 | I114: =(H114/L114)*100 -> -3.7736887 | L114: 489274.14 | M114: 3375.1167 | O114: 60882.218 | P114: 79345.901 | Q114: -18463.7 | S114: - | T114: - | U114: -
A115: 1995 | B115: 79541.552 | C115: =(B115/L115)*100 -> 37.54727 | D115: =((B115/B114)-1)*100 -> 30.648249 | E115: 72453 | F115: =(E115/L115)*100 -> 34.201148 | G115: =((E115/E114)-1)*100 -> -8.6871545 | H115: =B115-E115 -> 7088.552 | I115: =(H115/L115)*100 -> 3.3461225 | L115: 211843.77 | M115: 6419.0083 | O115: 79541.552 | P115: 72453 | Q115: 7088.485 | S115: - | T115: - | U115: -
A116: 1996 | B116: 95999.7 | C116: =(B116/L116)*100 -> 24.754113 | D116: =((B116/B115)-1)*100 -> 20.691258 | E116: 89468.8 | F116: =(E116/L116)*100 -> 23.07008 | G116: =((E116/E115)-1)*100 -> 23.485294 | H116: =B116-E116 -> 6530.9 | I116: =(H116/L116)*100 -> 1.6840327 | L116: 387813.13 | M116: 7599.4417 | O116: 95999.7 | P116: 89468.8 | Q116: 6531 | S116: - | T116: - | U116: -
A117: 1997 | B117: 110431.5 | C117: =(B117/L117)*100 -> 23.490032 | D117: =((B117/B116)-1)*100 -> 15.03317 | E117: 109808.2 | F117: =(E117/L117)*100 -> 23.35745 | G117: =((E117/E116)-1)*100 -> 22.733512 | H117: =B117-E117 -> 623.298 | I117: =(H117/L117)*100 -> 0.13258256 | L117: 470120.67 | M117: 7918.4583 | O117: 110431.5 | P117: 109808.2 | Q117: 623.3 | S117: - | T117: - | U117: -
A118: 1998 | B118: 117539.3 | C118: =(B118/L118)*100 -> 23.378262 | D118: =((B118/B117)-1)*100 -> 6.4363901 | E118: 125373.1 | F118: =(E118/L118)*100 -> 24.936385 | G118: =((E118/E117)-1)*100 -> 14.174624 | H118: =B118-E118 -> -7833.8 | I118: =(H118/L118)*100 -> -1.5581225 | L118: 502771.75 | M118: 9135.6583 | O118: 117539.3 | P118: 125373.1 | Q118: -7833.8 | S118: - | T118: - | U118: -
A119: 1999 | B119: 136361.8 | C119: =(B119/L119)*100 -> 23.524994 | D119: =((B119/B118)-1)*100 -> 16.013793 | E119: 141974.76 | F119: =(E119/L119)*100 -> 24.493337 | G119: =((E119/E118)-1)*100 -> 13.241807 | H119: =B119-E119 -> -5612.964 | I119: =(H119/L119)*100 -> -0.96834265 | L119: 579646.47 | M119: 9560.5333 | O119: 136361.8 | P119: 141974.76 | Q119: -5612.948 | S119: - | T119: - | U119: -
A120: 2000 | B120: 166120.7 | C120: =(B120/L120)*100 -> 23.74855 | D120: =((B120/B119)-1)*100 -> 21.823487 | E120: 174457.8 | F120: =(E120/L120)*100 -> 24.940419 | G120: =((E120/E119)-1)*100 -> 22.879444 | H120: =B120-E120 -> -8337.1 | I120: =(H120/L120)*100 -> -1.1918685 | L120: 699498.28 | M120: 9455.5667 | O120: 166120.7 | P120: 174457.8 | Q120: -8337.1 | S120: - | T120: - | U120: -
A121: 2001 | B121: 158779.7 | C121: =(B121/L121)*100 -> 21.171355 | D121: =((B121/B120)-1)*100 -> -4.419076 | E121: 168396.4 | F121: =(E121/L121)*100 -> 22.453625 | G121: =((E121/E120)-1)*100 -> -3.4744219 | H121: =B121-E121 -> -9616.7 | I121: =(H121/L121)*100 -> -1.2822708 | L121: 749974.21 | M121: 9342.4583 | O121: 158779.7 | P121: 168396.4 | Q121: -9616.7 | S121: - | T121: - | U121: -
A122: 2002 | B122: 161046 | C122: =(B122/L122)*100 -> 20.305992 | D122: =((B122/B121)-1)*100 -> 1.4273235 | E122: 168678.9 | F122: =(E122/L122)*100 -> 21.26841 | G122: =((E122/E121)-1)*100 -> 0.16775893 | H122: =B122-E122 -> -7632.9 | I122: =(H122/L122)*100 -> -0.96241822 | L122: 793095.95 | M122: 9655.9583 | O122: 161046 | P122: 168678.9 | Q122: -7632.9 | S122: - | T122: - | U122: -
A123: 2003 | B123: 164766.4 | C123: =(B123/L123)*100 -> 21.233578 | D123: =((B123/B122)-1)*100 -> 2.3101474 | E123: 170545.8 | F123: =(E123/L123)*100 -> 21.978374 | G123: =((E123/E122)-1)*100 -> 1.1067774 | H123: =B123-E123 -> -5779.4 | I123: =(H123/L123)*100 -> -0.74479592 | L123: 775970.96 | M123: 10789.017 | O123: 164766.4 | P123: 170545.8 | Q123: -5779.4 | S123: - | T123: - | U123: -
... A130: 2010 | B130: 298473.15 | C130: =(B130/L130)*100 -> 27.000779 | D130: =((B130/B129)-1)*100 -> 29.938412 | E130: 301481.82 | F130: =(E130/L130)*100 -> 27.272952 | G130: =((E130/E129)-1)*100 -> 28.62677 | H130: =B130-E130 -> -3008.673 | I130: =(H130/L130)*100 -> -0.27217361 | L130: 1105424.2 | M130: 12636.008 | O130: 298473.15 | P130: 301481.82 | Q130: -3008.673 | S130: - | T130: - | U130: -
A131: Fuente: Nacional Financiera (1974), 1920-1949; Banxico, Balanza de pagos, Presentación Histórica, 1950-1979; INEGI, Presentación histórica, 1980-1990; INEGI, Presentación actual, 1991-2010 | P131: Fuentes
P132: Para el periodo 1766-1948 son millones de pesos de la época.
P133: Para el periodo 1949-20013 son millones de dólares.
P134: En 1913 se refiere al periodo octubre-diciembre.
P135: Para 1872-1883: Noticias de la importación y exportación en mercancías en años fiscales. México. Varios años.
P136: Para 1884-1910: Boletín de estadística fiscal. México. Varios años.
P137: Para 1911-1936: Anuario estadístico fiscal, México. Varios años
P138: Para 1949-1964: Nacional Financiera. La economía Mexicana en Cifras, México, DF 1965.
P139: Para 1965-1970:Anuario estadístico de los Estados Unidos Mexicanos 1972-1974. Secretaría de Programación y Presupuesto.
P140: Para 1971-1979: La economía mexicana en cifras. Nacional Financiera. Ed 1986.
...

Sheet BPT
A1: Banco de México, SIE 1980-2001
A2: Trimestres | B2: Cuenta corriente | C2: CC Ingresos | D2: Ingresos de bienes | E2: Ingresos Servicios | F2: Ingresos Renta | G2: Ingresos Transferencias | H2: CC Egresos | I2: Egresos de bienes | J2: Egresos Servicios | K2: Egresos Renta | L2: Egresos Transferencias | M2: Cuenta financiera antes Cuenta de capital | N2: Errores y omisiones | O2: Variación de la reserva internacional bruta | P2: Ajustes por valoración
A5: 29221 | B5: -1335.579 | C5: 5810.919 | D5: 4016.123 | E5: 1229.964 | F5: 364.14 | G5: 200.692 | H5: 7146.498 | I5: 4152.316 | J5: 1336.421 | K5: 1625.847 | L5: 31.914 | M5: 2346.2295 | N5: -1018.4555 | O5: 158.992 | P5: -166.797
A6: 29312 | B6: -2554.38 | C6: 6059.947 | D6: 4427.124 | E6: 1075.368 | F6: 326.727 | G6: 230.728 | H6: 8614.327 | I6: 5032.765 | J6: 1556.886 | K6: 2021.835 | L6: 2.841 | M6: 2670.7961 | N6: 98.3909 | O6: 231.455 | P6: -16.648
A7: 29403 | B7: -3178.578 | C7: 6263.46 | D7: 4669.217 | E7: 1077.052 | F7: 286.131 | G7: 231.06 | H7: 9442.038 | I7: 5690.597 | J7: 1872.694 | K7: 1873.183 | L7: 5.564 | M7: 3614.4083 | N7: -243.3663 | O7: 226.162 | P7: -33.698
A8: 29495 | B8: -3365.608 | C8: 6726.346 | D8: 4918.576 | E8: 1205.107 | F8: 399.583 | G8: 203.08 | H8: 10091.954 | I8: 6213.682 | J8: 1881.74 | K8: 1992.727 | L8: 3.805 | M8: 2643.0761 | N8: 1021.2459 | O8: 299.5 | P8: -0.786
A9: 29587 | B9: -2584.688 | C9: 8156.337 | D9: 6190.696 | E9: 1283.895 | F9: 432.619 | G9: 249.127 | H9: 10741.025 | I9: 6600.821 | J9: 1809.901 | K9: 2294.502 | L9: 35.801 | M9: 2643.845 | N9: 154.841 | O9: 267.058 | P9: -53.06
A10: 29677 | B10: -3877.505 | C10: 8132.106 | D10: 6189.175 | E10: 1212.871 | F10: 446.91 | G10: 283.15 | H10: 12009.611 | I10: 6993.344 | J10: 2067.515 | K10: 2941.804 | L10: 6.948 | M10: 6508.215 | N10: -3183.94 | O10: -562.08 | P10: 8.85
A11: 29768 | B11: -5078.608 | C11: 6988.619 | D11: 5031.253 | E11: 1197.677 | F11: 476.406 | G11: 283.283 | H11: 12067.227 | I11: 6617.775 | J11: 2364.421 | K11: 3076.483 | L11: 8.548 | M11: 7455.655 | N11: -2127.425 | O11: 244.361 | P11: 5.261
A12: 29860 | B12: -4699.78 | C12: 7834.429 | D12: 5896.216 | E12: 1276.433 | F12: 412.385 | G12: 249.395 | H12: 12534.209 | I12: 6972.289 | J12: 2460.034 | K12: 3095.972 | L12: 5.914 | M12: 10008.614 | N12: -4064.547 | O12: 1082.035 | P12: 162.252
A13: 29952 | B13: -4093.6 | C13: 7018.254 | D13: 5161.55 | E13: 1098.021 | F13: 478.832 | G13: 279.851 | H13: 11111.854 | I13: 5783.137 | J13: 1646.095 | K13: 3663.039 | L13: 19.583 | M13: 2613.993 | N13: -83.521 | O13: -1702.971 | P13: 139.843
A14: 30042 | B14: -2523.667 | C14: 7708.698 | D14: 5873.051 | E14: 1017.455 | F14: 516.982 | G14: 301.21 | H14: 10232.365 | I14: 4799.323 | J14: 1658.562 | K14: 3767.467 | L14: 7.013 | M14: 3178.021 | N14: -1790.874 | O14: -1170.706 | P14: 34.186
A15: 30133 | B15: -375.059 | C15: 8038.145 | D15: 6329.668 | E15: 1014.931 | F15: 415.238 | G15: 278.308 | H15: 8413.204 | I15: 3741.406 | J15: 1542.855 | K15: 3127.494 | L15: 1.449 | M15: 2978.245 | N15: -3019.134 | O15: -205.263 | P15: -210.685
A16: 30225 | B16: 1102.205 | C16: 8206.955 | D16: 6690.945 | E16: 999.745 | F16: 311.41 | G16: 204.855 | H16: 7104.75 | I16: 2686.768 | J16: 1387.587 | K16: 3029.438 | L16: 0.957 | M16: 1207.341 | N16: -2512.173 | O16: -123.862 | P16: -78.765
... A92: 37165 | B92: -5768.8392 | C92: 45906.702 | D92: 39224.888 | E92: 3062.2635 | F92: 1270.684 | G92: 2348.8665 | H92: 51675.541 | I92: 43258.879 | J92: 4192.3618 | K92: 4215.6962 | L92: 8.603751 | M92: 9919.761 | N92: -2187.694 | O92: 1950.8 | P92: 12.427779

Sheet XM Men
A1: Observaciones mensuales, 1932-1953. El Banco de México dejo de publicar en sus Informes Anuales las estadísticas mensuales de comercio exterior a partir de 1954. | P1: Observaciones anuales para verificar las observaciones mensuales | Z1: Balanza comercial mensual y anual
B2: Exportaciones mp | C2: Tipo de cambio | D2: Exportaciones md | E2: Participación % de las exportaciones md | F2: Discrepancia mensual ponderada md | G2: Exportaciones ajuste con anual md | I2: Importaciones mp | J2: Tipo de cambio | K2: Importaciones md | L2: Participación % de las importaciones md | M2: Discrepancia mensual ponderada md | N2: Importaciones ajuste con anual md | O2: Balanza comercial ajuste con anual md | Q2: Exportaciones md (Mensual) | R2: Exportaciones con ajuste md (Mensual) | S2: Exportaciones md (Anual) | T2: Exportaciones md (Discrepancia) | V2: Importaciones md (Mensual) | W2: Importaciones md (Mensual) | X2: Importaciones md (Anual) | Y2: Importaciones md (Discrepancia) | Z2: Balanza comercial mensual md | AA2: Balanza comercial anual md
A6: 11689 | B6: 23.337 | C6: 2.55 | D6: =B6/C6 -> 9.1517647 | E6: =D6/Q$6 -> 0.093371795 | F6: =E6*T$6 -> -0.14138647 | G6: =D6+F6 -> 9.0103782 | I6: 11.792 | J6: 2.55 | K6: =I6/J6 -> 4.6243137 | L6: =K6/V$6 -> 0.080554655 | M6: =L6*Y$6 -> -0.0085319925 | N6: =K6+M6 -> 4.6157817 | O6: =G6-N6 -> 4.3945965 | P6: 1932 | Q6: =SUM(D6:D17) -> 98.014231 | R6: =SUM(G6:G17) -> 96.5 | S6: =BCA!B52 -> 96.5 | T6: =S6-Q6 -> -1.514231 | V6: =SUM(K6:K17) -> 57.405916 | W6: =SUM(N6:N17) -> 57.3 | X6: =BCA!E52 -> 57.3 | Y6: =X6-V6 -> -0.10591557 | Z6: =SUM(O6:O17) -> 39.2 | AA6: 39.2
A7: 11720 | B7: 26.915 | C7: 2.67 | D7: =B7/C7 -> 10.080524 | E7: =D7/Q$6 -> 0.10284756 | F7: =E7*T$6 -> -0.15573496 | G7: =D7+F7 -> 9.9247894 | I7: 12.71 | J7: 2.67 | K7: =I7/J7 -> 4.7602996 | L7: =K7/V$6 -> 0.082923503 | M7: =L7*Y$6 -> -0.0087828904 | N7: =K7+M7 -> 4.7515167 | O7: =G7-N7 -> 5.1732726 | P7: 1933 | Q7: =SUM(D18:D29) -> 109.37587 | R7: =SUM(G18:G29) -> 104.3 | S7: =BCA!B53 -> 104.3 | T7: =S7-Q7 -> -5.0758676 | V7: =SUM(K18:K29) -> 69.207374 | W7: =SUM(N18:N29) -> 69.7 | X7: =BCA!E53 -> 69.7 | Y7: =X7-V7 -> 0.49262641 | Z7: =SUM(O18:O29) -> 34.6 | AA7: 34.6
A8: 11749 | B8: 33.203 | C8: 2.96 | D8: =B8/C8 -> 11.21723 | E8: =D8/Q$6 -> 0.11444491 | F8: =E8*T$6 -> -0.17329603 | G8: =D8+F8 -> 11.043934 | I8: 14.613 | J8: 2.96 | K8: =I8/J8 -> 4.9368243 | L8: =K8/V$6 -> 0.08599853 | M8: =L8*Y$6 -> -0.0091085836 | N8: =K8+M8 -> 4.9277157 | O8: =G8-N8 -> 6.116218 | P8: 1934 | Q8: =SUM(D30:D41) -> 178.16694 | R8: =SUM(G30:G41) -> 178.9 | S8: =BCA!B54 -> 178.9 | T8: =S8-Q8 -> 0.73305556 | V8: =SUM(K30:K41) -> 92.770556 | W8: =SUM(N30:N41) -> 92.8 | X8: =BCA!E54 -> 92.8 | Y8: =X8-V8 -> 0.029444444 | Z8: =SUM(O30:O41) -> 86.1 | AA8: 86.1
A9: 11780 | B9: 35.922 | C9: 2.97 | D9: =B9/C9 -> 12.094949 | E9: =D9/Q$6 -> 0.12339993 | F9: =E9*T$6 -> -0.18685601 | G9: =D9+F9 -> 11.908093 | I9: 17.108 | J9: 2.97 | K9: =I9/J9 -> 5.7602694 | L9: =K9/V$6 -> 0.10034278 | M9: =L9*Y$6 -> -0.010627863 | N9: =K9+M9 -> 5.7496415 | O9: =G9-N9 -> 6.158452 | P9: 1935 | Q9: =SUM(D42:D53) -> 196.01639 | R9: =SUM(G42:G53) -> 208.3 | S9: =BCA!B55 -> 208.3 | T9: =S9-Q9 -> 12.283611 | V9: =SUM(K42:K53) -> 104.45444 | W9: =SUM(N42:N53) -> 112.8 | X9: =BCA!E55 -> 112.8 | Y9: =X9-V9 -> 8.3455556 | Z9: =SUM(O42:O53) -> 95.5 | AA9: 95.5
A10: 11810 | B10: 27.143 | C10: 3.3 | D10: =B10/C10 -> 8.2251515 | E10: =D10/Q$6 -> 0.083917931 | F10: =E10*T$6 -> -0.12707114 | G10: =D10+F10 -> 8.0980804 | I10: 15.838 | J10: 3.3 | K10: =I10/J10 -> 4.7993939 | L10: =K10/V$6 -> 0.083604519 | M10: =L10*Y$6 -> -0.0088550206 | N10: =K10+M10 -> 4.7905389 | O10: =G10-N10 -> 3.3075415 | P10: 1936 | Q10: =SUM(D54:D65) -> 197.12278 | R10: =SUM(G54:G65) -> 215.2 | S10: =BCA!B56 -> 215.2 | T10: =S10-Q10 -> 18.077222 | V10: =SUM(K54:K65) -> 128.933 | W10: =SUM(N54:N65) -> 128.9 | X10: =BCA!E56 -> 128.9 | Y10: =X10-V10 -> -0.033 | Z10: =SUM(O54:O65) -> 86.3 | AA10: 86.3
A11: 11841 | B11: 23.009 | C11: 3.71 | D11: =B11/C11 -> 6.2018868 | E11: =D11/Q$6 -> 0.063275371 | F11: =E11*T$6 -> -0.09581353 | G11: =D11+F11 -> 6.1060733 | I11: 16.483 | J11: 3.71 | K11: =I11/J11 -> 4.4428571 | L11: =K11/V$6 -> 0.077393716 | M11: =L11*Y$6 -> -0.0081971999 | N11: =K11+M11 -> 4.4346599 | O11: =G11-N11 -> 1.6714133 | P11: 1937 | Q11: =SUM(D66:D77) -> 234.05811 | R11: =SUM(G66:G77) -> 247.9 | S11: =BCA!B57 -> 247.9 | T11: =S11-Q11 -> 13.841889 | V11: =SUM(K66:K77) -> 169.376 | W11: =SUM(N66:N77) -> 170.6 | X11: =BCA!E57 -> 170.6 | Y11: =X11-V11 -> 1.224 | Z11: =SUM(O66:O77) -> 77.3 | AA11: 77.3
A12: 11871 | B12: 20.976 | C12: 3.59 | D12: =B12/C12 -> 5.8428969 | E12: =D12/Q$6 -> 0.059612741 | F12: =E12*T$6 -> -0.090267462 | G12: =D12+F12 -> 5.7526295 | I12: 15.945 | J12: 3.59 | K12: =I12/J12 -> 4.4415042 | L12: =K12/V$6 -> 0.077370148 | M12: =L12*Y$6 -> -0.0081947036 | N12: =K12+M12 -> 4.4333095 | O12: =G12-N12 -> 1.31932 | P12: 1938 | Q12: =SUM(D78:D89) -> 188.899 | R12: =SUM(G78:G89) -> 185.4 | S12: =BCA!B58 -> 185.4 | T12: =S12-Q12 -> -3.499 | V12: =SUM(K78:K89) -> 111.024 | W12: =SUM(N78:N89) -> 109.3 | X12: =BCA!E58 -> 109.3 | Y12: =X12-V12 -> -1.724 | Z12: =SUM(O78:O89) -> 76.1 | AA12: 76.1
A13: 11902 | B13: 24.48 | C13: 3.49 | D13: =B13/C13 -> 7.0143266 | E13: =D13/Q$6 -> 0.07156437 | F13: =E13*T$6 -> -0.10836499 | G13: =D13+F13 -> 6.9059617 | I13: 15.608 | J13: 3.49 | K13: =I13/J13 -> 4.4722063 | L13: =K13/V$6 -> 0.077904973 | M13: =L13*Y$6 -> -0.0082513499 | N13: =K13+M13 -> 4.463955 | O13: =G13-N13 -> 2.4420067 | P13: 1939 | Q13: =SUM(D90:D101) -> 174.60548 | R13: =SUM(G90:G101) -> 163.4 | S13: =BCA!B59 -> 163.4 | T13: =S13-Q13 -> -11.205475 | V13: =SUM(K90:K101) -> 121.02814 | W13: =SUM(N90:N101) -> 128.2 | X13: =BCA!E59 -> 128.2 | Y13: =X13-V13 -> 7.171857 | Z13: =SUM(O90:O101) -> 35.2 | AA13: 35.2
A14: 11933 | B14: 24.398 | C14: 3.32 | D14: =B14/C14 -> 7.3487952 | E14: =D14/Q$6 -> 0.074976818 | F14: =E14*T$6 -> -0.11353222 | G14: =D14+F14 -> 7.235263 | I14: 14.379 | J14: 3.32 | K14: =I14/J14 -> 4.3310241 | L14: =K14/V$6 -> 0.075445606 | M14: =L14*Y$6 -> -0.0079908647 | N14: =K14+M14 -> 4.3230332 | O14: =G14-N14 -> 2.9122297 | P14: 1940 | Q14: =SUM(D102:D113) -> 177.51691 | R14: =SUM(G102:G113) -> 159.8 | S14: =BCA!B60 -> 159.8 | T14: =S14-Q14 -> -17.716909 | V14: =SUM(K102:K113) -> 124.05696 | W14: =SUM(N102:N113) -> 132.4 | X14: =BCA!E60 -> 132.4 | Y14: =X14-V14 -> 8.3430424 | Z14: =SUM(O102:O113) -> 27.4 | AA14: 27.4
A15: 11963 | B15: 24.786 | C15: 3.21 | D15: =B15/C15 -> 7.7214953 | E15: =D15/Q$6 -> 0.078779329 | F15: =E15*T$6 -> -0.1192901 | G15: =D15+F15 -> 7.6022052 | I15: 15.782 | J15: 3.21 | K15: =I15/J15 -> 4.9165109 | L15: =K15/V$6 -> 0.085644674 | M15: =L15*Y$6 -> -0.0090711047 | N15: =K15+M15 -> 4.9074398 | O15: =G15-N15 -> 2.6947654 | P15: 1941 | Q15: =SUM(D114:D125) -> 150.298 | R15: =SUM(G114:G125) -> 176.5 | S15: =BCA!B61 -> 176.5 | T15: =S15-Q15 -> 26.202 | V15: =SUM(K114:K125) -> 188.2396 | W15: =SUM(N114:N125) -> 199.5 | X15: =BCA!E61 -> 199.5 | Y15: =X15-V15 -> 11.2604 | Z15: =SUM(O114:O125) -> -23 | AA15: -23
A16: 11994 | B16: 21.343 | C16: 3.09 | D16: =B16/C16 -> 6.9071197 | E16: =D16/Q$6 -> 0.07047058 | F16: =E16*T$6 -> -0.10670874 | G16: =D16+F16 -> 6.800411 | I16: 15.384 | J16: 3.09 | K16: =I16/J16 -> 4.9786408 | L16: =K16/V$6 -> 0.086726964 | M16: =L16*Y$6 -> -0.0091857362 | N16: =K16+M16 -> 4.969455 | O16: =G16-N16 -> 1.830956 | P16: 1942 | Q16: =SUM(D126:D137) -> 193.788 | R16: =SUM(G126:G137) -> 207.5 | S16: =BCA!B62 -> 207.5 | T16: =S16-Q16 -> 13.712 | V16: =SUM(K126:K137) -> 154.962 | W16: =SUM(N126:N137) -> 172.2 | X16: =BCA!E62 -> 172.2 | Y16: =X16-V16 -> 17.238 | Z16: =SUM(O126:O137) -> 35.3 | AA16: 35.3
A17: 12024 | B17: 19.183 | C17: 3.09 | D17: =B17/C17 -> 6.2080906 | E17: =D17/Q$6 -> 0.063338666 | F17: =E17*T$6 -> -0.095909373 | G17: =D17+F17 -> 6.1121812 | I17: 15.271 | J17: 3.09 | K17: =I17/J17 -> 4.9420712 | L17: =K17/V$6 -> 0.086089929 | M17: =L17*Y$6 -> -0.0091182642 | N17: =K17+M17 -> 4.9329529 | O17: =G17-N17 -> 1.1792283 | P17: 1943 | Q17: =SUM(D138:D149) -> 222.525 | R17: =SUM(G138:G149) -> 291.6 | S17: =BCA!B63 -> 291.6 | T17: =S17-Q17 -> 69.075 | V17: =SUM(K138:K149) -> 177.418 | W17: =SUM(N138:N149) -> 212.2 | X17: =BCA!E63 -> 212.2 | Y17: =X17-V17 -> 34.782 | Z17: =SUM(O138:O149) -> 79.4 | AA17: 79.4
A18: 12055 | B18: 22.238 | C18: 3.3 | D18: =B18/C18 -> 6.7387879 | E18: =D18/Q$7 -> 0.061611286 | F18: =E18*T$7 -> -0.31273073 | G18: =D18+F18 -> 6.4260571 | I18: 15.178 | J18: =C18 -> 3.3 | K18: =I18/J18 -> 4.5993939 | L18: =K18/V$7 -> 0.066458149 | M18: =L18*Y$7 -> 0.032739039 | N18: =K18+M18 -> 4.632133 | O18: =G18-N18 -> 1.7939242 | P18: 1944 | Q18: =SUM(D150:D161) -> 214.533 | R18: =SUM(G150:G161) -> 283.7 | S18: =BCA!B64 -> 283.7 | T18: =S18-Q18 -> 69.167 | V18: =SUM(K150:K161) -> 277.793 | W18: =SUM(N150:N161) -> 311 | X18: =BCA!E64 -> 311 | Y18: =X18-V18 -> 33.207 | Z18: =SUM(O150:O161) -> -27.3 | AA18: -27.3
A19: 12086 | B19: 22.646 | C19: 3.52 | D19: 6.4335227 | E19: =D19/Q$7 -> 0.058820313 | F19: =E19*T$7 -> -0.29856412 | G19: =D19+F19 -> 6.1349586 | I19: 13.55 | J19: =C19 -> 3.52 | K19: =I19/J19 -> 3.8494318 | L19: =K19/V$7 -> 0.055621701 | M19: =L19*Y$7 -> 0.027400719 | N19: =K19+M19 -> 3.8768325 | O19: =G19-N19 -> 2.2581261 | P19: 1945 | Q19: =SUM(D162:D173) -> 261.184 | R19: =SUM(G162:G173) -> 320.8 | S19: =BCA!B65 -> 320.8 | T19: =S19-Q19 -> 59.616 | V19: =SUM(K162:K173) -> 330.336 | W19: =SUM(N162:N173) -> 372.5 | X19: =BCA!E65 -> 372.5 | Y19: =X19-V19 -> 42.164 | Z19: =SUM(O162:O173) -> -51.7 | AA19: -51.7
A20: 12114 | B20: 25.531 | C20: 3.47 | D20: 7.3576369 | E20: =D20/Q$7 -> 0.067269289 | F20: =E20*T$7 -> -0.34145001 | G20: =D20+F20 -> 7.0161869 | I20: 18.603 | J20: =C20 -> 3.47 | K20: =I20/J20 -> 5.3610951 | L20: =K20/V$7 -> 0.077464218 | M20: =L20*Y$7 -> 0.03816092 | N20: =K20+M20 -> 5.399256 | O20: =G20-N20 -> 1.6169309 | P20: 1946 | Q20: =SUM(D174:D185) -> 344.71738 | R20: =SUM(G174:G185) -> 368.5 | S20: =BCA!B66 -> 368.5 | T20: =S20-Q20 -> 23.782622 | V20: =SUM(K174:K185) -> 543.002 | W20: =SUM(N174:N185) -> 599.49329 | X20: =BCA!E66 -> 600.6 | Y20: =X20-V20 -> 57.598 | Z20: =SUM(O174:O185) -> -230.99329 | AA20: -232.1
A21: 12145 | B21: 27.509 | C21: 3.57 | D21: 7.7056022 | E21: =D21/Q$7 -> 0.070450662 | F21: =E21*T$7 -> -0.35759823 | G21: =D21+F21 -> 7.348004 | I21: 15 | J21: =C21 -> 3.57 | K21: =I21/J21 -> 4.2016807 | L21: =K21/V$7 -> 0.06071146 | M21: =L21*Y$7 -> 0.029908068 | N21: =K21+M21 -> 4.2315887 | O21: =G21-N21 -> 3.1164153 | P21: 1947 | Q21: =SUM(D186:D197) -> 375.47289 | R21: =SUM(G186:G197) -> 483 | S21: =BCA!B67 -> 483 | T21: =S21-Q21 -> 107.52711 | V21: =SUM(K186:K197) -> 660.2666 | W21: =SUM(N186:N197) -> 720.3 | X21: =BCA!E67 -> 720.3 | Y21: =X21-V21 -> 60.0334 | Z21: =SUM(O186:O197) -> -237.3 | AA21: -237.3
A22: 12175 | B22: 24.108 | C22: 3.47 | D22: 6.9475504 | E22: =D22/Q$7 -> 0.063519957 | F22: =E22*T$7 -> -0.32241889 | G22: =D22+F22 -> 6.6251315 | I22: 22.318 | J22: =C22 -> 3.47 | K22: =I22/J22 -> 6.4317003 | L22: =K22/V$7 -> 0.092933743 | M22: =L22*Y$7 -> 0.045781616 | N22: =K22+M22 -> 6.4774819 | O22: =G22-N22 -> 0.14764964 | P22: 1948 | Q22: =SUM(D198:D209) -> 427.453 | R22: =SUM(G198:G209) -> 473.1 | S22: =BCA!B68 -> 473.1 | T22: =S22-Q22 -> 45.647 | V22: =SUM(K198:K209) -> 519.8259 | W22: =SUM(N198:N209) -> 591.4 | X22: =BCA!E68 -> 591.4 | Y22: =X22-V22 -> 71.5741 | Z22: =SUM(O198:O209) -> -118.3 | AA22: -118.3
A23: 12206 | B23: 25.063 | C23: 3.6 | D23: 6.9619444 | E23: =D23/Q$7 -> 0.063651559 | F23: =E23*T$7 -> -0.32308688 | G23: =D23+F23 -> 6.6388576 | I23: 21.692 | J23: =C23 -> 3.6 | K23: =I23/J23 -> 6.0255556 | L23: =K23/V$7 -> 0.087065225 | M23: =L23*Y$7 -> 0.042890629 | N23: =K23+M23 -> 6.0684462 | O23: =G23-N23 -> 0.57041138 | P23: 1949 | Q23: =SUM(D210:D221) -> 369.799 | R23: =SUM(G210:G221) -> 455.9 | S23: =BCA!B69 -> 455.9 | T23: =S23-Q23 -> 86.101 | V23: =SUM(K210:K221) -> 445.619 | W23: =SUM(N210:N221) -> 514.4 | X23: =BCA!E69 -> 514.4 | Y23: =X23-V23 -> 68.781 | Z23: =SUM(O210:O221) -> -58.5 | AA23: -58.5
A24: 12236 | B24: 30.343 | C24: 3.56 | D24: 8.5233146 | E24: =D24/Q$7 -> 0.07792683 | F24: =E24*T$7 -> -0.39554627 | G24: =D24+F24 -> 8.1277683 | I24: 21.275 | J24: =C24 -> 3.56 | K24: =I24/J24 -> 5.9761236 | L24: =K24/V$7 -> 0.086350966 | M24: =L24*Y$7 -> 0.042538767 | N24: =K24+M24 -> 6.0186624 | O24: =G24-N24 -> 2.109106 | P24: 1950 | Q24: =SUM(D222:D233) -> 427.34491 | R24: =SUM(G222:G233) -> 699.4 | S24: =BCA!B70 -> 699.4 | T24: =S24-Q24 -> 272.05509 | V24: =SUM(K222:K233) -> 509.34572 | W24: =SUM(N222:N233) -> 556.4 | X24: =BCA!E70 -> 556.4 | Y24: =X24-V24 -> 47.054284 | Z24: =SUM(O222:O233) -> 143 | AA24: 143
A25: 12267 | B25: 38.022 | C25: 3.55 | D25: 10.710423 | E25: =D25/Q$7 -> 0.097923086 | F25: =E25*T$7 -> -0.49704462 | G25: =D25+F25 -> 10.213378 | I25: 21.393 | J25: =C25 -> 3.55 | K25: =I25/J25 -> 6.0261972 | L25: =K25/V$7 -> 0.087074496 | M25: =L25*Y$7 -> 0.042895196 | N25: =K25+M25 -> 6.0690924 | O25: =G25-N25 -> 4.1442855 | P25: 1951 | Q25: =SUM(D234:D245) -> 570.458 | R25: =SUM(G234:G245) -> 720.1 | S25: =BCA!B71 -> 720.1 | T25: =S25-Q25 -> 149.642 | V25: =SUM(K234:K245) -> 760.681 | W25: =SUM(N234:N245) -> 936 | X25: =BCA!E71 -> 936 | Y25: =X25-V25 -> 175.319 | Z25: =SUM(O234:O245) -> -215.9 | AA25: -215.9
A26: 12298 | B26: 21.185 | C26: 3.54 | D26: 5.9844633 | E26: =D26/Q$7 -> 0.054714659 | F26: =E26*T$7 -> -0.27772436 | G26: =D26+F26 -> 5.7067389 | I26: 18.325 | J26: =C26 -> 3.54 | K26: =I26/J26 -> 5.1765537 | L26: =K26/V$7 -> 0.074797719 | M26: =L26*Y$7 -> 0.036847332 | N26: =K26+M26 -> 5.213401 | O26: =G26-N26 -> 0.49333791 | P26: 1952 | Q26: =SUM(D246:D257) -> 650.02 | R26: =SUM(G246:G257) -> 729.4 | S26: =BCA!B72 -> 729.4 | T26: =S26-Q26 -> 79.38 | V26: =SUM(K246:K257) -> 740.691 | W26: =SUM(N246:N257) -> 945.7 | X26: =BCA!E72 -> 945.7 | Y26: =X26-V26 -> 205.009 | Z26: =SUM(O246:O257) -> -216.3 | AA26: -216.3
A27: 12328 | B27: 48.656 | C27: 3.54 | D27: 13.744633 | E27: =D27/Q$7 -> 0.12566422 | F27: =E27*T$7 -> -0.63785493 | G27: =D27+F27 -> 13.106778 | I27: 23.435 | J27: =C27 -> 3.54 | K27: =I27/J27 -> 6.6200565 | L27: =K27/V$7 -> 0.095655364 | M27: =L27*Y$7 -> 0.047122358 | N27: =K27+M27 -> 6.6671789 | O27: =G27-N27 -> 6.439599 | P27: 1953 | Q27: =SUM(D258:D269) -> 538.384 | R27: =SUM(G258:G269) -> 638.1 | S27: =BCA!B73 -> 638.1 | T27: =S27-Q27 -> 99.716 | V27: =SUM(K258:K269) -> 737.304 | W27: =SUM(N258:N269) -> 835.8 | X27: =BCA!E73 -> 835.8 | Y27: =X27-V27 -> 98.496 | Z27: =SUM(O258:O269) -> -197.7 | AA27: -197.7
A28: 12359 | B28: 53.406 | C28: 3.59 | D28: 14.876323 | E28: =D28/Q$7 -> 0.13601102 | F28: =E28*T$7 -> -0.69037392 | G28: =D28+F28 -> 14.185949 | I28: 27.466 | J28: =C28 -> 3.59 | K28: =I28/J28 -> 7.6506964 | L28: =K28/V$7 -> 0.11054742 | M28: =L28*Y$7 -> 0.054458577 | N28: =K28+M28 -> 7.705155 | O28: =G28-N28 -> 6.4807942
A29: 12389 | B29: 48.21 | C29: 3.6 | D29: 13.391667 | E29: =D29/Q$7 -> 0.12243712 | F29: =E29*T$7 -> -0.62147463 | G29: =D29+F29 -> 12.770192 | I29: 26.24 | J29: =C29 -> 3.6 | K29: =I29/J29 -> 7.2888889 | L29: =K29/V$7 -> 0.10531954 | M29: =L29*Y$7 -> 0.051883188 | N29: =K29+M29 -> 7.3407721 | O29: =G29-N29 -> 5.42942
A30: 12420 | B30: 51.887 | C30: 3.6 | D30: 14.413056 | E30: =D30/Q$8 -> 0.08089635 | F30: =E30*T$8 -> 0.059301519 | G30: =D30+F30 -> 14.472357 | I30: 24.637 | J30: =C30 -> 3.6 | K30: =I30/J30 -> 6.8436111 | L30: =K30/V$8 -> 0.073769216 | M30: =L30*Y$8 -> 0.0021720936 | N30: =K30+M30 -> 6.8457832 | O30: =G30-N30 -> 7.6265739
A31: 12451 | B31: 41.55 | C31: 3.6 | D31: 11.541667 | E31: =D31/Q$8 -> 0.064780067 | F31: =E31*T$8 -> 0.047487388 | G31: =D31+F31 -> 11.589154 | I31: 24.073 | J31: =C31 -> 3.6 | K31: =I31/J31 -> 6.6869444 | L31: =K31/V$8 -> 0.072080461 | M31: =L31*Y$8 -> 0.0021223691 | N31: =K31+M31 -> 6.6890668 | O31: =G31-N31 -> 4.9000872
A32: 12479 | B32: 59.307 | C32: 3.6 | D32: 16.474167 | E32: =D32/Q$8 -> 0.092464776 | F32: =E32*T$8 -> 0.067781818 | G32: =D32+F32 -> 16.541948 | I32: 24.764 | J32: =C32 -> 3.6 | K32: =I32/J32 -> 6.8788889 | L32: =K32/V$8 -> 0.074149485 | M32: =L32*Y$8 -> 0.0021832904 | N32: =K32+M32 -> 6.8810722 | O32: =G32-N32 -> 9.6608763
A33: 12510 | B33: 47.631 | C33: 3.6 | D33: 13.230833 | E33: =D33/Q$8 -> 0.074260876 | F33: =E33*T$8 -> 0.054437348 | G33: =D33+F33 -> 13.285271 | I33: 30.805 | J33: =C33 -> 3.6 | K33: =I33/J33 -> 8.5569444 | L33: =K33/V$8 -> 0.092237719 | M33: =L33*Y$8 -> 0.0027158884 | N33: =K33+M33 -> 8.5596603 | O33: =G33-N33 -> 4.7256103
A34: 12540 | B34: 61.681 | C34: 3.6 | D34: 17.133611 | E34: =D34/Q$8 -> 0.096166049 | F34: =E34*T$8 -> 0.070495056 | G34: =D34+F34 -> 17.204106 | I34: 30.135 | J34: =C34 -> 3.6 | K34: =I34/J34 -> 8.3708333 | L34: =K34/V$8 -> 0.090231575 | M34: =L34*Y$8 -> 0.0026568186 | N34: =K34+M34 -> 8.3734902 | O34: =G34-N34 -> 8.830616
A35: 12571 | B35: 52.795 | C35: 3.6 | D35: 14.665278 | E35: =D35/Q$8 -> 0.082312001 | F35: =E35*T$8 -> 0.06033927 | G35: =D35+F35 -> 14.725617 | I35: 30.527 | J35: =C35 -> 3.6 | K35: =I35/J35 -> 8.4797222 | L35: =K35/V$8 -> 0.091405319 | M35: =L35*Y$8 -> 0.0026913788 | N35: =K35+M35 -> 8.4824136 | O35: =G35-N35 -> 6.2432034
A36: 12601 | B36: 51.637 | C36: 3.6 | D36: 14.343611 | E36: =D36/Q$8 -> 0.080506579 | F36: =E36*T$8 -> 0.059015795 | G36: =D36+F36 -> 14.402627 | I36: 28.122 | J36: =C36 -> 3.6 | K36: =I36/J36 -> 7.8116667 | L36: =K36/V$8 -> 0.08420416 | M36: =L36*Y$8 -> 0.0024793447 | N36: =K36+M36 -> 7.814146 | O36: =G36-N36 -> 6.5884809
A37: 12632 | B37: 58.647 | C37: 3.6 | D37: 16.290833 | E37: =D37/Q$8 -> 0.091435779 | F37: =E37*T$8 -> 0.067027506 | G37: =D37+F37 -> 16.357861 | I37: 27.456 | J37: =C37 -> 3.6 | K37: =I37/J37 -> 7.6266667 | L37: =K37/V$8 -> 0.082209992 | M37: =L37*Y$8 -> 0.0024206276 | N37: =K37+M37 -> 7.6290873 | O37: =G37-N37 -> 8.7287735
A38: 12663 | B38: 47.059 | C38: 3.6 | D38: 13.071944 | E38: =D38/Q$8 -> 0.073369078 | F38: =E38*T$8 -> 0.05378361 | G38: =D38+F38 -> 13.125728 | I38: 19.989 | J38: =C38 -> 3.6 | K38: =I38/J38 -> 5.5525 | L38: =K38/V$8 -> 0.059851965 | M38: =L38*Y$8 -> 0.0017623078 | N38: =K38+M38 -> 5.5542623 | O38: =G38-N38 -> 7.5714657
A39: 12693 | B39: 64.565 | C39: 3.6 | D39: 17.934722 | E39: =D39/Q$8 -> 0.10066246 | F39: =E39*T$8 -> 0.073791173 | G39: =D39+F39 -> 18.008513 | I39: 35.876 | J39: =C39 -> 3.6 | K39: =I39/J39 -> 9.9655556 | L39: =K39/V$8 -> 0.10742154 | M39: =L39*Y$8 -> 0.0031629674 | N39: =K39+M39 -> 9.9687185 | O39: =G39-N39 -> 8.0397949
A40: 12724 | B40: 43.965 | C40: 3.6 | D40: 12.2125 | E40: =D40/Q$8 -> 0.068545263 | F40: =E40*T$8 -> 0.050247486 | G40: =D40+F40 -> 12.262747 | I40: 28.024 | J40: =C40 -> 3.6 | K40: =I40/J40 -> 7.7844444 | L40: =K40/V$8 -> 0.083910724 | M40: =L40*Y$8 -> 0.0024707046 | N40: =K40+M40 -> 7.7869151 | O40: =G40-N40 -> 4.4758323
A41: 12754 | B41: 60.677 | C41: 3.6 | D41: 16.854722 | E41: =D41/Q$8 -> 0.094600726 | F41: =E41*T$8 -> 0.069347587 | G41: =D41+F41 -> 16.92407 | I41: 29.566 | J41: =C41 -> 3.6 | K41: =I41/J41 -> 8.2127778 | L41: =K41/V$8 -> 0.088527849 | M41: =L41*Y$8 -> 0.0026066533 | N41: =K41+M41 -> 8.2153844 | O41: =G41-N41 -> 8.7086854
A42: 12785 | B42: 62.103 | C42: 3.6 | D42: 17.250833 | E42: =D42/Q$9 -> 0.088007097 | F42: =E42*T$9 -> 1.081045 | G42: =D42+F42 -> 18.331878 | I42: 28.348 | J42: =C42 -> 3.6 | K42: =I42/J42 -> 7.8744444 | L42: =K42/V$9 -> 0.075386399 | M42: =L42*Y$9 -> 0.62914138 | N42: =K42+M42 -> 8.5035858 | O42: =G42-N42 -> 9.8282925
A43: 12816 | B43: 45.114 | C43: 3.6 | D43: 12.531667 | E43: =D43/Q$9 -> 0.063931729 | F43: =E43*T$9 -> 0.7853125 | G43: =D43+F43 -> 13.316979 | I43: 25.06 | J43: =C43 -> 3.6 | K43: =I43/J43 -> 6.9611111 | L43: =K43/V$9 -> 0.066642556 | M43: =L43*Y$9 -> 0.55616915 | N43: =K43+M43 -> 7.5172803 | O43: =G43-N43 -> 5.7996989
A44: 12844 | B44: 62.826 | C44: 3.6 | D44: 17.451667 | E44: =D44/Q$9 -> 0.089031671 | F44: =E44*T$9 -> 1.0936304 | G44: =D44+F44 -> 18.545297 | I44: 29.826 | J44: =C44 -> 3.6 | K44: =I44/J44 -> 8.285 | L44: =K44/V$9 -> 0.079316874 | M44: =L44*Y$9 -> 0.66194338 | N44: =K44+M44 -> 8.9469434 | O44: =G44-N44 -> 9.5983537
A45: 12875 | B45: 42.374 | C45: 3.6 | D45: 11.770556 | E45: =D45/Q$9 -> 0.060048834 | F45: =E45*T$9 -> 0.73761652 | G45: =D45+F45 -> 12.508172 | I45: 33.374 | J45: =C45 -> 3.6 | K45: =I45/J45 -> 9.2705556 | L45: =K45/V$9 -> 0.088752141 | M45: =L45*Y$9 -> 0.74068592 | N45: =K45+M45 -> 10.011241 | O45: =G45-N45 -> 2.4969306
A46: 12905 | B46: 38.84 | C46: 3.6 | D46: 10.788889 | E46: =D46/Q$9 -> 0.055040749 | F46: =E46*T$9 -> 0.67609916 | G46: =D46+F46 -> 11.464988 | I46: 26.477 | J46: =C46 -> 3.6 | K46: =I46/J46 -> 7.3547222 | L46: =K46/V$9 -> 0.070410812 | M46: =L46*Y$9 -> 0.58761734 | N46: =K46+M46 -> 7.9423396 | O46: =G46-N46 -> 3.5226485
A47: 12936 | B47: 58.723 | C47: 3.6 | D47: 16.311944 | E47: =D47/Q$9 -> 0.083217248 | F47: =E47*T$9 -> 1.0222083 | G47: =D47+F47 -> 17.334153 | I47: 35.963 | J47: =C47 -> 3.6 | K47: =I47/J47 -> 9.9897222 | L47: =K47/V$9 -> 0.09563712 | M47: =L47*Y$9 -> 0.7981449 | N47: =K47+M47 -> 10.787867 | O47: =G47-N47 -> 6.5462856
A48: 12966 | B48: 68.1 | C48: 3.6 | D48: 18.916667 | E48: =D48/Q$9 -> 0.096505536 | F48: =E48*T$9 -> 1.1854365 | G48: =D48+F48 -> 20.102103 | I48: 36.67 | J48: =C48 -> 3.6 | K48: =I48/J48 -> 10.186111 | L48: =K48/V$9 -> 0.097517259 | M48: =L48*Y$9 -> 0.8138357 | N48: =K48+M48 -> 10.999947 | O48: =G48-N48 -> 9.1021563
A49: 12997 | B49: 75.453 | C49: 3.6 | D49: 20.959167 | E49: =D49/Q$9 -> 0.10692558 | F49: =E49*T$9 -> 1.3134323 | G49: =D49+F49 -> 22.272599 | I49: 29.01 | J49: =C49 -> 3.6 | K49: =I49/J49 -> 8.0583333 | L49: =K49/V$9 -> 0.077146869 | M49: =L49*Y$9 -> 0.64383348 | N49: =K49+M49 -> 8.7021668 | O49: =G49-N49 -> 13.570432
A50: 13028 | B50: 58.422 | C50: 3.6 | D50: 16.228333 | E50: =D50/Q$9 -> 0.082790696 | F50: =E50*T$9 -> 1.0169687 | G50: =D50+F50 -> 17.245302 | I50: 28.708 | J50: =C50 -> 3.6 | K50: =I50/J50 -> 7.9744444 | L50: =K50/V$9 -> 0.076343754 | M50: =L50*Y$9 -> 0.63713104 | N50: =K50+M50 -> 8.6115755 | O50: =G50-N50 -> 8.6337266
A51: 13058 | B51: 58.776 | C51: 3.6 | D51: 16.326667 | E51: =D51/Q$9 -> 0.083292355 | F51: =E51*T$9 -> 1.0231309 | G51: =D51+F51 -> 17.349798 | I51: 32.931 | J51: =C51 -> 3.6 | K51: =I51/J51 -> 9.1475 | L51: =K51/V$9 -> 0.087574062 | M51: =L51*Y$9 -> 0.7308542 | N51: =K51+M51 -> 9.8783542 | O51: =G51-N51 -> 7.4714434
A52: 13089 | B52: 49.818 | C52: 3.6 | D52: 13.838333 | E52: =D52/Q$9 -> 0.070597838 | F52: =E52*T$9 -> 0.86719639 | G52: =D52+F52 -> 14.70553 | I52: 25.736 | J52: =C52 -> 3.6 | K52: =I52/J52 -> 7.1488889 | L52: =K52/V$9 -> 0.068440256 | M52: =L52*Y$9 -> 0.57117196 | N52: =K52+M52 -> 7.7200608 | O52: =G52-N52 -> 6.9854689
A53: 13119 | B53: 85.11 | C53: 3.6 | D53: 23.641667 | E53: =D53/Q$9 -> 0.12061066 | F53: =E53*T$9 -> 1.4815345 | G53: =D53+F53 -> 25.123201 | I53: 43.933 | J53: =C53 -> 3.6 | K53: =I53/J53 -> 12.203611 | L53: =K53/V$9 -> 0.1168319 | M53: =L53*Y$9 -> 0.9750271 | N53: =K53+M53 -> 13.178638 | O53: =G53-N53 -> 11.944563
A54: 13150 | B54: 52.279 | C54: 3.6 | D54: 14.521944 | E54: =D54/Q$10 -> 0.07366954 | F54: =E54*T$10 -> 1.3317407 | G54: =D54+F54 -> 15.853685 | I54: =K54*J54 -> 37.5336 | J54: =C54 -> 3.6 | K54: 10.426 | L54: =K54/V$10 -> 0.080863704 | M54: =L54*Y$10 -> -0.0026685022 | N54: =K54+M54 -> 10.423331 | O54: =G54-N54 -> 5.4303536
A55: 13181 | B55: 70.084 | C55: 3.6 | D55: 19.467778 | E55: =D55/Q$10 -> 0.098759656 | F55: =E55*T$10 -> 1.7853003 | G55: =D55+F55 -> 21.253078 | I55: =K55*J55 -> 32.6736 | J55: =C55 -> 3.6 | K55: 9.076 | L55: =K55/V$10 -> 0.07039315 | M55: =L55*Y$10 -> -0.0023229739 | N55: =K55+M55 -> 9.073677 | O55: =G55-N55 -> 12.179401
A56: 13210 | B56: 56.507 | C56: 3.6 | D56: 15.696389 | E56: =D56/Q$10 -> 0.079627474 | F56: =E56*T$10 -> 1.4394435 | G56: =D56+F56 -> 17.135832 | I56: =K56*J56 -> 34.9848 | J56: =C56 -> 3.6 | K56: 9.718 | L56: =K56/V$10 -> 0.07537248 | M56: =L56*Y$10 -> -0.0024872918 | N56: =K56+M56 -> 9.7155127 | O56: =G56-N56 -> 7.4203197
A57: 13241 | B57: 63.88 | C57: 3.6 | D57: 17.744444 | E57: =D57/Q$10 -> 0.09001722 | F57: =E57*T$10 -> 1.6272613 | G57: =D57+F57 -> 19.371706 | I57: =K57*J57 -> 39.9312 | J57: =C57 -> 3.6 | K57: 11.092 | L57: =K57/V$10 -> 0.086029178 | M57: =L57*Y$10 -> -0.0028389629 | N57: =K57+M57 -> 11.089161 | O57: =G57-N57 -> 8.2825447
A58: 13271 | B58: 52.764 | C58: 3.6 | D58: 14.656667 | E58: =D58/Q$10 -> 0.074352984 | F58: =E58*T$10 -> 1.3440954 | G58: =D58+F58 -> 16.000762 | I58: =K58*J58 -> 38.5416 | J58: =C58 -> 3.6 | K58: 10.706 | L58: =K58/V$10 -> 0.083035375 | M58: =L58*Y$10 -> -0.0027401674 | N58: =K58+M58 -> 10.70326 | O58: =G58-N58 -> 5.2975022
A59: 13302 | B59: 65.043 | C59: 3.6 | D59: 18.0675 | E59: =D59/Q$10 -> 0.091656074 | F59: =E59*T$10 -> 1.6568872 | G59: =D59+F59 -> 19.724387 | I59: =K59*J59 -> 39.6648 | J59: =C59 -> 3.6 | K59: 11.018 | L59: =K59/V$10 -> 0.085455236 | M59: =L59*Y$10 -> -0.0028200228 | N59: =K59+M59 -> 11.01518 | O59: =G59-N59 -> 8.7092072
A60: 13332 | B60: 66.088 | C60: 3.6 | D60: 18.357778 | E60: =D60/Q$10 -> 0.093128648 | F60: =E60*T$10 -> 1.6835073 | G60: =D60+F60 -> 20.041285 | I60: =K60*J60 -> 37.782 | J60: =C60 -> 3.6 | K60: 10.495 | L60: =K60/V$10 -> 0.081398866 | M60: =L60*Y$10 -> -0.0026861626 | N60: =K60+M60 -> 10.492314 | O60: =G60-N60 -> 9.5489712
A61: 13363 | B61: 67.985 | C61: 3.6 | D61: 18.884722 | E61: =D61/Q$10 -> 0.095801827 | F61: =E61*T$10 -> 1.7318309 | G61: =D61+F61 -> 20.616553 | I61: =K61*J61 -> 35.0496 | J61: =C61 -> 3.6 | K61: 9.736 | L61: =K61/V$10 -> 0.075512088 | M61: =L61*Y$10 -> -0.0024918989 | N61: =K61+M61 -> 9.7335081 | O61: =G61-N61 -> 10.883045
A62: 13394 | B62: 51.552 | C62: 3.6 | D62: 14.32 | E62: =D62/Q$10 -> 0.07264508 | F62: =E62*T$10 -> 1.3132213 | G62: =D62+F62 -> 15.633221 | I62: =K62*J62 -> 39.7008 | J62: =C62 -> 3.6 | K62: 11.028 | L62: =K62/V$10 -> 0.085532796 | M62: =L62*Y$10 -> -0.0028225823 | N62: =K62+M62 -> 11.025177 | O62: =G62-N62 -> 4.6080438
A63: 13424 | B63: 51.894 | C63: 3.6 | D63: 14.415 | E63: =D63/Q$10 -> 0.073127013 | F63: =E63*T$10 -> 1.3219333 | G63: =D63+F63 -> 15.736933 | I63: =K63*J63 -> 40.5324 | J63: =C63 -> 3.6 | K63: 11.259 | L63: =K63/V$10 -> 0.087324424 | M63: =L63*Y$10 -> -0.002881706 | N63: =K63+M63 -> 11.256118 | O63: =G63-N63 -> 4.480815
A64: 13455 | B64: 56.127 | C64: 3.6 | D64: 15.590833 | E64: =D64/Q$10 -> 0.079091993 | F64: =E64*T$10 -> 1.4297635 | G64: =D64+F64 -> 17.020597 | I64: =K64*J64 -> 39.2292 | J64: =C64 -> 3.6 | K64: 10.897 | L64: =K64/V$10 -> 0.084516765 | M64: =L64*Y$10 -> -0.0027890532 | N64: =K64+M64 -> 10.894211 | O64: =G64-N64 -> 6.1263859
A65: 13485 | B65: 55.439 | C65: 3.6 | D65: 15.399722 | E65: =D65/Q$10 -> 0.07812249 | F65: =E65*T$10 -> 1.4122376 | G65: =D65+F65 -> 16.81196 | I65: =K65*J65 -> 48.5352 | J65: =C65 -> 3.6 | K65: 13.482 | L65: =K65/V$10 -> 0.10456594 | M65: =L65*Y$10 -> -0.0034506759 | N65: =K65+M65 -> 13.478549 | O65: =G65-N65 -> 3.3334105
A66: 13516 | B66: 75.097 | C66: 3.6 | D66: 20.860278 | E66: =D66/Q$11 -> 0.089124353 | F66: =E66*T$11 -> 1.2336494 | G66: =D66+F66 -> 22.093927 | I66: =K66*J66 -> 41.4504 | J66: =C66 -> 3.6 | K66: 11.514 | L66: =K66/V$11 -> 0.067978934 | M66: =L66*Y$11 -> 0.083206216 | N66: =K66+M66 -> 11.597206 | O66: =G66-N66 -> 10.496721
A67: 13547 | B67: 55.409 | C67: 3.6 | D67: 15.391389 | E67: =D67/Q$11 -> 0.065758836 | F67: =E67*T$11 -> 0.9102265 | G67: =D67+F67 -> 16.301615 | I67: =K67*J67 -> 42.5628 | J67: =C67 -> 3.6 | K67: 11.823 | L67: =K67/V$11 -> 0.069803278 | M67: =L67*Y$11 -> 0.085439212 | N67: =K67+M67 -> 11.908439 | O67: =G67-N67 -> 4.3931762
A68: 13575 | B68: 76.461 | C68: 3.6 | D68: 21.239167 | E68: =D68/Q$11 -> 0.090743135 | F68: =E68*T$11 -> 1.2560564 | G68: =D68+F68 -> 22.495223 | I68: =K68*J68 -> 54.666 | J68: =C68 -> 3.6 | K68: 15.185 | L68: =K68/V$11 -> 0.089652607 | M68: =L68*Y$11 -> 0.10973479 | N68: =K68+M68 -> 15.294735 | O68: =G68-N68 -> 7.2004883
A69: 13606 | B69: 81.6876 | C69: 3.6 | D69: 22.691 | E69: =D69/Q$11 -> 0.09694601 | F69: =E69*T$11 -> 1.3419159 | G69: =D69+F69 -> 24.032916 | I69: =K69*J69 -> 55.1484 | J69: =C69 -> 3.6 | K69: 15.319 | L69: =K69/V$11 -> 0.090443746 | M69: =L69*Y$11 -> 0.11070315 | N69: =K69+M69 -> 15.429703 | O69: =G69-N69 -> 8.6032128
A70: 13636 | B70: 68.437 | C70: 3.6 | D70: 19.010278 | E70: =D70/Q$11 -> 0.081220333 | F70: =E70*T$11 -> 1.1242428 | G70: =D70+F70 -> 20.134521 | I70: =K70*J70 -> 49.23 | J70: =C70 -> 3.6 | K70: 13.675 | L70: =K70/V$11 -> 0.080737531 | M70: =L70*Y$11 -> 0.098822738 | N70: =K70+M70 -> 13.773823 | O70: =G70-N70 -> 6.3606979
A71: 13667 | B71: 75.714 | C71: 3.6 | D71: 21.031667 | E71: =D71/Q$11 -> 0.089856603 | F71: =E71*T$11 -> 1.2437851 | G71: =D71+F71 -> 22.275452 | I71: =K71*J71 -> 51.318 | J71: =C71 -> 3.6 | K71: 14.255 | L71: =K71/V$11 -> 0.084161865 | M71: =L71*Y$11 -> 0.10301412 | N71: =K71+M71 -> 14.358014 | O71: =G71-N71 -> 7.9174377
A72: 13697 | B72: 90.47 | C72: 3.6 | D72: 25.130556 | E72: =D72/Q$11 -> 0.10736887 | F72: =E72*T$11 -> 1.486188 | G72: =D72+F72 -> 26.616744 | I72: =K72*J72 -> 56.286 | J72: =C72 -> 3.6 | K72: 15.635 | L72: =K72/V$11 -> 0.092309418 | M72: =L72*Y$11 -> 0.11298673 | N72: =K72+M72 -> 15.747987 | O72: =G72-N72 -> 10.868757
A73: 13728 | B73: 67.055 | C73: 3.6 | D73: 18.626389 | E73: =D73/Q$11 -> 0.07958019 | F73: =E73*T$11 -> 1.1015401 | G73: =D73+F73 -> 19.727929 | I73: =K73*J73 -> 52.092 | J73: =C73 -> 3.6 | K73: 14.47 | L73: =K73/V$11 -> 0.08543123 | M73: =L73*Y$11 -> 0.10456783 | N73: =K73+M73 -> 14.574568 | O73: =G73-N73 -> 5.1533612
A74: 13759 | B74: 64.713 | C74: 3.6 | D74: 17.975833 | E74: =D74/Q$11 -> 0.076800728 | F74: =E74*T$11 -> 1.0630671 | G74: =D74+F74 -> 19.0389 | I74: =K74*J74 -> 48.9132 | J74: =C74 -> 3.6 | K74: 13.587 | L74: =K74/V$11 -> 0.080217977 | M74: =L74*Y$11 -> 0.098186803 | N74: =K74+M74 -> 13.685187 | O74: =G74-N74 -> 5.3537137
A75: 13789 | B75: 63.364 | C75: 3.6 | D75: 17.601111 | E75: =D75/Q$11 -> 0.075199749 | F75: =E75*T$11 -> 1.0409066 | G75: =D75+F75 -> 18.642018 | I75: =K75*J75 -> 53.1612 | J75: =C75 -> 3.6 | K75: 14.767 | L75: =K75/V$11 -> 0.087184725 | M75: =L75*Y$11 -> 0.1067141 | N75: =K75+M75 -> 14.873714 | O75: =G75-N75 -> 3.7683036
A76: 13820 | B76: 57.958 | C76: 3.6 | D76: 16.099444 | E76: =D76/Q$11 -> 0.068783963 | F76: =E76*T$11 -> 0.95209997 | G76: =D76+F76 -> 17.051544 | I76: =K76*J76 -> 49.1328 | J76: =C76 -> 3.6 | K76: 13.648 | L76: =K76/V$11 -> 0.080578122 | M76: =L76*Y$11 -> 0.098627621 | N76: =K76+M76 -> 13.746628 | O76: =G76-N76 -> 3.3049168
A77: 13850 | B77: 66.2436 | C77: 3.6 | D77: 18.401 | E77: =D77/Q$11 -> 0.078617228 | F77: =E77*T$11 -> 1.0882109 | G77: =D77+F77 -> 19.489211 | I77: =K77*J77 -> 55.7928 | J77: =C77 -> 3.6 | K77: 15.498 | L77: =K77/V$11 -> 0.091500567 | M77: =L77*Y$11 -> 0.11199669 | N77: =K77+M77 -> 15.609997 | O77: =G77-N77 -> 3.8792142
A78: 13881 | B78: 78.48 | C78: 3.6 | D78: 21.8 | E78: =D78/Q$12 -> 0.11540559 | F78: =E78*T$12 -> -0.40380415 | G78: =D78+F78 -> 21.396196 | I78: =K78*J78 -> 49.4208 | J78: =C78 -> 3.6 | K78: 13.728 | L78: =K78/V$12 -> 0.12364894 | M78: =L78*Y$12 -> -0.21317077 | N78: =K78+M78 -> 13.514829 | O78: =G78-N78 -> 7.8813666
A79: 13912 | B79: 87.2928 | C79: 3.6 | D79: 24.248 | E79: =D79/Q$12 -> 0.12836489 | F79: =E79*T$12 -> -0.44914876 | G79: =D79+F79 -> 23.798851 | I79: =K79*J79 -> 36.2304 | J79: =C79 -> 3.6 | K79: 10.064 | L79: =K79/V$12 -> 0.090647067 | M79: =L79*Y$12 -> -0.15627554 | N79: =K79+M79 -> 9.9077245 | O79: =G79-N79 -> 13.891127
A80: 13940 | B80: 77.863526 | C80: 3.874 | D80: 20.099 | E80: =D80/Q$12 -> 0.10640078 | F80: =E80*T$12 -> -0.37229631 | G80: =D80+F80 -> 19.726704 | I80: =K80*J80 -> 42.397056 | J80: =C80 -> 3.874 | K80: 10.944 | L80: =K80/V$12 -> 0.098573281 | M80: =L80*Y$12 -> -0.16994034 | N80: =K80+M80 -> 10.77406 | O80: =G80-N80 -> 8.952644
A81: 13971 | B81: 59.880905 | C81: 4.291 | D81: 13.955 | E81: =D81/Q$12 -> 0.073875457 | F81: =E81*T$12 -> -0.25849022 | G81: =D81+F81 -> 13.69651 | I81: =K81*J81 -> 36.833944 | J81: =C81 -> 4.291 | K81: 8.584 | L81: =K81/V$12 -> 0.077316616 | M81: =L81*Y$12 -> -0.13329385 | N81: =K81+M81 -> 8.4507062 | O81: =G81-N81 -> 5.2458036
A82: 14001 | B82: 52.234386 | C82: 4.458 | D82: 11.717 | E82: =D82/Q$12 -> 0.062027856 | F82: =E82*T$12 -> -0.21703547 | G82: =D82+F82 -> 11.499965 | I82: =K82*J82 -> 31.83012 | J82: =C82 -> 4.458 | K82: 7.14 | L82: =K82/V$12 -> 0.064310419 | M82: =L82*Y$12 -> -0.11087116 | N82: =K82+M82 -> 7.0291288 | O82: =G82-N82 -> 4.4708357
A83: 14032 | B83: 65.430796 | C83: 4.684 | D83: 13.969 | E83: =D83/Q$12 -> 0.073949571 | F83: =E83*T$12 -> -0.25874955 | G83: =D83+F83 -> 13.71025 | I83: =K83*J83 -> 40.699276 | J83: =C83 -> 4.684 | K83: 8.689 | L83: =K83/V$12 -> 0.078262358 | M83: =L83*Y$12 -> -0.1349243 | N83: =K83+M83 -> 8.5540757 | O83: =G83-N83 -> 5.1561748
A84: 14062 | B84: 81.876256 | C84: 4.949 | D84: 16.544 | E84: =D84/Q$12 -> 0.087581194 | F84: =E84*T$12 -> -0.3064466 | G84: =D84+F84 -> 16.237553 | I84: =K84*J84 -> 57.55687 | J84: =C84 -> 4.949 | K84: 11.63 | L84: =K84/V$12 -> 0.10475213 | M84: =L84*Y$12 -> -0.18059266 | N84: =K84+M84 -> 11.449407 | O84: =G84-N84 -> 4.7881461
A85: 14093 | B85: 88.794657 | C85: 4.977 | D85: 17.841 | E85: =D85/Q$12 -> 0.094447297 | F85: =E85*T$12 -> -0.33047109 | G85: =D85+F85 -> 17.510529 | I85: =K85*J85 -> 40.393332 | J85: =C85 -> 4.977 | K85: 8.116 | L85: =K85/V$12 -> 0.073101311 | M85: =L85*Y$12 -> -0.12602666 | N85: =K85+M85 -> 7.9899733 | O85: =G85-N85 -> 9.5205556
A86: 14124 | B86: 68.342652 | C86: 4.998 | D86: 13.674 | E86: =D86/Q$12 -> 0.07238789 | F86: =E86*T$12 -> -0.25328523 | G86: =D86+F86 -> 13.420715 | I86: =K86*J86 -> 35.86065 | J86: =C86 -> 4.998 | K86: 7.175 | L86: =K86/V$12 -> 0.064625667 | M86: =L86*Y$12 -> -0.11141465 | N86: =K86+M86 -> 7.0635854 | O86: =G86-N86 -> 6.3571294
A87: 14154 | B87: 57.436759 | C87: 4.957 | D87: 11.587 | E87: =D87/Q$12 -> 0.061339658 | F87: =E87*T$12 -> -0.21462746 | G87: =D87+F87 -> 11.372373 | I87: =K87*J87 -> 38.436578 | J87: =C87 -> 4.957 | K87: 7.754 | L87: =K87/V$12 -> 0.069840755 | M87: =L87*Y$12 -> -0.12040546 | N87: =K87+M87 -> 7.6335945 | O87: =G87-N87 -> 3.738778
A88: 14185 | B88: 53.692394 | C88: 4.907 | D88: 10.942 | E88: =D88/Q$12 -> 0.057925135 | F88: =E88*T$12 -> -0.20268005 | G88: =D88+F88 -> 10.73932 | I88: =K88*J88 -> 41.650616 | J88: =C88 -> 4.907 | K88: 8.488 | L88: =K88/V$12 -> 0.076451938 | M88: =L88*Y$12 -> -0.13180314 | N88: =K88+M88 -> 8.3561969 | O88: =G88-N88 -> 2.3831231
A89: 14215 | B89: 61.538022 | C89: 4.914 | D89: 12.523 | E89: =D89/Q$12 -> 0.066294687 | F89: =E89*T$12 -> -0.23196511 | G89: =D89+F89 -> 12.291035 | I89: =K89*J89 -> 42.810768 | J89: =C89 -> 4.914 | K89: 8.712 | L89: =K89/V$12 -> 0.07846952 | M89: =L89*Y$12 -> -0.13528145 | N89: =K89+M89 -> 8.5767185 | O89: =G89-N89 -> 3.7143163
A90: 14246 | B90: 67.720672 | C90: 4.992 | D90: 13.56584 | E90: =D90/Q$13 -> 0.07769424 | F90: =E90*T$13 -> -0.87060087 | G90: =D90+F90 -> 12.695239 | I90: 46.406 | J90: =C90 -> 4.992 | K90: =I90/J90 -> 9.2960737 | L90: =K90/V$13 -> 0.076809191 | M90: =L90*Y$13 -> 0.55086453 | N90: =K90+M90 -> 9.8469383 | O90: =G90-N90 -> 2.8483006
A91: 14277 | B91: 72.64847 | C91: 4.99 | D91: 14.558812 | E91: =D91/Q$13 -> 0.083381186 | F91: =E91*T$13 -> -0.9343258 | G91: =D91+F91 -> 13.624486 | I91: 47.415 | J91: =C91 -> 4.99 | K91: =I91/J91 -> 9.502004 | L91: =K91/V$13 -> 0.078510698 | M91: =L91*Y$13 -> 0.5630675 | N91: =K91+M91 -> 10.065072 | O91: =G91-N91 -> 3.5594143
A92: 14305 | B92: 84.89548 | C92: 4.99 | D92: 17.013122 | E92: =D92/Q$13 -> 0.097437507 | F92: =E92*T$13 -> -1.0918336 | G92: =D92+F92 -> 15.921289 | I92: 57.842 | J92: =C92 -> 4.99 | K92: =I92/J92 -> 11.591583 | L92: =K92/V$13 -> 0.095775932 | M92: =L92*Y$13 -> 0.68689129 | N92: =K92+M92 -> 12.278474 | O92: =G92-N92 -> 3.6428142
A93: 14336 | B93: 84.51777 | C93: 4.99 | D93: 16.937429 | E93: =D93/Q$13 -> 0.097003996 | F93: =E93*T$13 -> -1.0869759 | G93: =D93+F93 -> 15.850453 | I93: 51.555 | J93: =C93 -> 4.99 | K93: =I93/J93 -> 10.331663 | L93: =K93/V$13 -> 0.085365792 | M93: =L93*Y$13 -> 0.61223126 | N93: =K93+M93 -> 10.943895 | O93: =G93-N93 -> 4.9065584
A94: 14366 | B94: 77.93317 | C94: 4.99 | D94: 15.61787 | E94: =D94/Q$13 -> 0.089446621 | F94: =E94*T$13 -> -1.0022919 | G94: =D94+F94 -> 14.615578 | I94: 52.167 | J94: =C94 -> 4.99 | K94: =I94/J94 -> 10.454309 | L94: =K94/V$13 -> 0.086379154 | M94: =L94*Y$13 -> 0.61949894 | N94: =K94+M94 -> 11.073808 | O94: =G94-N94 -> 3.5417703
A95: 14397 | B95: 98.092913 | C95: 5.043 | D95: 19.451301 | E95: =D95/Q$13 -> 0.11140144 | F95: =E95*T$13 -> -1.2483061 | G95: =D95+F95 -> 18.202995 | I95: 50.921 | J95: =C95 -> 5.043 | K95: =I95/J95 -> 10.097363 | L95: =K95/V$13 -> 0.083429874 | M95: =L95*Y$13 -> 0.59834712 | N95: =K95+M95 -> 10.69571 | O95: =G95-N95 -> 7.5072855
A96: 14427 | B96: 75.553988 | C96: 5.788 | D96: 13.053557 | E96: =D96/Q$13 -> 0.074760296 | F96: =E96*T$13 -> -0.83772463 | G96: =D96+F96 -> 12.215832 | I96: 51.936 | J96: =C96 -> 5.788 | K96: =I96/J96 -> 8.9730477 | L96: =K96/V$13 -> 0.074140175 | M96: =L96*Y$13 -> 0.53172273 | N96: =K96+M96 -> 9.5047704 | O96: =G96-N96 -> 2.711062
A97: 14458 | B97: 86.51864 | C97: 5.968 | D97: 14.497091 | E97: =D97/Q$13 -> 0.083027701 | F97: =E97*T$13 -> -0.93036483 | G97: =D97+F97 -> 13.566726 | I97: 63.82 | J97: =C97 -> 5.968 | K97: =I97/J97 -> 10.6937 | L97: =K97/V$13 -> 0.088357133 | M97: =L97*Y$13 -> 0.63368472 | N97: =K97+M97 -> 11.327384 | O97: =G97-N97 -> 2.2393419
A98: 14489 | B98: 54.906832 | C98: 5.212 | D98: 10.534695 | E98: =D98/Q$13 -> 0.060334278 | F98: =E98*T$13 -> -0.67607425 | G98: =D98+F98 -> 9.8586211 | I98: 43.03 | J98: =C98 -> 5.212 | K98: =I98/J98 -> 8.2559478 | L98: =K98/V$13 -> 0.068215108 | M98: =L98*Y$13 -> 0.489229 | N98: =K98+M98 -> 8.7451768 | O98: =G98-N98 -> 1.1134443
A99: 14519 | B99: 58.900216 | C99: 4.869 | D99: 12.096984 | E99: =D99/Q$13 -> 0.069281815 | F99: =E99*T$13 -> -0.77633565 | G99: =D99+F99 -> 11.320649 | I99: 47.932 | J99: =C99 -> 4.869 | K99: =I99/J99 -> 9.8443212 | L99: =K99/V$13 -> 0.081339108 | M99: =L99*Y$13 -> 0.58335245 | N99: =K99+M99 -> 10.427674 | O99: =G99-N99 -> 0.89297487
A100: 14550 | B100: 53.06268 | C100: 4.86 | D100: 10.918247 | E100: =D100/Q$13 -> 0.062530954 | F100: =E100*T$13 -> -0.70068904 | G100: =D100+F100 -> 10.217558 | I100: 52.863 | J100: =C100 -> 4.86 | K100: =I100/J100 -> 10.87716 | L100: =K100/V$13 -> 0.089872985 | M100: =L100*Y$13 -> 0.6445562 | N100: =K100+M100 -> 11.521717 | O100: =G100-N100 -> -1.3041588
A101: 14580 | B101: 90.522795 | C101: 5.533 | D101: 16.360527 | E101: =D101/Q$13 -> 0.093699965 | F101: =E101*T$13 -> -1.0499526 | G101: =D101+F101 -> 15.310574 | I101: 61.477 | J101: =C101 -> 5.533 | K101: =I101/J101 -> 11.110971 | L101: =K101/V$13 -> 0.09180485 | M101: =L101*Y$13 -> 0.65841126 | N101: =K101+M101 -> 11.769382 | O101: =G101-N101 -> 3.5411924
A102: 14611 | B102: 122.5952 | C102: 5.987 | D102: 20.4769 | E102: =D102/Q$14 -> 0.11535183 | F102: =E102*T$14 -> -2.0436778 | G102: =D102+F102 -> 18.433222 | I102: 74.563 | J102: =C102 -> 5.987 | K102: =I102/J102 -> 12.454151 | L102: =K102/V$14 -> 0.10039059 | M102: =L102*Y$14 -> 0.83756291 | N102: =K102+M102 -> 13.291714 | O102: =G102-N102 -> 5.1415089
A103: 14642 | B103: 99.78469 | C103: 5.99 | D103: 16.658546 | E103: =D103/Q$14 -> 0.093842024 | F103: =E103*T$14 -> -1.6625905 | G103: =D103+F103 -> 14.995955 | I103: 66.322 | J103: =C103 -> 5.99 | K103: =I103/J103 -> 11.07212 | L103: =K103/V$14 -> 0.089250296 | M103: =L103*Y$14 -> 0.744619 | N103: =K103+M103 -> 11.816739 | O103: =G103-N103 -> 3.1792162
...

Sheet XM Tri
A1: Observaciones trimestrales, 1949-2001 | G1: Balanza de pagos y saldo de la reserva internacional bruta md, 1950-2001
B2: Exportaciones md | C2: Importaciones mp | D2: Balanza comercial | F2: Año | G2: Cuenta corriente md | H2: Cuenta de capital y/o financiera md | I2: DEG's | J2: Errores y omisiones | K2: Variación de la reserva internacional | L2: Ajustes por valoración | M2: RI Brutas=Netas saldos | N2: RI Brutas saldos | O2: RI Netas saldos
A5: Oct-Dic 1948 | B5: 111.79669 | C5: 145.21842 | D5: -33.421734 | G5: -
A6: Ene-Mar 1949 | B6: 132.80558 | C6: 145.80825 | D6: -13.002668
A7: Abr-Jun 1949 | B7: 104.52935 | C7: 134.29225 | D7: -29.7629
A8: Jul-Sep 1949 | B8: 103.33474 | C8: 111.69625 | D8: -8.3615138
A9: Oct-Dic 1949 | B9: 115.23033 | C9: 122.60325 | D9: -7.3729189 | F9: Oct-Dic 1949 | G9: - | H9: - | I9: - | J9: - | K9: - | L9: - | M9: 164 | N9: 164 | O9: 164
A10: Ene-Mar 1950 | B10: 119.9 | C10: 118.7 | D10: =B10-C10 -> 1.2 | F10: Ene-Mar 1950 | G10: 10.2 | H10: 22.3 | I10: - | J10: -28.6 | K10: 3.8 | L10: - | M10: =M9+K10 -> 167.8
A11: Abr-Jun 1950 | B11: 105.4 | C11: 117.6 | D11: =B11-C11 -> -12.2 | F11: Abr-Jun 1950 | G11: -5.9 | H11: 16.8 | I11: - | J11: -29 | K11: -18 | L11: - | M11: =M10+K11 -> 149.8
A12: Jul-Sep 1950 | B12: 196.3 | C12: 139.8 | D12: =B12-C12 -> 56.5 | F12: Jul-Sep 1950 | G12: 65.3 | H12: 29.2 | I12: - | J12: -20.5 | K12: 74 | L12: - | M12: =M11+K12 -> 223.8
A13: Oct-Dic 1950 | B13: 277.8 | C13: 180.4 | D13: =B13-C13 -> 97.4 | F13: Oct-Dic 1950 | G13: 93.4 | H13: -15.3 | I13: - | J13: 34 | K13: 112.1 | L13: - | M13: =M12+K13 -> 335.9 | N13: 335.9 | O13: 335.9
A14: Ene-Mar 1951 | B14: 259.7 | C14: 182.2 | D14: =B14-C14 -> 77.5 | F14: Ene-Mar 1951 | G14: 77.3 | H14: 67.8 | I14: - | J14: -110.3 | K14: 34.8 | L14: - | M14: =M13+K14 -> 370.7
A15: Abr-Jun 1951 | B15: 104 | C15: 302.7 | D15: =B15-C15 -> -198.7 | F15: Abr-Jun 1951 | G15: -193.1 | H15: -3.4 | I15: - | J15: 112.6 | K15: -83.9 | L15: - | M15: =M14+K15 -> 286.8
A16: Jul-Sep 1951 | B16: 148.2 | C16: 252.3 | D16: =B16-C16 -> -104.1 | F16: Jul-Sep 1951 | G16: -91.7 | H16: 13.7 | I16: - | J16: 97.3 | K16: 19.4 | L16: - | M16: =M15+K16 -> 306.2
A17: Oct-Dic 1951 | B17: 208.2 | C17: 198.7 | D17: =B17-C17 -> 9.5 | F17: Oct-Dic 1951 | G17: 4.2 | H17: -23 | I17: - | J17: 40.9 | K17: 22.2 | L17: - | M17: =M16+K17 -> 328.4 | N17: 328.4 | O17: 328.4
A18: Ene-Mar 1952 | B18: 163.9 | C18: 235.2 | D18: =B18-C18 -> -71.3 | F18: Ene-Mar 1952 | G18: -71.2 | H18: -11.1 | I18: - | J18: 53.4 | K18: -28.9 | L18: - | M18: =M17+K18 -> 299.5
A19: Abr-Jun 1952 | B19: 172.3 | C19: 323.1 | D19: =B19-C19 -> -150.8 | F19: Abr-Jun 1952 | G19: -145.2 | H19: -19.6 | I19: - | J19: 61.1 | K19: -103.6 | L19: - | M19: =M18+K19 -> 195.9
A20: Jul-Sep 1952 | B20: 169.8 | C20: 192.7 | D20: =B20-C20 -> -22.9 | F20: Jul-Sep 1952 | G20: -17.4 | H20: 42.3 | I20: - | J20: 34.7 | K20: 59.6 | L20: - | M20: =M19+K20 -> 255.5
A21: Oct-Dic 1952 | B21: 223.4 | C21: 194.7 | D21: =B21-C21 -> 28.7 | F21: Oct-Dic 1952 | G21: 20.6 | H21: 23.8 | I21: - | J21: 7.9 | K21: 52.3 | L21: - | M21: =M20+K21 -> 307.8 | N21: 307.8 | O21: 307.8
A22: Ene-Mar 1953 | B22: 202.1 | C22: 173.2 | D22: =B22-C22 -> 28.9 | F22: Ene-Mar 1953 | G22: 22.4 | H22: 18.6 | I22: - | J22: -39 | K22: 2 | L22: - | M22: =M21+K22 -> 309.8
A23: Abr-Jun 1953 | B23: 127.9 | C23: 205.8 | D23: =B23-C23 -> -77.9 | F23: Abr-Jun 1953 | G23: -77 | H23: 4 | I23: - | J23: 24.8 | K23: -48.2 | L23: - | M23: =M22+K23 -> 261.6
A24: Jul-Sep 1953 | B24: 127.3 | C24: 234.7 | D24: =B24-C24 -> -107.4 | F24: Jul-Sep 1953 | G24: -104.2 | H24: -0.2 | I24: - | J24: 81.9 | K24: -22.6 | L24: - | M24: =M23+K24 -> 239
A25: Oct-Dic 1953 | B25: 180.8 | C25: 222.1 | D25: =B25-C25 -> -41.3 | F25: Oct-Dic 1953 | G25: -45.7 | H25: 12.8 | I25: - | J25: 59.8 | K25: 27 | L25: - | M25: =M24+K25 -> 266 | N25: 266 | O25: 266
A26: Ene-Mar 1954 | B26: 194.7 | C26: 204.2 | D26: =B26-C26 -> -9.5 | F26: Ene-Mar 1954 | G26: -9.9 | H26: 18.8 | I26: - | J26: -20.5 | K26: -11.6 | L26: - | M26: =M25+K26 -> 254.4
A27: Abr-Jun 1954 | B27: 120.3 | C27: 305.1 | D27: =B27-C27 -> -184.8 | F27: Abr-Jun 1954 | G27: -183.7 | H27: -4.3 | I27: - | J27: 72.1 | K27: -116 | L27: - | M27: =M26+K27 -> 138.4
A28: Jul-Sep 1954 | B28: 167.5 | C28: 188.3 | D28: =B28-C28 -> -20.8 | F28: Jul-Sep 1954 | G28: -18.3 | H28: -8.9 | I28: - | J28: 65.1 | K28: 37.8 | L28: - | M28: =M27+K28 -> 176.2
A29: Oct-Dic 1954 | B29: 191.5 | C29: 196.7 | D29: =B29-C29 -> -5.2 | F29: Oct-Dic 1954 | G29: -15.5 | H29: 23.3 | I29: - | J29: 55.9 | K29: 63.8 | L29: - | M29: =M28+K29 -> 240 | N29: 240 | O29: 240
A30: Ene-Mar 1955 | B30: 197.9 | C30: 210.6 | D30: =B30-C30 -> -12.7 | F30: Ene-Mar 1955 | G30: -15.2 | H30: 82.2 | I30: - | J30: -12.2 | K30: 54.8 | L30: - | M30: =M29+K30 -> 294.8
A31: Abr-Jun 1955 | B31: 188.5 | C31: 215.6 | D31: =B31-C31 -> -27.1 | F31: Abr-Jun 1955 | G31: -17.1 | H31: 12.8 | I31: - | J31: 24.4 | K31: 20 | L31: - | M31: =M30+K31 -> 314.8
A32: Jul-Sep 1955 | B32: 249.9 | C32: 215 | D32: =B32-C32 -> 34.9 | F32: Jul-Sep 1955 | G32: 50.6 | H32: 48 | I32: - | J32: -42.7 | K32: 55.8 | L32: - | M32: =M31+K32 -> 370.6
A33: Oct-Dic 1955 | B33: 223 | C33: 242.6 | D33: =B33-C33 -> -19.6 | F33: Oct-Dic 1955 | G33: -16.6 | H33: 20.2 | I33: - | J33: 67.2 | K33: 71 | L33: - | M33: =M32+K33 -> 441.6 | N33: 441.6 | O33: 441.6
A34: Ene-Mar 1956 | B34: 274 | C34: 238.5 | D34: =B34-C34 -> 35.5 | F34: Ene-Mar 1956 | G34: 39.7 | H34: 30.2 | I34: - | J34: -57.8 | K34: 12.1 | L34: - | M34: =M33+K34 -> 453.7
A35: Abr-Jun 1956 | B35: 189.6 | C35: 279.5 | D35: =B35-C35 -> -89.9 | F35: Abr-Jun 1956 | G35: -84.1 | H35: 24.6 | I35: - | J35: 22.7 | K35: -36.8 | L35: - | M35: =M34+K35 -> 416.9
A36: Jul-Sep 1956 | B36: 199.1 | C36: 270.9 | D36: =B36-C36 -> -71.8 | F36: Jul-Sep 1956 | G36: -56.8 | H36: 36.7 | I36: - | J36: 53.2 | K36: 33.1 | L36: - | M36: =M35+K36 -> 450
A37: Oct-Dic 1956 | B37: 211.8 | C37: 282.7 | D37: =B37-C37 -> -70.9 | F37: Oct-Dic 1956 | G37: -81.9 | H37: -8.9 | I37: - | J37: 143.6 | K37: 52.8 | L37: - | M37: =M36+K37 -> 502.8 | N37: 502.8 | O37: 502.8
A38: Ene-Mar 1957 | B38: 190.3 | C38: 271.6 | D38: =B38-C38 -> -81.3 | F38: Ene-Mar 1957 | G38: -76.3 | H38: 41.1 | I38: - | J38: 23.8 | K38: -11.3 | L38: - | M38: =M37+K38 -> 491.5
A39: Abr-Jun 1957 | B39: 155.9 | C39: 300.3 | D39: =B39-C39 -> -144.4 | F39: Abr-Jun 1957 | G39: -135.5 | H39: 65.7 | I39: - | J39: 16.6 | K39: -53.2 | L39: - | M39: =M38+K39 -> 438.3
A40: Jul-Sep 1957 | B40: 214.7 | C40: 297.8 | D40: =B40-C40 -> -83.1 | F40: Jul-Sep 1957 | G40: -67.5 | H40: 24.9 | I40: - | J40: 64.7 | K40: 22.1 | L40: - | M40: =M39+K40 -> 460.4
A41: Oct-Dic 1957 | B41: 216.4 | C41: 291.8 | D41: =B41-C41 -> -75.4 | F41: Oct-Dic 1957 | G41: -80.6 | H41: 32 | I41: - | J41: 77.4 | K41: 28.9 | L41: - | M41: =M40+K41 -> 489.3 | N41: 489.3 | O41: 489.3
A42: Ene-Mar 1958 | B42: 189.7 | C42: 310.8 | D42: =B42-C42 -> -121.1 | F42: Ene-Mar 1958 | G42: -121 | H42: 25.9 | I42: - | J42: 41 | K42: -54.1 | L42: - | M42: =M41+K42 -> 435.2
A43: Abr-Jun 1958 | B43: 173 | C43: 320.6 | D43: =B43-C43 -> -147.6 | F43: Abr-Jun 1958 | G43: -143.1 | H43: 40.8 | I43: - | J43: 39.2 | K43: -63.1 | L43: - | M43: =M42+K43 -> 372.1
A44: Jul-Sep 1958 | B44: 196.5 | C44: 278.3 | D44: =B44-C44 -> -81.8 | F44: Jul-Sep 1958 | G44: -69.2 | H44: 22.9 | I44: - | J44: 58.3 | K44: 12 | L44: - | M44: =M43+K44 -> 384.1
A45: Oct-Dic 1958 | B45: 199.2 | C45: 255.2 | D45: =B45-C45 -> -56 | F45: Oct-Dic 1958 | G45: -52.2 | H45: 9.1 | I45: - | J45: 71 | K45: 27.9 | L45: - | M45: =M44+K45 -> 412 | N45: 412 | O45: 412
A46: Ene-Mar 1959 | B46: 220.5 | C46: 228.9 | D46: =B46-C46 -> -8.4 | F46: Ene-Mar 1959 | G46: -12.2 | H46: -45.6 | I46: - | J46: 42.8 | K46: -15.1 | L46: - | M46: =M45+K46 -> 396.9
A47: Abr-Jun 1959 | B47: 188.9 | C47: 258.2 | D47: =B47-C47 -> -69.3 | F47: Abr-Jun 1959 | G47: -74.5 | H47: 45.4 | I47: - | J47: 42.2 | K47: 13.1 | L47: - | M47: =M46+K47 -> 410
A48: Jul-Sep 1959 | B48: 193.7 | C48: 257.7 | D48: =B48-C48 -> -64 | F48: Jul-Sep 1959 | G48: -49.7 | H48: 40.4 | I48: - | J48: 18.3 | K48: 9 | L48: - | M48: =M47+K48 -> 419
A49: Oct-Dic 1959 | B49: 177.8 | C49: 290.6 | D49: =B49-C49 -> -112.8 | F49: Oct-Dic 1959 | G49: -95.6 | H49: 74.7 | I49: - | J49: 69.9 | K49: 49 | L49: - | M49: =M48+K49 -> 468 | N49: 468 | O49: 468
A50: Ene-Mar 1960 | B50: 194.9 | C50: 278.5 | D50: =B50-C50 -> -83.6 | F50: Ene-Mar 1960 | G50: -80.9 | H50: 58.9 | I50: - | J50: 32.8 | K50: 10.8 | L50: - | M50: =M49+K50 -> 478.8
A51: Abr-Jun 1960 | B51: 169.3 | C51: 293.8 | D51: =B51-C51 -> -124.5 | F51: Abr-Jun 1960 | G51: -127.1 | H51: 128.5 | I51: - | J51: -33.4 | K51: -32 | L51: - | M51: =M50+K51 -> 446.8
A52: Jul-Sep 1960 | B52: 226.4 | C52: 331.3 | D52: =B52-C52 -> -104.9 | F52: Jul-Sep 1960 | G52: -108.9 | H52: -37.9 | I52: - | J52: 108.6 | K52: -38.2 | L52: - | M52: =M51+K52 -> 408.6
A53: Oct-Dic 1960 | B53: 215.2 | C53: 307.8 | D53: =B53-C53 -> -92.6 | F53: Oct-Dic 1960 | G53: -102.9 | H53: 126.2 | I53: - | J53: 27.6 | K53: 50.8 | L53: - | M53: =M52+K53 -> 459.4 | N53: 459.4 | O53: 459.4
A54: Ene-Mar 1961 | B54: 208.1 | C54: 277.6 | D54: =B54-C54 -> -69.5 | F54: Ene-Mar 1961 | G54: -71.9 | H54: 48.9 | I54: - | J54: -60.9 | K54: -83.9 | L54: - | M54: =M53+K54 -> 375.5
A55: Abr-Jun 1961 | B55: 214.5 | C55: 308.8 | D55: =B55-C55 -> -94.3 | F55: Abr-Jun 1961 | G55: -104.7 | H55: 14.9 | I55: - | J55: 48.4 | K55: -41.3 | L55: - | M55: =M54+K55 -> 334.2
A56: Jul-Sep 1961 | B56: 197.4 | C56: 280 | D56: =B56-C56 -> -82.6 | F56: Jul-Sep 1961 | G56: -82.4 | H56: 102.1 | I56: - | J56: 21 | K56: 40.8 | L56: - | M56: =M55+K56 -> 375
A57: Oct-Dic 1961 | B57: 222.8 | C57: 298.7 | D57: =B57-C57 -> -75.9 | F57: Oct-Dic 1961 | G57: -84.7 | H57: 51.4 | I57: - | J57: 96.2 | K57: 62.9 | L57: - | M57: =M56+K57 -> 437.9 | N57: 437.9 | O57: 437.9
A58: Ene-Mar 1962 | B58: 243.9 | C58: 270.2 | D58: =B58-C58 -> -26.3 | F58: Ene-Mar 1962 | G58: -33.5 | H58: 105.9 | I58: - | J58: -78.1 | K58: -5.7 | L58: - | M58: =M57+K58 -> 432.2
A59: Abr-Jun 1962 | B59: 208.7 | C59: 292.8 | D59: =B59-C59 -> -84.1 | F59: Abr-Jun 1962 | G59: -93.1 | H59: 44.7 | I59: - | J59: 6.8 | K59: -41.6 | L59: - | M59: =M58+K59 -> 390.6
A60: Jul-Sep 1962 | B60: 220.1 | C60: 293.5 | D60: =B60-C60 -> -73.4 | F60: Jul-Sep 1962 | G60: -67.4 | H60: 32.9 | I60: - | J60: 35.7 | K60: 1.2 | L60: - | M60: =M59+K60 -> 391.8
A61: Oct-Dic 1962 | B61: 261.5 | C61: 304.4 | D61: =B61-C61 -> -42.9 | F61: Oct-Dic 1962 | G61: -55.5 | H61: 18.7 | I61: - | J61: 99.8 | K61: 63 | L61: - | M61: =M60+K61 -> 454.8 | N61: 454.8 | O61: 454.8
A62: Ene-Mar 1963 | B62: 267.8 | C62: 277.2 | D62: =B62-C62 -> -9.4 | F62: Ene-Mar 1963 | G62: -8.8 | H62: 2.8 | I62: - | J62: 21.2 | K62: 15.2 | L62: - | M62: =M61+K62 -> 470
A63: Abr-Jun 1963 | B63: 221.6 | C63: 324.6 | D63: =B63-C63 -> -103 | F63: Abr-Jun 1963 | G63: -107.4 | H63: -16.4 | I63: - | J63: 118.3 | K63: -5.6 | L63: - | M63: =M62+K63 -> 464.4
A64: Jul-Sep 1963 | B64: 233 | C64: 315.9 | D64: =B64-C64 -> -82.9 | F64: Jul-Sep 1963 | G64: -79.5 | H64: 28 | I64: - | J64: 88.5 | K64: 37.1 | L64: - | M64: =M63+K64 -> 501.5
A65: Oct-Dic 1963 | B65: 306.4 | C65: 326.5 | D65: =B65-C65 -> -20.1 | F65: Oct-Dic 1963 | G65: -30.4 | H65: 110.8 | I65: - | J65: -17.5 | K65: 63 | L65: - | M65: =M64+K65 -> 564.5 | N65: 564.5 | O65: 564.5
A66: Ene-Mar 1964 | B66: 309.5 | C66: 325.6 | D66: =B66-C66 -> -16.1 | F66: Ene-Mar 1964 | G66: -15.4 | H66: 137.9 | I66: - | J66: -110.4 | K66: 12.1 | L66: - | M66: =M65+K66 -> 576.6
A67: Abr-Jun 1964 | B67: 270.28 | C67: 393.4 | D67: =B67-C67 -> -123.12 | F67: Abr-Jun 1964 | G67: -141.6 | H67: 140.4 | I67: - | J67: -50.6 | K67: -51.9 | L67: - | M67: =M66+K67 -> 524.7
A68: Jul-Sep 1964 | B68: 208.6 | C68: 384.3 | D68: =B68-C68 -> -175.7 | F68: Jul-Sep 1964 | G68: -180.2 | H68: 182.8 | I68: - | J68: -7.7 | K68: -5.1 | L68: - | M68: =M67+K68 -> 519.6
A69: Oct-Dic 1964 | B69: 300.2 | C69: 398.4 | D69: =B69-C69 -> -98.2 | F69: Oct-Dic 1964 | G69: -107.5 | H69: 121 | I69: - | J69: 62.9 | K69: 76.5 | L69: - | M69: =M68+K69 -> 596.1 | N69: 596.1 | O69: 596.1
A70: Ene-Mar 1965 | B70: 277.8 | C70: 356.9 | D70: =B70-C70 -> -79.1 | F70: Ene-Mar 1965 | G70: -73.4 | H70: -19.9 | I70: - | J70: 84.5 | K70: -8.8 | L70: - | M70: =M69+K70 -> 587.3
A71: Abr-Jun 1965 | B71: 281.8 | C71: 393.8 | D71: =B71-C71 -> -112 | F71: Abr-Jun 1965 | G71: -112.1 | H71: 129.4 | I71: - | J71: -105.8 | K71: -88.6 | L71: - | M71: =M70+K71 -> 498.7
A72: Jul-Sep 1965 | B72: 239.7 | C72: 423.4 | D72: =B72-C72 -> -183.7 | F72: Jul-Sep 1965 | G72: -180.3 | H72: 201 | I72: - | J72: 20.1 | K72: 40.8 | L72: - | M72: =M71+K72 -> 539.5
A73: Oct-Dic 1965 | B73: 354.2 | C73: 404.7 | D73: =B73-C73 -> -50.5 | F73: Oct-Dic 1965 | G73: -77.1 | H73: 31.8 | I73: - | J73: 80.9 | K73: 35.7 | L73: - | M73: =M72+K73 -> 575.2 | N73: 575.2 | O73: 575.2
A74: Ene-Mar 1966 | B74: 338.2 | C74: 399.2 | D74: =B74-C74 -> -61 | F74: Ene-Mar 1966 | G74: -48 | H74: -25.2 | I74: - | J74: 84.3 | K74: 11.1 | L74: - | M74: =M73+K74 -> 586.3
A75: Abr-Jun 1966 | B75: 311.6 | C75: 401.3 | D75: =B75-C75 -> -89.7 | F75: Abr-Jun 1966 | G75: -123 | H75: 294.7 | I75: - | J75: -196.8 | K75: -25.2 | L75: - | M75: =M74+K75 -> 561.1
A76: Jul-Sep 1966 | B76: 257.8 | C76: 408.8 | D76: =B76-C76 -> -151 | F76: Jul-Sep 1966 | G76: -154.7 | H76: 30.2 | I76: - | J76: 91.6 | K76: -32.9 | L76: - | M76: =M75+K76 -> 528.2
A77: Oct-Dic 1966 | B77: 327.6 | C77: 459.5 | D77: =B77-C77 -> -131.9 | F77: Oct-Dic 1966 | G77: -152.2 | H77: 227.3 | I77: - | J77: -22.1 | K77: 53 | L77: - | M77: =M76+K77 -> 581.2 | N77: 581.2 | O77: 581.2
A78: Ene-Mar 1967 | B78: 318.4 | C78: 405.6 | D78: =B78-C78 -> -87.2 | F78: Ene-Mar 1967 | G78: -79.9 | H78: 101.4 | I78: - | J78: -2.4 | K78: 19.2 | L78: - | M78: =M77+K78 -> 600.4
A79: Abr-Jun 1967 | B79: 325.8 | C79: 446.9 | D79: =B79-C79 -> -121.1 | F79: Abr-Jun 1967 | G79: -147 | H79: 217.6 | I79: - | J79: -39 | K79: 31.6 | L79: - | M79: =M78+K79 -> 632
A80: Jul-Sep 1967 | B80: 262.8 | C80: 453 | D80: =B80-C80 -> -190.2 | F80: Jul-Sep 1967 | G80: -209.7 | H80: 86.2 | I80: - | J80: 115.7 | K80: -7.8 | L80: - | M80: =M79+K80 -> 624.2
A81: Oct-Dic 1967 | B81: 321.6 | C81: 449.6 | D81: =B81-C81 -> -128 | F81: Oct-Dic 1967 | G81: -166.4 | H81: 242 | I81: - | J81: -78.7 | K81: -3.2 | L81: - | M81: =M80+K81 -> 621 | N81: 621 | O81: 621
A82: Ene-Mar 1968 | B82: 315.3 | C82: 462.4 | D82: =B82-C82 -> -147.1 | F82: Ene-Mar 1968 | G82: -139.3 | H82: 161.4 | I82: - | J82: -29.5 | K82: -7.4 | L82: - | M82: =M81+K82 -> 613.6
A83: Abr-Jun 1968 | B83: 330.1 | C83: 498.8 | D83: =B83-C83 -> -168.7 | F83: Abr-Jun 1968 | G83: -228.2 | H83: 88.8 | I83: - | J83: 140.3 | K83: 0.9 | L83: - | M83: =M82+K83 -> 614.5
A84: Jul-Sep 1968 | B84: 278.2 | C84: 495.5 | D84: =B84-C84 -> -217.3 | F84: Jul-Sep 1968 | G84: -233.4 | H84: 155 | I84: - | J84: 65.4 | K84: -13 | L84: - | M84: =M83+K84 -> 601.5
A85: Oct-Dic 1968 | B85: 352.9 | C85: 479.9 | D85: =B85-C85 -> -127 | F85: Oct-Dic 1968 | G85: -174.5 | H85: 108.6 | I85: - | J85: 134.4 | K85: 68.5 | L85: - | M85: =M84+K85 -> 670 | N85: 670 | O85: 670
A86: Ene-Mar 1969 | B86: 350.4 | C86: 464.3 | D86: =B86-C86 -> -113.9 | F86: Ene-Mar 1969 | G86: -99.8 | H86: 168.3 | I86: - | J86: -65.1 | K86: 3.4 | L86: - | M86: =M85+K86 -> 673.4
A87: Abr-Jun 1969 | B87: 363.6 | C87: 506.1 | D87: =B87-C87 -> -142.5 | F87: Abr-Jun 1969 | G87: -187.2 | H87: 288.9 | I87: - | J87: -74.1 | K87: 27.6 | L87: - | M87: =M86+K87 -> 701
A88: Jul-Sep 1969 | B88: 362.4 | C88: 499.9 | D88: =B88-C88 -> -137.5 | F88: Jul-Sep 1969 | G88: -217.9 | H88: 159.4 | I88: - | J88: 27.9 | K88: -30.6 | L88: - | M88: =M87+K88 -> 670.4
A89: Oct-Dic 1969 | B89: 394.1 | C89: 531.5 | D89: =B89-C89 -> -137.4 | F89: Oct-Dic 1969 | G89: -203.2 | H89: 49 | I89: - | J89: 202 | K89: 47.6 | L89: - | M89: =M88+K89 -> 718 | N89: 718 | O89: 718
A90: Ene-Mar 1970 | F90: Ene-Mar 1970 | G90: -130.2 | H90: 127.5 | I90: 45.4 | J90: 9.2 | K90: 51.9 | L90: - | M90: =M89+K90 -> 769.9
A91: Abr-Jun 1970 | F91: Abr-Jun 1970 | G91: -313 | H91: 193.5 | I91: - | J91: 91.9 | K91: -27.6 | L91: - | M91: =M90+K91 -> 742.3
A92: Jul-Sep 1970 | F92: Jul-Sep 1970 | G92: -398.9 | H92: 230.9 | I92: - | J92: 154.3 | K92: -13.7 | L92: - | M92: =M91+K92 -> 728.6
A93: Oct-Dic 1970 | F93: Oct-Dic 1970 | G93: -345.8 | H93: 298.3 | I93: - | J93: 139 | K93: 91.5 | L93: - | M93: =M92+K93 -> 820.1 | N93: 820.1 | O93: 820.1
A94: Ene-Mar 1971 | F94: Ene-Mar 1971 | G94: -190.4 | H94: 205.9 | I94: 39.6 | J94: 45 | K94: 100 | L94: - | M94: =M93+K94 -> 920.1
A95: Abr-Jun 1971 | F95: Abr-Jun 1971 | G95: -278.2 | H95: 60.3 | I95: - | J95: 257.8 | K95: 39.9 | L95: - | M95: =M94+K95 -> 960
A96: Jul-Sep 1971 | F96: Jul-Sep 1971 | G96: -250.5 | H96: 193.3 | I96: - | J96: 86.9 | K96: 29.6 | L96: - | M96: =M95+K96 -> 989.6
A97: Oct-Dic 1971 | F97: Oct-Dic 1971 | G97: -209.7 | H97: 436.3 | I97: - | J97: -196.2 | K97: 30.4 | L97: - | M97: =M96+K97 -> 1020 | N97: 1020 | O97: 1020
A98: Ene-Mar 1972 | F98: Ene-Mar 1972 | G98: -99.8 | H98: 195.6 | I98: 39.2 | J98: -35.5 | K98: 99.5 | L98: - | M98: =M97+K98 -> 1119.5
A99: Abr-Jun 1972 | F99: Abr-Jun 1972 | G99: -261.2 | H99: 202.5 | I99: - | J99: 222.2 | K99: 163.6 | L99: - | M99: =M98+K99 -> 1283.1
A100: Jul-Sep 1972 | F100: Jul-Sep 1972 | G100: -377.7 | H100: -13.2 | I100: - | J100: 360.3 | K100: -30.3 | L100: - | M100: =M99+K100 -> 1252.8
A101: Oct-Dic 1972 | F101: Oct-Dic 1972 | G101: -267.1 | H101: 47.3 | I101: - | J101: 251.7 | K101: 31.9 | L101: - | M101: =M100+K101 -> 1284.7 | N101: 1284.7 | O101: 1284.7
A102: Ene-Mar 1973 | F102: Ene-Mar 1973 | G102: -205.8 | H102: 312.1 | I102: - | J102: -67.4 | K102: 38.9 | L102: - | M102: =M101+K102 -> 1323.6
...

Sheet Pet A
B1: Exportación e importación de petróleo datos anuales
A2: Año | B2: Exportación petrolera md | C2: Exportación de crudo md | D2: Exportación otros petrolíferos md | F2: Producción de crudo mbd | H2: Exportaciones petróleo total (miles de barriles) | I2: Exportaciones petróleo crudo | J2: Exportaciones petróleo refinados | K2: Exportaciones gas natural m3 | M2: Importaciones petróleo total (miles de barriles) | N2: Importaciones petróleo crudo | O2: Importaciones petróleo refinados | P2: Importaciones gas natural m3
H3: Petróleo | I3: Petróleo | J3: Petróleo | K3: Petróleo | M3: Petróleo | N3: Petróleo | O3: Petróleo | P3: Petróleo
H4: Total | I4: Total | J4: Total | K4: Total | M4: Total | N4: Total | O4: Total | P4: Total
A5: 1920 | B5: - | C5: - | D5: - | F5: 157069 | H5: - | I5: - | J5: - | K5: - | M5: - | N5: - | O5: - | P5: -
A6: 1921 | B6: - | C6: - | D6: - | F6: 193398 | H6: - | I6: - | J6: - | K6: - | M6: - | N6: - | O6: - | P6: -
A7: 1922 | B7: - | C7: - | D7: - | F7: 182278 | H7: - | I7: - | J7: - | K7: - | M7: - | N7: - | O7: - | P7: -
A8: 1923 | B8: - | C8: - | D8: - | F8: 119585 | H8: - | I8: - | J8: - | K8: - | M8: - | N8: - | O8: - | P8: -
A9: 1924 | B9: - | C9: - | D9: - | F9: 139678 | H9: - | I9: - | J9: - | K9: - | M9: - | N9: - | O9: - | P9: -
A10: 1925 | B10: - | C10: - | D10: - | F10: 115515 | H10: - | I10: - | J10: - | K10: - | M10: - | N10: - | O10: - | P10: -
A11: 1926 | B11: - | C11: - | D11: - | F11: 90421 | H11: - | I11: - | J11: - | K11: - | M11: - | N11: - | O11: - | P11: -
A12: 1927 | B12: - | C12: - | D12: - | F12: 64121 | H12: - | I12: - | J12: - | K12: - | M12: - | N12: - | O12: - | P12: -
A13: 1928 | B13: - | C13: - | D13: - | F13: 50151 | H13: - | I13: - | J13: - | K13: - | M13: - | N13: - | O13: - | P13: -
A14: 1929 | B14: - | C14: - | D14: - | F14: 44688 | H14: - | I14: - | J14: - | K14: - | M14: - | N14: - | O14: - | P14: -
A15: 1930 | B15: - | C15: - | D15: - | F15: 39530 | H15: - | I15: - | J15: - | K15: - | M15: - | N15: - | O15: - | P15: -
A16: 1931 | B16: - | C16: - | D16: - | F16: 33039 | H16: - | I16: - | J16: - | K16: - | M16: - | N16: - | O16: - | P16: -
... A22: 1937 | B22: - | C22: - | D22: - | F22: 46803 | H22: - | I22: - | J22: - | K22: - | M22: - | N22: - | O22: - | P22: -
A23: 1938 | B23: - | C23: - | D23: - | F23: 38482 | H23: 8995 | I23: 3799 | J23: 5196 | K23: nd | M23: 123 | N23: nd | O23: 123 | P23: ND
A24: 1939 | B24: - | C24: - | D24: - | F24: 42891 | H24: 14534 | I24: 8576 | J24: 5958 | K24: nd | M24: 136 | N24: nd | O24: 136 | P24: ND
A25: 1940 | B25: - | C25: - | D25: - | F25: 44045 | H25: 12826 | I25: 8561 | J25: 4265 | K25: nd | M25: 151 | N25: nd | O25: 151 | P25: ND
A26: 1941 | B26: - | C26: - | D26: - | F26: 43031 | H26: 15418 | I26: 7563 | J26: 7855 | K26: nd | M26: 567 | N26: nd | O26: 567 | P26: ND
A27: 1942 | B27: - | C27: - | D27: - | F27: 34826 | H27: 6090 | I27: 1373 | J27: 4717 | K27: nd | M27: 459 | N27: nd | O27: 459 | P27: ND
A28: 1943 | B28: - | C28: - | D28: - | F28: 35153 | H28: 5725 | I28: 1343 | J28: 4382 | K28: nd | M28: 212 | N28: nd | O28: 212 | P28: ND
A29: 1944 | B29: - | C29: - | D29: - | F29: 38197 | H29: 4884 | I29: 655 | J29: 4229 | K29: nd | M29: 261 | N29: nd | O29: 261 | P29: ND
A30: 1945 | B30: - | C30: - | D30: - | F30: 43543 | H30: 8127 | I30: 2432 | J30: 5695 | K30: nd | M30: 414 | N30: nd | O30: 414 | P30: ND
A31: 1946 | B31: - | C31: - | D31: - | F31: 49240 | H31: 9228 | I31: 3302 | J31: 5926 | K31: nd | M31: 972 | N31: nd | O31: 972 | P31: ND
A32: 1947 | B32: - | C32: - | D32: - | F32: 56298 | H32: 13910 | I32: 6742 | J32: 7168 | K32: nd | M32: 2178 | N32: nd | O32: 2178 | P32: ND
A33: 1948 | B33: - | C33: - | D33: - | F33: 58520 | H33: 13118 | I33: 7185 | J33: 5933 | K33: nd | M33: 2547 | N33: nd | O33: 2547 | P33: ND
A34: 1949 | B34: - | C34: - | D34: - | F34: 60902 | H34: 14125 | I34: 7183 | J34: 6942 | K34: nd | M34: 2703 | N34: nd | O34: 2703 | P34: ND
... A37: 1952 | B37: - | C37: - | D37: - | F37: 77278 | H37: 15320 | I37: 9325 | J37: 5995 | K37: nd | M37: 3062 | N37: nd | O37: 3062 | P37: ND
A38: 1953 | B38: - | C38: - | D38: - | F38: 72433 | H38: 15348 | I38: 3484 | J38: 11864 | K38: 223 | M38: 3983 | N38: nd | O38: 3983 | P38: ND
A39: 1954 | B39: - | C39: - | D39: - | F39: 83651 | H39: 23270 | I39: 4630 | J39: 18640 | K39: 223 | M39: 7286 | N39: nd | O39: 7286 | P39: ND
A40: 1955 | B40: - | C40: - | D40: - | F40: 89395 | H40: 25833 | I40: 6106 | J40: 19727 | K40: 196 | M40: 10545 | N40: nd | O40: 10545 | P40: ND
A41: 1956 | B41: - | C41: - | D41: - | F41: 90660 | H41: 23722 | I41: 6617 | J41: 17105 | K41: 140 | M41: 10362 | N41: 38 | O41: 10324 | P41: ND
A42: 1957 | B42: - | C42: - | D42: - | F42: 88266 | H42: 16026 | I42: 4037 | J42: 11989 | K42: 380654 | M42: 11618 | N42: 1358 | O42: 10260 | P42: ND
A43: 1958 | B43: - | C43: - | D43: - | F43: 93533 | H43: 11642 | I43: 676 | J43: 10966 | K43: 1362258 | M43: 6586 | N43: 717 | O43: 5869 | P43: ND
A44: 1959 | B44: - | C44: - | D44: - | F44: 96393 | H44: 13270 | I44: 112 | J44: 13158 | K44: 1517323 | M44: 6016 | N44: 11 | O44: 6005 | P44: ND
A45: 1960 | B45: - | C45: - | D45: - | F45: 99049 | H45: 7547 | I45: 1100 | J45: 6447 | K45: 1387286 | M45: 3604 | N45: nd | O45: 3604 | P45: ND
A46: 1961 | B46: - | C46: - | D46: - | F46: 106784 | H46: 15159 | I46: 6683 | J46: 8476 | K46: 1524457 | M46: 3713 | N46: nd | O46: 3713 | P46: ND
A47: 1962 | B47: - | C47: - | D47: - | F47: 111849 | H47: 18388 | I47: 7158 | J47: 11230 | K47: 1509718 | M47: 1758 | N47: nd | O47: 1758 | P47: ND
A48: 1963 | B48: - | C48: - | D48: - | F48: 114867 | H48: 18718 | I48: 7138 | J48: 11580 | K48: 1470328 | M48: 2287 | N48: 145 | O48: 2142 | P48: ND
A49: 1964 | B49: - | C49: - | D49: - | F49: 115576 | H49: 17166 | I49: 7621 | J49: 9545 | K49: 1563716 | M49: 3183 | N49: 577 | O49: 2606 | P49: ND
A50: 1965 | B50: - | C50: - | D50: - | F50: 117959 | H50: 19845 | I50: 4800 | J50: 15045 | K50: 1343207 | M50: 1255 | N50: nd | O50: 1255 | P50: ND
A51: 1966 | B51: - | C51: - | D51: - | F51: 121149 | H51: 17057 | I51: nd | J51: 17057 | K51: 1272054 | M51: 3525 | N51: nd | O51: 3525 | P51: nd
A52: 1967 | B52: - | C52: - | D52: - | F52: 133043 | H52: 17984 | I52: nd | J52: 17984 | K52: 1342343 | M52: 3624 | N52: nd | O52: 3624 | P52: nd
A53: 1968 | B53: - | C53: - | D53: - | F53: 142360 | H53: 16094 | I53: nd | J53: 16094 | K53: 1220219 | M53: 3619 | N53: nd | O53: 3619 | P53: nd
A54: 1969 | B54: - | C54: - | D54: - | F54: 149860 | H54: 16263 | I54: nd | J54: 16263 | K54: 1205843 | M54: 8652 | N54: nd | O54: 8652 | P54: nd
A55: 1970 | B55: - | C55: - | D55: - | F55: 156586 | H55: 22413 | I55: nd | J55: 22413 | K55: 1099658 | M55: 9312 | N55: nd | O55: 9312 | P55: nd
A56: 1971 | B56: - | C56: - | D56: - | F56: 155911 | H56: 17079 | I56: nd | J56: 17079 | K56: 578145 | M56: 17760 | N56: 672 | O56: 17088 | P56: nd
A57: 1972 | B57: - | C57: - | D57: - | F57: 161367 | H57: 9448 | I57: nd | J57: 9448 | K57: 279348 | M57: 27067 | N57: 10776 | O57: 16291 | P57: nd
A58: 1973 | B58: - | C58: - | D58: - | F58: 164909 | H58: 8669 | I58: nd | J58: 8699 | K58: 57963 | M58: 47769 | N58: 23613 | O58: 24156 | P58: nd
A59: 1974 | B59: =C59+D59 -> 234.6 | C59: 37.7 | D59: 196.9 | F59: 209855 | H59: 12463 | I59: 5804 | J59: 6659 | K59: 11922 | M59: 22401 | N59: 6184 | O59: 16217 | P59: nd
A60: 1975 | B60: =C60+D60 -> 614.8 | C60: 438 | D60: 176.8 | F60: 261589 | H60: 36950 | I60: 34382 | J60: 2568 | K60: nd | M60: 18152 | N60: nd | O60: 18152 | P60: nd
A61: 1976 | B61: =C61+D61 -> 727 | C61: 543.7 | D61: 183.3 | F61: 293117 | H61: 35690 | I61: 34470 | J61: 1220 | K61: nd | M61: 9285 | N61: nd | O61: 9285 | P61: nd
A62: 1977 | B62: =C62+D62 -> 1171.5 | C62: 989.9 | D62: 181.6 | F62: 358090 | H62: 75388 | I62: 73736 | J62: 1652 | K62: 67622 | M62: 3466 | N62: nd | O62: 3466 | P62: nd
A63: 1978 | B63: =C63+D63 -> 2010.8 | C63: 1774 | D63: 236.8 | F63: 442607 | H63: 133920 | I63: 133247 | J63: 673 | K63: nd | M63: 10616 | N63: nd | O63: 10616 | P63: nd
A64: 1979 | B64: =C64+D64 -> 4218.7 | C64: 3765.8 | D64: 452.9 | F64: 536926 | H64: 198186 | I64: 194485 | J64: 3701 | K64: nd | M64: 9877 | N64: nd | O64: 9877 | P64: nd
A65: 1980 | B65: =C65+D65 -> 9993 | C65: 9449 | D65: 544 | F65: 708593 | H65: 320020 | I65: 302147 | J65: 17063 | K65: 2911293 | M65: 5402 | N65: nd | O65: 5402 | P65: nd
A66: 1981 | B66: =C66+D66 -> 14049 | C66: 13305 | D66: 744 | F66: 844241 | H66: 424985 | I66: 400770 | J66: 24207 | K66: 2978790 | M66: 3687 | N66: nd | O66: 3687 | P66: nd
A67: 1982 | B67: =C67+D67 -> 15999 | C67: 15623 | D67: 376 | F67: 1002436 | H67: 559972 | I67: 544617 | J67: 15358 | K67: 2822719 | M67: 3030 | N67: nd | O67: 3030 | P67: 54780
A68: 1983 | B68: =C68+D68 -> 15667 | C68: 14793 | D68: 874 | F68: 981222 | H68: 591757 | I68: 561005 | J68: 41501 | K68: 2243912 | M68: 6351 | N68: nd | O68: 6351 | P68: 48578
A69: 1984 | B69: =C69+D69 -> 16373 | C69: 14968 | D69: 1405 | F69: 1024341 | H69: 598948 | I69: 558004 | J69: 48180 | K69: 1533896 | M69: 12082 | N69: nd | O69: 12082 | P69: 52857
A70: 1985 | B70: =C70+D70 -> 14767 | C70: 13309 | D70: 1458 | F70: 1002002 | H70: 576299 | I70: 525235 | J70: 51064 | K70: nd | M70: 19710 | N70: nd | O70: 19710 | P70: 34818
A71: 1986 | B71: =C71+D71 -> 6307 | C71: 5580 | D71: 727 | F71: 886110 | H71: 512935 | I71: 470704 | J71: 42230 | K71: nd | M71: 22046 | N71: nd | O71: 22046 | P71: 46423
A72: 1987 | B72: =C72+D72 -> 8630 | C72: 7877 | D72: 753 | F72: 927319 | H72: 525674 | I72: 490962 | J72: 34711 | K72: nd | M72: 25733 | N72: nd | O72: 25733 | P72: 46423
A73: 1988 | B73: =C73+D73 -> 8712 | C73: 7884 | D73: 828 | F73: 917416 | H73: 522428 | I73: 478252 | J73: 44176 | K73: nd | M73: 29573 | N73: nd | O73: 29573 | P73: 52369
A74: 1989 | B74: =C74+D74 -> 7876 | C74: 7292 | D74: 584 | F74: 917354 | H74: 496801 | I74: 466360 | J74: 30441 | K74: nd | M74: 44530 | N74: nd | O74: 44530 | P74: 388792
A75: 1990 | B75: =C75+D75 -> 10104 | C75: 8921 | D75: 1183 | F75: 930020 | H75: 506329 | I75: 466142 | J75: 40187 | K75: nd | M75: 39603 | N75: nd | O75: 39603 | P75: 371383
A76: Fuente: NAFINSA (1986), Cuadro 14.11 | F76: Fuente: INEGI (2014), Cuadro 11.1.1 | H76: INEGI (2014), Cuadro 17.24

Sheet BCPet-M
A1: Banco de México, Balanza petrolera (Miles de dólares)
A2: Meses | B2: Exportaciones petróleo crudo | C2: Exportaciones petroleras, otras | D2: Exportaciones petroleras | E2: Importaciones petroleras consumo | F2: Importaciones intermedias petroleras | G2: Importaciones petroleras | H2: Balanza Petrolera
A5: 33970 | B5: 546889 | C5: 72604 | D5: 619493 | E5: 66812 | F5: 105440 | G5: 172252 | H5: 447241
A6: 34001 | B6: 520746 | C6: 74337 | D6: 595083 | E6: 106558 | F6: 112205 | G6: 218763 | H6: 376320
A7: 34029 | B7: 603668 | C7: 104778 | D7: 708446 | E7: 65075 | F7: 121498 | G7: 186573 | H7: 521873
A8: 34060 | B8: 589032 | C8: 91545 | D8: 680576 | E8: 108645 | F8: 108457 | G8: 217102 | H8: 463474
A9: 34090 | B9: 594649 | C9: 88399 | D9: 683047 | E9: 55239 | F9: 109902 | G9: 165141 | H9: 517907
A10: 34121 | B10: 533948 | C10: 142373 | D10: 676320 | E10: 69462 | F10: 136854 | G10: 206316 | H10: 470005
A11: 34151 | B11: 540897 | C11: 111783 | D11: 652679 | E11: 81708 | F11: 118916 | G11: 200624 | H11: 452056
A12: 34182 | B12: 540498 | C12: 104719 | D12: 645217 | E12: 48245 | F12: 104287 | G12: 152533 | H12: 492684
A13: 34213 | B13: 535326 | C13: 95239 | D13: 630564 | E13: 59981 | F13: 140926 | G13: 200908 | H13: 429657
A14: 34243 | B14: 570033 | C14: 104616 | D14: 674650 | E14: 42615 | F14: 127151 | G14: 169766 | H14: 504883
A15: 34274 | B15: 468544 | C15: 116623 | D15: 585167 | E15: 55229 | F15: 129154 | G15: 184383 | H15: 400784
A16: 34304 | B16: 441087 | C16: 92649 | D16: 533735 | E16: 41304 | F16: 110277 | G16: 151581 | H16: 382155
... A220: 40513 | B220: 3789956 | C220: 482377 | D220: 4272333 | E220: 1533004 | F220: 1738457 | G220: 3271461 | H220: 1000872

Sheet Prod Pet
B1: Producción, exportaciones | E1: Producción, exportación
A2: Año | B2: Producción promedio mensual de crudo mbd | C2: Exportaciones de crudo mbd | E2: Datos mensuales 1960-1982 | F2: Producción de crudo mbd | G2: Exportación de crudo 1980-1982
A5: 1920 | B5: - | C5: - | E5: 21916 | F5: 261.98236
A6: 1921 | B6: - | C6: - | E6: 21947 | F6: 261.77657
A7: 1922 | B7: - | C7: - | E7: 21976 | F7: 270.17639
A8: 1923 | B8: - | C8: - | E8: 22007 | F8: 251.5025
A9: 1924 | B9: - | C9: - | E9: 22037 | F9: 263.80261
A10: 1925 | B10: - | C10: - | E10: 22068 | F10: 275.37746
A11: 1926 | B11: - | C11: - | E11: 22098 | F11: 279.78184
A12: 1927 | B12: - | C12: - | E12: 22129 | F12: 288.65561
A13: 1928 | B13: - | C13: - | E13: 22160 | F13: 287.58173
A14: 1929 | B14: - | C14: - | E14: 22190 | F14: 267.54555
A15: 1930 | B15: - | C15: - | E15: 22221 | F15: 267.35184
A16: 1931 | B16: - | C16: - | E16: 22251 | F16: 270.86363
... A22: 1937 | B22: - | C22: - | E22: 22433 | F22: 295.26602
A23: 1938 | B23: 106 | C23: 10.408219 | E23: 22463 | F23: 302.10099
A24: 1939 | B24: 119 | C24: 23.49589 | E24: 22494 | F24: 304.35971
A25: 1940 | B25: 121 | C25: 23.454795 | E25: 22525 | F25: 305.24343
A26: 1941 | B26: 119 | C26: 20.720548 | E26: 22555 | F26: 298.21884
A27: 1942 | B27: 96 | C27: 3.7616438 | E27: 22586 | F27: 299.1373
A28: 1943 | B28: 97 | C28: 3.6794521 | E28: 22616 | F28: 303.78488
A29: 1944 | B29: 105 | C29: 1.7945205 | E29: 22647 | F29: 302.20995
A30: 1945 | B30: 120 | C30: 6.6630137 | E30: 22678 | F30: 300.11612
A31: 1946 | B31: 136 | C31: 9.0465753 | E31: 22706 | F31: 298.93063
A32: 1947 | B32: 156 | C32: 18.471233 | E32: 22737 | F32: 302.23177
A33: 1948 | B33: 163 | C33: 19.684932 | E33: 22767 | F33: 310.10734
A34: 1949 | B34: 170 | C34: 19.679452 | E34: 22798 | F34: 310.88178
... A67: 1982 | B67: 2746.3834 | C67: 1492.0932 | E67: 23802 | F67: 322.47836
A68: Pemex | E68: 23833 | F68: 323.91382
E69: 23863 | F69: 327.82019
E70: 23894 | F70: 336.6842
E71: 23924 | F71: 339.65554
E72: 23955 | F72: 333.89247
E73: 23986 | F73: 334.28142
E74: 24016 | F74: 326.38912
E75: 24047 | F75: 302.62909
E76: 24077 | F76: 294.90787
E77: 24108 | F77: 320.7969
E78: 24139 | F78: 328.90815
E79: 24167 | F79: 336.73352
E80: 24198 | F80: 340.00239
... E244: 29190 | F244: 1652.6291
E245: 29221 | F245: 1720.498 | G245: 634.97458
E246: 29252 | F246: 1722.1 | G246: 579.34248
E247: 29281 | F247: 1829.1 | G247: 765.97261
E248: 29312 | F248: 1883.6 | G248: 826.82673
E249: 29342 | F249: 1908.2 | G249: 848.34577
E250: 29373 | F250: 1905.9 | G250: 844.74027
E251: 29403 | F251: 2013.7 | G251: 906.00594
E252: 29434 | F252: 1999.3 | G252: 786.07239
E253: 29465 | F253: 2124.338 | G253: 990.18947
E254: 29495 | F254: 2181.929 | G254: 1007.6768
E255: 29526 | F255: 1901.289 | G255: 848.42613
E256: 29556 | F256: 2026.609 | G256: 884.82574
... E280: 30286 | F280: 3023.665 | G280: 1597.6196
E281: Fuente Pemex, Base de datos interna

Sheet BCM1993-2010BM
A1: Banco de México
A2: Balanza comercial de mercancías de México (sin apertura de maquiladoras)
A3: Fecha de consulta: 06/01/2025 12:23:39
A4: Título | B4: Balanza comercial de mercancías de México, Balanza Comercial Total | C4: Balanza comercial de mercancías de México, Exportaciones totales, No petroleras, Extractivas | D4: Balanza comercial de mercancías de México, Importaciones totales, Bienes de consumo, Petroleras | E4: Balanza comercial de mercancías de México, Importaciones totales, Bienes de consumo, No Petroleras | F4: Balanza comercial de mercancías de México, Exportaciones totales, Petroleras, Otras | G4: Balanza comercial de mercancías de México, Exportaciones totales, Petroleras | H4: Balanza comercial de mercancías de México, Importaciones totales, Petroleras | I4: Balanza comercial de mercancías de México, Exportaciones totales, No petroleras, Agropecuarias | J4: Balanza comercial de mercancías de México, Exportaciones totales, No petroleras | K4: Exportación de productos manufacturados, Total | L4: Balanza comercial de mercancías de México, Importaciones totales, No Petroleras | M4: Balanza comercial de mercancías de México, Importaciones totales, Bienes de uso intermedio, Petroleras | N4: Balanza comercial de mercancías de México, Importaciones totales, Bienes de uso intermedio, No Petroleras | O4: Balanza comercial de mercancías de México, Balanza Comercial Total, Sin Exportaciones Petroleras | P4: Balanza comercial de mercancías de México, Balanza Comercial No Petrolera | Q4: Balanza comercial de mercancías de México, Exportaciones totales, Petroleras, Petróleo crudo 1/ | R4: Balanza comercial de mercancías de México, Exportaciones totales | S4: Balanza comercial de mercancías de México, Importaciones totales | T4: Balanza comercial de mercancías de México, Importaciones totales, Bienes de consumo | U4: Balanza comercial de mercancías de México, Importaciones totales, Bienes de uso intermedio | V4: Balanza comercial de mercancías de México, Importaciones totales, Bienes de capital | W4: Balanza comercial de mercancías de México, Balanza Comercial Petrolera
A5: Periodo disponible | B5: Ene 1980 - Nov 2024 | C5: Ene 1993 - Nov 2024 | D5: Ene 1980 - Nov 2024 | E5: Ene 1980 - Nov 2024 | F5: Ene 1993 - Nov 2024 | G5: Ene 1993 - Nov 2024 | H5: Ene 1993 - Nov 2024 | I5: Ene 1993 - Nov 2024 | J5: Ene 1993 - Nov 2024 | K5: Ene 1993 - Nov 2024 | L5: Ene 1993 - Nov 2024 | M5: Ene 1993 - Nov 2024 | N5: Ene 1993 - Nov 2024 | O5: Ene 1993 - Nov 2024 | P5: Ene 1993 - Nov 2024 | Q5: Ene 1993 - Nov 2024 | R5: Ene 1993 - Nov 2024 | S5: Ene 1993 - Nov 2024 | T5: Ene 1993 - Nov 2024 | U5: Ene 1993 - Nov 2024 | V5: Ene 1993 - Nov 2024 | W5: Ene 1993 - Nov 2024
A6: Periodicidad | B6: Mensual | C6: Mensual | D6: Mensual | E6: Mensual | F6: Mensual | G6: Mensual | H6: Mensual | I6: Mensual | J6: Mensual | K6: Mensual | L6: Mensual | M6: Mensual | N6: Mensual | O6: Mensual | P6: Mensual | Q6: Mensual | R6: Mensual | S6: Mensual | T6: Mensual | U6: Mensual | V6: Mensual | W6: Mensual
A7: Cifra | B7: Flujos | C7: Flujos | D7: Flujos | E7: Flujos | F7: Flujos | G7: Flujos | H7: Flujos | I7: Flujos | J7: Flujos | K7: Flujos | L7: Flujos | M7: Flujos | N7: Flujos | O7: Flujos | P7: Flujos | Q7: Flujos | R7: Flujos | S7: Flujos | T7: Flujos | U7: Flujos | V7: Flujos | W7: Flujos
A8: Unidad | B8: Miles de Dólares | C8: Miles de Dólares | D8: Miles de Dólares | E8: Miles de Dólares | F8: Miles de Dólares | G8: Miles de Dólares | H8: Miles de Dólares | I8: Miles de Dólares | J8: Miles de Dólares | K8: Miles de Dólares | L8: Miles de Dólares | M8: Miles de Dólares | N8: Miles de Dólares | O8: Miles de Dólares | P8: Miles de Dólares | Q8: Miles de Dólares | R8: Miles de Dólares | S8: Miles de Dólares | T8: Miles de Dólares | U8: Miles de Dólares | V8: Miles de Dólares | W8: Miles de Dólares
A9: Fecha | B9: SE28294 | C9: SE30348 | D9: SE30373 | E9: SE30374 | F9: SE32149 | G9: SE32150 | H9: SE32189 | I9: SE33538 | J9: SE35397 | K9: SE35398 | L9: SE35399 | M9: SE35400 | N9: SE35401 | O9: SE35402 | P9: SE35403 | Q9: SE36566 | R9: SE36593 | S9: SE36595 | T9: SE36597 | U9: SE36598 | V9: SE36599 | W9: SE36600
A10: 33970 | B10: -1124850 | C10: 25207 | D10: 66812 | E10: 454584 | F10: 72604 | G10: 619493 | H10: 172252 | I10: 313126 | J10: 2871532 | K10: 2533199 | L10: 4443623 | M10: 105440 | N10: 3149873 | O10: -1744342.7 | P10: -1572091 | Q10: 546889 | R10: 3491025 | S10: 4615875 | T10: 521396 | U10: 3255313 | V10: 839166 | W10: 447241
A11: 34001 | B11: -1227993 | C11: 26460 | D11: 106558 | E11: 487452 | F11: 74337 | G11: 595083 | H11: 218763 | I11: 337564 | J11: 3229029 | K11: 2865005 | L11: 4833342 | M11: 112205 | N11: 3456758 | O11: -1823076 | P11: -1604313 | Q11: 520746 | R11: 3824112 | S11: 5052105 | T11: 594010 | U11: 3568963 | V11: 889132 | W11: 376320
A12: 34029 | B12: -1262506 | C12: 22732 | D12: 65075 | E12: 618197 | F12: 104778 | G12: 708446 | H12: 186573 | I12: 377617 | J12: 3745711 | K12: 3345362 | L12: 5530090 | M12: 121498 | N12: 3968973 | O12: -1970952.3 | P12: -1784379 | Q12: 603668 | R12: 4454157 | S12: 5716663 | T12: 683272 | U12: 4090471 | V12: 942920 | W12: 521873
A13: 34060 | B13: -1058847 | C13: 30384 | D13: 108645 | E13: 549863 | F13: 91545 | G13: 680576 | H13: 217102 | I13: 274685 | J13: 3450509 | K13: 3145439 | L13: 4972830 | M13: 108457 | N13: 3548665 | O13: -1739423.3 | P13: -1522321 | Q13: 589032 | R13: 4131085 | S13: 5189932 | T13: 658508 | U13: 3657122 | V13: 874302 | W13: 463474
A14: 34090 | B14: -1074923 | C14: 21128 | D14: 55239 | E14: 498071 | F14: 88399 | G14: 683047 | H14: 165141 | I14: 223462 | J14: 3442410 | K14: 3197820 | L14: 5035239 | M14: 109902 | N14: 3603326 | O14: -1757970.4 | P14: -1592830 | Q14: 594649 | R14: 4125457 | S14: 5200380 | T14: 553310 | U14: 3713228 | V14: 933842 | W14: 517907
A15: 34121 | B15: -1139172 | C15: 21057 | D15: 69462 | E15: 598023 | F15: 142373 | G15: 676320 | H15: 206316 | I15: 161920 | J15: 4113679 | K15: 3930702 | L15: 5722855 | M15: 136854 | N15: 4153027 | O15: -1815492.3 | P15: -1609177 | Q15: 533948 | R15: 4789999 | S15: 5929171 | T15: 667485 | U15: 4289881 | V15: 971805 | W15: 470005
A16: 34151 | B16: -1385490 | C16: 30211 | D16: 81708 | E16: 574793 | F16: 111783 | G16: 652679 | H16: 200624 | I16: 128129 | J16: 3499229 | K16: 3340889 | L16: 5336774 | M16: 118916 | N16: 3836989 | O16: -2038169.1 | P16: -1837546 | Q16: 540897 | R16: 4151908 | S16: 5537398 | T16: 656501 | U16: 3955905 | V16: 924992 | W16: 452056
A17: 34182 | B17: -1066723 | C17: 22599 | D17: 48245 | E17: 593240 | F17: 104719 | G17: 645217 | H17: 152533 | I17: 135751 | J17: 3574185 | K17: 3415835 | L17: 5133593 | M17: 104287 | N17: 3668836 | O17: -1711939.5 | P17: -1559407 | Q17: 540498 | R17: 4219402 | S17: 5286125 | T17: 641485 | U17: 3773123 | V17: 871517 | W17: 492684
A18: 34213 | B18: -1055834 | C18: 25376 | D18: 59981 | E18: 580823 | F18: 95239 | G18: 630564 | H18: 200908 | I18: 131783 | J18: 3816328 | K18: 3659169 | L18: 5301819 | M18: 140926 | N18: 3856989 | O18: -1686398.3 | P18: -1485491 | Q18: 535326 | R18: 4446892 | S18: 5502726 | T18: 640804 | U18: 3997915 | V18: 864007 | W18: 429657
A19: 34243 | B19: -781617 | C19: 26632 | D19: 42615 | E19: 663469 | F19: 104616 | G19: 674650 | H19: 169766 | I19: 200739 | J19: 4249058 | K19: 4021687 | L19: 5535559 | M19: 127151 | N19: 3951342 | O19: -1456266.6 | P19: -1286500 | Q19: 570033 | R19: 4923708 | S19: 5705325 | T19: 706084 | U19: 4078493 | V19: 920748 | W19: 504883
A20: 34274 | B20: -1082976 | C20: 27026 | D20: 55229 | E20: 698693 | F20: 116623 | G20: 585167 | H20: 184383 | I20: 235540 | J20: 4064007 | K20: 3801441 | L20: 5547767 | M20: 129154 | N20: 3963067 | O20: -1668142.5 | P20: -1483760 | Q20: 468544 | R20: 4649174 | S20: 5732150 | T20: 753922 | U20: 4092221 | V20: 886007 | W20: 400784
A21: 34304 | B21: -1219642 | C21: 29192 | D21: 41304 | E21: 724274 | F21: 92649 | G21: 533735 | H21: 151581 | I21: 269398 | J21: 4145315 | K21: 3846724 | L21: 5747111 | M21: 110277 | N21: 3985213 | O21: -1753377.4 | P21: -1601797 | Q21: 441087 | R21: 4679050 | S21: 5898692 | T21: 765578 | U21: 4095490 | V21: 1037624 | W21: 382155
... A225: 40513 | B225: -173560 | C225: 244299 | D225: 1533004 | E225: 2674824 | F225: 482377 | G225: 4272333 | H225: 3271461 | I225: 839696 | J225: 22673141 | K225: 21589146 | L225: 23847573 | M225: 1738457 | N225: 18164706 | O225: -4445893 | P225: -1174432 | Q225: 3789956 | R225: 26945474 | S225: 27119034 | T225: 4207828 | U225: 19903163 | V225: 3008044 | W225: 1000872

Sheet BPT1980-2001BM
A1: Banco de México
A2: Balanza de pagos (1980 - 2001)
A3: Fecha de consulta: 06/01/2025 12:07:03
A4: Aviso importante: Algunas de las series que está consultando registra un cambio, por favor consulte los metadatos de las mismas.
